Workbook
Name Europeisk_entralbank: 'Budget for the contract'!$D$3
Name Europeisk_Sentralbank: 'Budget for the contract'!$D$3
Name valutakalkulator: Registrering!$K$21

Sheet Registrering
B1: Søknadsbudsjetteringsmal
B3: Prosjektinformasjon
B4: Prosjekttittel*
B5: Prosjektleder*
B6: Prosjekteier (institutt mv)*
B7: Institutt-/senterleder mv*
B8: Prosjektnummer (om opprettet)
B9: Saksnummer i ephorte (om opprettet)
B10: Kort begrunnelse for prosjektes faglige interesse. *
B15: Prosjektperiode
B16: Dato (etablering av budsjettet)
B17: Første budsjettår (oppstartsår)*
... B19: Prosjektets (avtaleperioden) slutt*
B20: Prosjektets slutt (etter endring) | F20: Beregning av valuta etter vedtatt modell for valutapolicy:
B21: Informasjon om finansiering | F21: Snittkurs 01.09.2022 - 01.09.2024 | I21: 11.29 | J21: se link: | K21: valutapolicy
B22: Navn på finansieringskilde(r) | C22: EU's rammeprogram (Horizon Europa) | F22: fratrekk risikofaktor | I22: 0.25
B23: Valutakurs (må forankres hos instituttleder) | C23: =IF(I24="",I23,I24) -> 11.04 | F23: Policykurs for innev. Periode | I23: =I21-I22 -> 11.04
B24: Prosjektkategorisering ( Bidrag) | F24: Eventuell manuell overstyring:
B25: Finansieringsprinsipp | C25: Kostnadsspesifikk
B26: Finansieringstype | C26: Fast beløp | E26: Vit. | F26: T/A
B27: Prosjekttype (overheadkostnader)* | C27: Prosjekter som foregår i UiOs lokaler | E27: =IF(Registrering!C27="",0,VLOOKUP(Registrering!C27,Tabeller!$G$6:$J$11,2,FALSE)) -> 465000 | F27: =IF(Registrering!C27="",0,VLOOKUP(Registrering!C27,Tabeller!$G$6:$J$11,3,FALSE)) -> 142000
B28: Pris- lønnsjustering | D28: 2024 | E28: fremtid
B29: Årlig lønnsjustering i hele prosjektperioden | C29: Ja | D29: 0.049 | E29: 0.035 | G29: Lønnsjustering vil gjelder i alle årene i projektetes levetid

Sheet Finansiering
A1: Finansiering:
A2: Prosjekt: | B2: =IF(Registrering!C4="","",Registrering!C4)
A5: Fast eksternt beløp | C5: Legg inntekter inn med minus-fortegn
B6: Navn | C6: =Budsjett!F3 -> Periode 1 (1-18 month) | D6: =Budsjett!G3 -> Periode 2 (19-36 month) | E6: =Budsjett!H3 -> Periode 3 (37-54 month) | F6: =Budsjett!I3 -> Periode 4 (55-60 (72) month) | G6: Sum | H6: % andel
A7: EU - finansiering | C7: =IFERROR('Budget for the contract'!B23,"") -> 0 | D7: =IFERROR('Budget for the contract'!C23,"") -> 0 | E7: =IFERROR('Budget for the contract'!D23,"") -> 0 | F7: =IFERROR('Budget for the contract'!E23,"") -> 0 | G7: =SUM(C7:F7) -> 0 | H7: =IFERROR(G7/$G$9*100,0) -> 0
A8: Annen finansiering | G8: =SUM(C8:F8) -> 0 | H8: =IFERROR(G8/$G$9*100,0) -> 0
A9: SUM eksternt inntekt | C9: =SUM(C7:C8) -> 0 | D9: =SUM(D7:D8) -> 0 | E9: =SUM(E7:E8) -> 0 | F9: =SUM(F7:F8) -> 0 | G9: =SUM(C9:F9) -> 0 | H9: =IFERROR(G9/$G$9*100,0) -> 0

Sheet Budsjett
A1: Prosjekttittel: | D1: =IF(Registrering!$C$4="","",Registrering!$C$4) | AL1: LØNNS- OG DRIFTSKOSTNADER | AQ1: OVERHEADKOSTNADER | AW1: Eksternt finansiert overhead | BC1: Internt finansiert overhead | BO1: EU | BV1: Egenandel
A2: Prosjektansatte - dekkes av prosjektbevilgning | F2: REGISTRER ÅRSVERK | K2: Alle beløp er angitt i hele kroner | BH2: Ekstern finansiering
A3: Prosjektansatte | B3: Stillingskategori iht EU's terminologi | C3: Finansiør | D3: Årslønn | E3: Navn | F3: Periode 1 (1-18 month) | G3: Periode 2 (19-36 month) | H3: Periode 3 (37-54 month) | I3: Periode 4 (55-60 (72) month) | J3: Sum årsv | K3: Lønn og sos. kostnader | L3: Overhead | M3: Totalt | Z3: Gj.snitt. Ltr | AA3: Bruttolønn | AB3: inkl lønnsv. | AC3: Lønn | AD3: Feriep | AE3: AGA | AF3: Pensjon | AG3: inkl sos.avg. | AH3: inkl. ind.kost. | AI3: Timesats | AL3: =F3 -> Periode 1 (1-18 month) | AM3: =G3 -> Periode 2 (19-36 month) | AN3: =H3 -> Periode 3 (37-54 month) | AO3: =I3 -> Periode 4 (55-60 (72) month) | AQ3: =AL3 -> Periode 1 (1-18 month) | AR3: =AM3 -> Periode 2 (19-36 month) | AS3: =AN3 -> Periode 3 (37-54 month) | AT3: =AO3 -> Periode 4 (55-60 (72) month) | AW3: =AQ3 -> Periode 1 (1-18 month) | AX3: =AR3 -> Periode 2 (19-36 month) | AY3: =AS3 -> Periode 3 (37-54 month) | AZ3: =AT3 -> Periode 4 (55-60 (72) month) | BC3: =F3 -> Periode 1 (1-18 month) | BD3: =G3 -> Periode 2 (19-36 month) | BE3: =H3 -> Periode 3 (37-54 month) | BF3: =I3 -> Periode 4 (55-60 (72) month) | BP3: =F3 -> Periode 1 (1-18 month) | BQ3: =G3 -> Periode 2 (19-36 month) | BR3: =H3 -> Periode 3 (37-54 month) | BS3: =I3 -> Periode 4 (55-60 (72) month) | BT3: =J3 -> Sum årsv | BW3: =F3 -> Periode 1 (1-18 month) | BX3: =G3 -> Periode 2 (19-36 month) | BY3: =H3 -> Periode 3 (37-54 month) | BZ3: =I3 -> Periode 4 (55-60 (72) month) | CA3: =J3 -> Sum årsv
B4: =VLOOKUP(A4,Tabeller!$W$15:$Z$23,4,FALSE) -> #N/A | C4: EU | J4: =SUM(F4:I4) -> 0 | K4: =SUM(AL4:AO4) -> 0 | L4: =IFERROR(SUM(AQ4:AT4),0) -> 0 | M4: =SUM(K4:L4) -> 0 | Z4: =D4 -> 0 | AA4: =Z4*Tabeller!I$33 -> 0 | AB4: =AA4*Tabeller!$I$35 -> 0 | AC4: =IF(AA4>0,(AB4-400)/52*47,0) -> 0 | AD4: =AC4*Tabeller!$H$24 -> 0 | AE4: =SUM(AC4:AD4,AF4)*Tabeller!$H$25 -> 0 | AF4: =AB4*Tabeller!$H$26 -> 0 | AG4: =SUM(AC4:AF4) -> 0 | AH4: =AG4+(Registrering!$E$27) -> 465000 | AI4: =AH4/Tabeller!$H$3 -> 270.34884 | AL4: =((F4*Budsjett!$AG4)) -> 0 | AM4: =((G4*Budsjett!$AG4)*(Tabeller!J$33)) -> 0 | AN4: =((H4*Budsjett!$AG4)*(Tabeller!J$33*Tabeller!J$34)) -> 0 | AO4: =((I4*Budsjett!$AG4)*(Tabeller!J$33*Tabeller!J$34*Tabeller!J$34)) -> 0 | AQ4: =IFERROR(AL4*Budsjett!$G$54,0) -> 0 | AR4: =IFERROR(AM4*Budsjett!$G$54,0) -> 0 | AS4: =IFERROR(AN4*Budsjett!$G$54,0) -> 0 | AT4: =IFERROR(AO4*Budsjett!$G$54,0) -> 0 | AW4: =IFERROR(AL4*Budsjett!AW$55,0) -> 0 | AX4: =IFERROR(AM4*Budsjett!AX$55,0) -> 0 | AY4: =IFERROR(AN4*Budsjett!AY$55,0) -> 0 | AZ4: =IFERROR(AO4*Budsjett!AZ$55,0) -> 0 | BC4: =AQ4-AW4 -> 0 | BD4: =AR4-AX4 -> 0 | BE4: =AS4-AY4 -> 0 | BF4: =AT4-AZ4 -> 0 | BH4: Totale kostnader | BI4: =AL35+AL47+AQ35 -> 0 | BJ4: =AM35+AM47+AR35 -> 0 | BK4: =AN35+AN47+AS35 -> 0 | BL4: =AO35+AO47+AT35 -> 0 | BM4: =AP35+AP47+AU35 -> 0 | BO4: =A4 -> 0 | BP4: =IF($C4=$BO$1,AL4,0) -> 0 | BQ4: =IF($C4=$BO$1,AM4,0) -> 0 | BR4: =IF($C4=$BO$1,AN4,0) -> 0 | BS4: =IF($C4=$BO$1,AO4,0) -> 0 | BT4: =SUM(BP4:BS4) -> 0 | BV4: =A4 -> 0 | CA4: =SUM(BW4:BZ4) -> 0
B5: =VLOOKUP(A5,Tabeller!$W$15:$Z$23,4,FALSE) -> #N/A | C5: EU | J5: =SUM(F5:I5) -> 0 | K5: =SUM(AL5:AO5) -> 0 | L5: =IFERROR(SUM(AQ5:AT5),0) -> 0 | M5: =SUM(K5:L5) -> 0 | Z5: =D5 -> 0 | AA5: =Z5*Tabeller!I$33 -> 0 | AB5: =AA5*Tabeller!$I$35 -> 0 | AC5: =IF(AA5>0,(AB5-400)/52*47,0) -> 0 | AD5: =AC5*Tabeller!$H$24 -> 0 | AE5: =SUM(AC5:AD5,AF5)*Tabeller!$H$25 -> 0 | AF5: =AB5*Tabeller!$H$26 -> 0 | AG5: =SUM(AC5:AF5) -> 0 | AH5: =AG5+(Registrering!$E$27) -> 465000 | AI5: =AH5/Tabeller!$H$3 -> 270.34884 | AL5: =((F5*Budsjett!$AG5)) -> 0 | AM5: =((G5*Budsjett!$AG5)*(Tabeller!J$33)) -> 0 | AN5: =((H5*Budsjett!$AG5)*(Tabeller!J$33*Tabeller!J$34)) -> 0 | AO5: =((I5*Budsjett!$AG5)*(Tabeller!J$33*Tabeller!J$34*Tabeller!J$34)) -> 0 | AQ5: =IFERROR(AL5*Budsjett!$G$54,0) -> 0 | AR5: =IFERROR(AM5*Budsjett!$G$54,0) -> 0 | AS5: =IFERROR(AN5*Budsjett!$G$54,0) -> 0 | AT5: =IFERROR(AO5*Budsjett!$G$54,0) -> 0 | AW5: =IFERROR(AL5*Budsjett!AW$55,0) -> 0 | AX5: =IFERROR(AM5*Budsjett!AX$55,0) -> 0 | AY5: =IFERROR(AN5*Budsjett!AY$55,0) -> 0 | AZ5: =IFERROR(AO5*Budsjett!AZ$55,0) -> 0 | BC5: =AQ5-AW5 -> 0 | BD5: =AR5-AX5 -> 0 | BE5: =AS5-AY5 -> 0 | BF5: =AT5-AZ5 -> 0 | BH5: Fast beløp | BI5: =Finansiering!C9 -> 0 | BJ5: =Finansiering!D9 -> 0 | BK5: =Finansiering!E9 -> 0 | BL5: =Finansiering!F9 -> 0 | BM5: =Finansiering!G9 -> 0 | BO5: =A5 -> 0 | BP5: =IF($C5=$BO$1,AL5,0) -> 0 | BQ5: =IF($C5=$BO$1,AM5,0) -> 0 | BR5: =IF($C5=$BO$1,AN5,0) -> 0 | BS5: =IF($C5=$BO$1,AO5,0) -> 0 | BT5: =SUM(BP5:BS5) -> 0 | BV5: =A5 -> 0 | CA5: =SUM(BW5:BZ5) -> 0
B6: =VLOOKUP(A6,Tabeller!$W$15:$Z$23,4,FALSE) -> #N/A | C6: EU | J6: =SUM(F6:I6) -> 0 | K6: =SUM(AL6:AO6) -> 0 | L6: =IFERROR(SUM(AQ6:AT6),0) -> 0 | M6: =SUM(K6:L6) -> 0 | Z6: =D6 -> 0 | AA6: =Z6*Tabeller!I$33 -> 0 | AB6: =AA6*Tabeller!$I$35 -> 0 | AC6: =IF(AA6>0,(AB6-400)/52*47,0) -> 0 | AD6: =AC6*Tabeller!$H$24 -> 0 | AE6: =SUM(AC6:AD6,AF6)*Tabeller!$H$25 -> 0 | AF6: =AB6*Tabeller!$H$26 -> 0 | AG6: =SUM(AC6:AF6) -> 0 | AH6: =AG6+(Registrering!$E$27) -> 465000 | AI6: =AH6/Tabeller!$H$3 -> 270.34884 | AL6: =((F6*Budsjett!$AG6)) -> 0 | AM6: =((G6*Budsjett!$AG6)*(Tabeller!J$33)) -> 0 | AN6: =((H6*Budsjett!$AG6)*(Tabeller!J$33*Tabeller!J$34)) -> 0 | AO6: =((I6*Budsjett!$AG6)*(Tabeller!J$33*Tabeller!J$34*Tabeller!J$34)) -> 0 | AQ6: =IFERROR(AL6*Budsjett!$G$54,0) -> 0 | AR6: =IFERROR(AM6*Budsjett!$G$54,0) -> 0 | AS6: =IFERROR(AN6*Budsjett!$G$54,0) -> 0 | AT6: =IFERROR(AO6*Budsjett!$G$54,0) -> 0 | AW6: =IFERROR(AL6*Budsjett!AW$55,0) -> 0 | AX6: =IFERROR(AM6*Budsjett!AX$55,0) -> 0 | AY6: =IFERROR(AN6*Budsjett!AY$55,0) -> 0 | AZ6: =IFERROR(AO6*Budsjett!AZ$55,0) -> 0 | BC6: =AQ6-AW6 -> 0 | BD6: =AR6-AX6 -> 0 | BE6: =AS6-AY6 -> 0 | BF6: =AT6-AZ6 -> 0 | BH6: Sum Egenandel | BI6: =-(AL28+BC35+BW41) -> 0 | BJ6: =-(AM28+BD35+BX41) -> 0 | BK6: =-(AN28+BE35+BY41) -> 0 | BL6: =-(AO28+BF35+BZ41) -> 0 | BM6: =SUM(BI6:BL6) -> 0 | BO6: =A6 -> 0 | BP6: =IF($C6=$BO$1,AL6,0) -> 0 | BQ6: =IF($C6=$BO$1,AM6,0) -> 0 | BR6: =IF($C6=$BO$1,AN6,0) -> 0 | BS6: =IF($C6=$BO$1,AO6,0) -> 0 | BT6: =SUM(BP6:BS6) -> 0 | BV6: =A6 -> 0 | CA6: =SUM(BW6:BZ6) -> 0
B7: =VLOOKUP(A7,Tabeller!$W$15:$Z$23,4,FALSE) -> #N/A | C7: EU | J7: =SUM(F7:I7) -> 0 | K7: =SUM(AL7:AO7) -> 0 | L7: =IFERROR(SUM(AQ7:AT7),0) -> 0 | M7: =SUM(K7:L7) -> 0 | O7: =(Budsjett!M38+Budsjett!M40) -> 0 | Z7: =D7 -> 0 | AA7: =Z7*Tabeller!I$33 -> 0 | AB7: =AA7*Tabeller!$I$35 -> 0 | AC7: =IF(AA7>0,(AB7-400)/52*47,0) -> 0 | AD7: =AC7*Tabeller!$H$24 -> 0 | AE7: =SUM(AC7:AD7,AF7)*Tabeller!$H$25 -> 0 | AF7: =AB7*Tabeller!$H$26 -> 0 | AG7: =SUM(AC7:AF7) -> 0 | AH7: =AG7+(Registrering!$E$27) -> 465000 | AI7: =AH7/Tabeller!$H$3 -> 270.34884 | AL7: =((F7*Budsjett!$AG7)) -> 0 | AM7: =((G7*Budsjett!$AG7)*(Tabeller!J$33)) -> 0 | AN7: =((H7*Budsjett!$AG7)*(Tabeller!J$33*Tabeller!J$34)) -> 0 | AO7: =((I7*Budsjett!$AG7)*(Tabeller!J$33*Tabeller!J$34*Tabeller!J$34)) -> 0 | AQ7: =IFERROR(AL7*Budsjett!$G$54,0) -> 0 | AR7: =IFERROR(AM7*Budsjett!$G$54,0) -> 0 | AS7: =IFERROR(AN7*Budsjett!$G$54,0) -> 0 | AT7: =IFERROR(AO7*Budsjett!$G$54,0) -> 0 | AW7: =IFERROR(AL7*Budsjett!AW$55,0) -> 0 | AX7: =IFERROR(AM7*Budsjett!AX$55,0) -> 0 | AY7: =IFERROR(AN7*Budsjett!AY$55,0) -> 0 | AZ7: =IFERROR(AO7*Budsjett!AZ$55,0) -> 0 | BC7: =AQ7-AW7 -> 0 | BD7: =AR7-AX7 -> 0 | BE7: =AS7-AY7 -> 0 | BF7: =AT7-AZ7 -> 0 | BO7: =A7 -> 0 | BP7: =IF($C7=$BO$1,AL7,0) -> 0 | BQ7: =IF($C7=$BO$1,AM7,0) -> 0 | BR7: =IF($C7=$BO$1,AN7,0) -> 0 | BS7: =IF($C7=$BO$1,AO7,0) -> 0 | BT7: =SUM(BP7:BS7) -> 0 | BV7: =A7 -> 0 | CA7: =SUM(BW7:BZ7) -> 0
B8: =VLOOKUP(A8,Tabeller!$W$15:$Z$23,4,FALSE) -> #N/A | C8: EU | J8: =SUM(F8:I8) -> 0 | K8: =SUM(AL8:AO8) -> 0 | L8: =IFERROR(SUM(AQ8:AT8),0) -> 0 | M8: =SUM(K8:L8) -> 0 | Z8: =D8 -> 0 | AA8: =Z8*Tabeller!I$33 -> 0 | AB8: =AA8*Tabeller!$I$35 -> 0 | AC8: =IF(AA8>0,(AB8-400)/52*47,0) -> 0 | AD8: =AC8*Tabeller!$H$24 -> 0 | AE8: =SUM(AC8:AD8,AF8)*Tabeller!$H$25 -> 0 | AF8: =AB8*Tabeller!$H$26 -> 0 | AG8: =SUM(AC8:AF8) -> 0 | AH8: =AG8+(Registrering!$E$27) -> 465000 | AI8: =AH8/Tabeller!$H$3 -> 270.34884 | AL8: =((F8*Budsjett!$AG8)) -> 0 | AM8: =((G8*Budsjett!$AG8)*(Tabeller!J$33)) -> 0 | AN8: =((H8*Budsjett!$AG8)*(Tabeller!J$33*Tabeller!J$34)) -> 0 | AO8: =((I8*Budsjett!$AG8)*(Tabeller!J$33*Tabeller!J$34*Tabeller!J$34)) -> 0 | AQ8: =IFERROR(AL8*Budsjett!$G$54,0) -> 0 | AR8: =IFERROR(AM8*Budsjett!$G$54,0) -> 0 | AS8: =IFERROR(AN8*Budsjett!$G$54,0) -> 0 | AT8: =IFERROR(AO8*Budsjett!$G$54,0) -> 0 | AW8: =IFERROR(AL8*Budsjett!AW$55,0) -> 0 | AX8: =IFERROR(AM8*Budsjett!AX$55,0) -> 0 | AY8: =IFERROR(AN8*Budsjett!AY$55,0) -> 0 | AZ8: =IFERROR(AO8*Budsjett!AZ$55,0) -> 0 | BC8: =AQ8-AW8 -> 0 | BD8: =AR8-AX8 -> 0 | BE8: =AS8-AY8 -> 0 | BF8: =AT8-AZ8 -> 0 | BO8: =A8 -> 0 | BP8: =IF($C8=$BO$1,AL8,0) -> 0 | BQ8: =IF($C8=$BO$1,AM8,0) -> 0 | BR8: =IF($C8=$BO$1,AN8,0) -> 0 | BS8: =IF($C8=$BO$1,AO8,0) -> 0 | BT8: =SUM(BP8:BS8) -> 0 | BV8: =A8 -> 0 | CA8: =SUM(BW8:BZ8) -> 0
B9: =VLOOKUP(A9,Tabeller!$W$15:$Z$23,4,FALSE) -> #N/A | C9: EU | J9: =SUM(F9:I9) -> 0 | K9: =SUM(AL9:AO9) -> 0 | L9: =IFERROR(SUM(AQ9:AT9),0) -> 0 | M9: =SUM(K9:L9) -> 0 | Z9: =D9 -> 0 | AA9: =Z9*Tabeller!I$33 -> 0 | AB9: =AA9*Tabeller!$I$35 -> 0 | AC9: =IF(AA9>0,(AB9-400)/52*47,0) -> 0 | AD9: =AC9*Tabeller!$H$24 -> 0 | AE9: =SUM(AC9:AD9,AF9)*Tabeller!$H$25 -> 0 | AF9: =AB9*Tabeller!$H$26 -> 0 | AG9: =SUM(AC9:AF9) -> 0 | AH9: =AG9+(Registrering!$E$27) -> 465000 | AI9: =AH9/Tabeller!$H$3 -> 270.34884 | AL9: =((F9*Budsjett!$AG9)) -> 0 | AM9: =((G9*Budsjett!$AG9)*(Tabeller!J$33)) -> 0 | AN9: =((H9*Budsjett!$AG9)*(Tabeller!J$33*Tabeller!J$34)) -> 0 | AO9: =((I9*Budsjett!$AG9)*(Tabeller!J$33*Tabeller!J$34*Tabeller!J$34)) -> 0 | AQ9: =IFERROR(AL9*Budsjett!$G$54,0) -> 0 | AR9: =IFERROR(AM9*Budsjett!$G$54,0) -> 0 | AS9: =IFERROR(AN9*Budsjett!$G$54,0) -> 0 | AT9: =IFERROR(AO9*Budsjett!$G$54,0) -> 0 | AW9: =IFERROR(AL9*Budsjett!AW$55,0) -> 0 | AX9: =IFERROR(AM9*Budsjett!AX$55,0) -> 0 | AY9: =IFERROR(AN9*Budsjett!AY$55,0) -> 0 | AZ9: =IFERROR(AO9*Budsjett!AZ$55,0) -> 0 | BC9: =AQ9-AW9 -> 0 | BD9: =AR9-AX9 -> 0 | BE9: =AS9-AY9 -> 0 | BF9: =AT9-AZ9 -> 0 | BO9: =A9 -> 0 | BP9: =IF($C9=$BO$1,AL9,0) -> 0 | BQ9: =IF($C9=$BO$1,AM9,0) -> 0 | BR9: =IF($C9=$BO$1,AN9,0) -> 0 | BS9: =IF($C9=$BO$1,AO9,0) -> 0 | BT9: =SUM(BP9:BS9) -> 0 | BV9: =A9 -> 0 | CA9: =SUM(BW9:BZ9) -> 0
B10: =VLOOKUP(A10,Tabeller!$W$15:$Z$23,4,FALSE) -> #N/A | C10: EU | J10: =SUM(F10:I10) -> 0 | K10: =SUM(AL10:AO10) -> 0 | L10: =IFERROR(SUM(AQ10:AT10),0) -> 0 | M10: =SUM(K10:L10) -> 0 | Z10: =D10 -> 0 | AA10: =Z10*Tabeller!I$33 -> 0 | AB10: =AA10*Tabeller!$I$35 -> 0 | AC10: =IF(AA10>0,(AB10-400)/52*47,0) -> 0 | AD10: =AC10*Tabeller!$H$24 -> 0 | AE10: =SUM(AC10:AD10,AF10)*Tabeller!$H$25 -> 0 | AF10: =AB10*Tabeller!$H$26 -> 0 | AG10: =SUM(AC10:AF10) -> 0 | AH10: =AG10+(Registrering!$E$27) -> 465000 | AI10: =AH10/Tabeller!$H$3 -> 270.34884 | AL10: =((F10*Budsjett!$AG10)) -> 0 | AM10: =((G10*Budsjett!$AG10)*(Tabeller!J$33)) -> 0 | AN10: =((H10*Budsjett!$AG10)*(Tabeller!J$33*Tabeller!J$34)) -> 0 | AO10: =((I10*Budsjett!$AG10)*(Tabeller!J$33*Tabeller!J$34*Tabeller!J$34)) -> 0 | AQ10: =IFERROR(AL10*Budsjett!$G$54,0) -> 0 | AR10: =IFERROR(AM10*Budsjett!$G$54,0) -> 0 | AS10: =IFERROR(AN10*Budsjett!$G$54,0) -> 0 | AT10: =IFERROR(AO10*Budsjett!$G$54,0) -> 0 | AW10: =IFERROR(AL10*Budsjett!AW$55,0) -> 0 | AX10: =IFERROR(AM10*Budsjett!AX$55,0) -> 0 | AY10: =IFERROR(AN10*Budsjett!AY$55,0) -> 0 | AZ10: =IFERROR(AO10*Budsjett!AZ$55,0) -> 0 | BC10: =AQ10-AW10 -> 0 | BD10: =AR10-AX10 -> 0 | BE10: =AS10-AY10 -> 0 | BF10: =AT10-AZ10 -> 0 | BO10: =A10 -> 0 | BP10: =IF($C10=$BO$1,AL10,0) -> 0 | BQ10: =IF($C10=$BO$1,AM10,0) -> 0 | BR10: =IF($C10=$BO$1,AN10,0) -> 0 | BS10: =IF($C10=$BO$1,AO10,0) -> 0 | BT10: =SUM(BP10:BS10) -> 0 | BV10: =A10 -> 0 | CA10: =SUM(BW10:BZ10) -> 0
B11: =VLOOKUP(A11,Tabeller!$W$15:$Z$23,4,FALSE) -> #N/A | C11: EU | J11: =SUM(F11:I11) -> 0 | K11: =SUM(AL11:AO11) -> 0 | L11: =IFERROR(SUM(AQ11:AT11),0) -> 0 | M11: =SUM(K11:L11) -> 0 | Z11: =D11 -> 0 | AA11: =Z11*Tabeller!I$33 -> 0 | AB11: =AA11*Tabeller!$I$35 -> 0 | AC11: =IF(AA11>0,(AB11-400)/52*47,0) -> 0 | AD11: =AC11*Tabeller!$H$24 -> 0 | AE11: =SUM(AC11:AD11,AF11)*Tabeller!$H$25 -> 0 | AF11: =AB11*Tabeller!$H$26 -> 0 | AG11: =SUM(AC11:AF11) -> 0 | AH11: =AG11+(Registrering!$E$27) -> 465000 | AI11: =AH11/Tabeller!$H$3 -> 270.34884 | AL11: =((F11*Budsjett!$AG11)) -> 0 | AM11: =((G11*Budsjett!$AG11)*(Tabeller!J$33)) -> 0 | AN11: =((H11*Budsjett!$AG11)*(Tabeller!J$33*Tabeller!J$34)) -> 0 | AO11: =((I11*Budsjett!$AG11)*(Tabeller!J$33*Tabeller!J$34*Tabeller!J$34)) -> 0 | AQ11: =IFERROR(AL11*Budsjett!$G$54,0) -> 0 | AR11: =IFERROR(AM11*Budsjett!$G$54,0) -> 0 | AS11: =IFERROR(AN11*Budsjett!$G$54,0) -> 0 | AT11: =IFERROR(AO11*Budsjett!$G$54,0) -> 0 | AW11: =IFERROR(AL11*Budsjett!AW$55,0) -> 0 | AX11: =IFERROR(AM11*Budsjett!AX$55,0) -> 0 | AY11: =IFERROR(AN11*Budsjett!AY$55,0) -> 0 | AZ11: =IFERROR(AO11*Budsjett!AZ$55,0) -> 0 | BC11: =AQ11-AW11 -> 0 | BD11: =AR11-AX11 -> 0 | BE11: =AS11-AY11 -> 0 | BF11: =AT11-AZ11 -> 0 | BO11: =A11 -> 0 | BP11: =IF($C11=$BO$1,AL11,0) -> 0 | BQ11: =IF($C11=$BO$1,AM11,0) -> 0 | BR11: =IF($C11=$BO$1,AN11,0) -> 0 | BS11: =IF($C11=$BO$1,AO11,0) -> 0 | BT11: =SUM(BP11:BS11) -> 0 | BV11: =A11 -> 0 | CA11: =SUM(BW11:BZ11) -> 0
A12: Sum | F12: =SUM(F4:F11) -> 0 | G12: =SUM(G4:G11) -> 0 | H12: =SUM(H4:H11) -> 0 | I12: =SUM(I4:I11) -> 0 | J12: =SUM(J4:J11) -> 0 | K12: =SUM(K4:K11) -> 0 | L12: =SUM(L4:L11) -> 0 | M12: =SUM(M4:M11) -> 0 | AL12: =SUM(AL4:AL11) -> 0 | AM12: =SUM(AM4:AM11) -> 0 | AN12: =SUM(AN4:AN11) -> 0 | AO12: =SUM(AO4:AO11) -> 0 | AP12: =SUM(AL12:AO12) -> 0 | AQ12: =SUM(AQ4:AQ11) -> 0 | AR12: =SUM(AR4:AR11) -> 0 | AS12: =SUM(AS4:AS11) -> 0 | AT12: =SUM(AT4:AT11) -> 0 | AU12: =SUM(AQ12:AT12) -> 0 | AW12: =SUM(AW4:AW11) -> 0 | AX12: =SUM(AX4:AX11) -> 0 | AY12: =SUM(AY4:AY11) -> 0 | AZ12: =SUM(AZ4:AZ11) -> 0 | BA12: =SUM(AW12:AZ12) -> 0 | BC12: =SUM(BC4:BC11) -> 0 | BD12: =SUM(BD4:BD11) -> 0 | BE12: =SUM(BE4:BE11) -> 0 | BF12: =SUM(BF4:BF11) -> 0 | BO12: =A12 -> Sum | BP12: =SUM(BP4:BP11) -> 0 | BQ12: =SUM(BQ4:BQ11) -> 0 | BR12: =SUM(BR4:BR11) -> 0 | BS12: =SUM(BS4:BS11) -> 0 | BT12: =SUM(BP12:BS12) -> 0 | BV12: =A12 -> Sum | BW12: =SUM(BW4:BW11) -> 0 | BX12: =SUM(BX4:BX11) -> 0 | BY12: =SUM(BY4:BY11) -> 0 | BZ12: =SUM(BZ4:BZ11) -> 0 | CA12: =SUM(BW12:BZ12) -> 0
A13: Eksisterende ansatte - dekkes av prosjektbevilgning | F13: REGISTRER ÅRSVERK | BO13: =A13 -> Eksisterende ansatte - dekkes av prosjektbevilgning | BV13: =A13 -> Eksisterende ansatte - dekkes av prosjektbevilgning
A14: Frikjøp art 5892 | B14: Stillingskategori iht EU's terminologi | D14: Årslønn | E14: Navn | F14: =F3 -> Periode 1 (1-18 month) | G14: =G3 -> Periode 2 (19-36 month) | H14: =H3 -> Periode 3 (37-54 month) | I14: =I3 -> Periode 4 (55-60 (72) month) | J14: Sum | K14: Lønn og sos. kostnader | L14: Overhead | M14: Totalt | Z14: Gj.snitt. Ltr | AA14: Bruttolønn | AB14: inkl lønnsv. | AC14: Lønn | AD14: Feriep | AE14: AGA | AF14: Pensjon | AG14: inkl sos.avg. | AH14: inkl. ind.kost. | AI14: Timesats | AL14: =F14 -> Periode 1 (1-18 month) | AM14: =G14 -> Periode 2 (19-36 month) | AN14: =H14 -> Periode 3 (37-54 month) | AO14: =I14 -> Periode 4 (55-60 (72) month) | AQ14: =AL14 -> Periode 1 (1-18 month) | AR14: =AM14 -> Periode 2 (19-36 month) | AS14: =AN14 -> Periode 3 (37-54 month) | AT14: =AO14 -> Periode 4 (55-60 (72) month) | AW14: =AQ14 -> Periode 1 (1-18 month) | AX14: =AR14 -> Periode 2 (19-36 month) | AY14: =AS14 -> Periode 3 (37-54 month) | AZ14: =AT14 -> Periode 4 (55-60 (72) month) | BC14: =F3 -> Periode 1 (1-18 month) | BD14: =G3 -> Periode 2 (19-36 month) | BE14: =H3 -> Periode 3 (37-54 month) | BF14: =I3 -> Periode 4 (55-60 (72) month) | BO14: =A14 -> Frikjøp art 5892 | BP14: =BP3 -> Periode 1 (1-18 month) | BQ14: =BQ3 -> Periode 2 (19-36 month) | BR14: =BR3 -> Periode 3 (37-54 month) | BS14: =BS3 -> Periode 4 (55-60 (72) month) | BT14: =BT3 -> Sum årsv | BV14: =A14 -> Frikjøp art 5892 | BW14: =BW3 -> Periode 1 (1-18 month) | BX14: =BX3 -> Periode 2 (19-36 month) | BY14: =BY3 -> Periode 3 (37-54 month) | BZ14: =BZ3 -> Periode 4 (55-60 (72) month) | CA14: =CA3 -> Sum årsv
B15: =VLOOKUP(A15,Tabeller!$W$15:$Z$23,4,FALSE) -> #N/A | C15: EU | J15: =SUM(F15:I15) -> 0 | K15: =SUM(AL15:AO15) -> 0 | L15: =IFERROR(SUM(AQ15:AT15),0) -> 0 | M15: =SUM(K15:L15) -> 0 | Z15: =D15 -> 0 | AA15: =Z15*Tabeller!I$33 -> 0 | AB15: =AA15*Tabeller!$I$35 -> 0 | AC15: =IF(AA15>0,(AB15-400)/52*47,0) -> 0 | AD15: =AC15*Tabeller!$H$24 -> 0 | AE15: =SUM(AC15:AD15,AF15)*Tabeller!$H$25 -> 0 | AF15: =AB15*Tabeller!$H$26 -> 0 | AG15: =SUM(AC15:AF15) -> 0 | AH15: =AG15+(Registrering!$E$27) -> 465000 | AI15: =AH15/Tabeller!$H$3 -> 270.34884 | AL15: =((F15*Budsjett!$AG15)) -> 0 | AM15: =((G15*Budsjett!$AG15)*(Tabeller!J$33)) -> 0 | AN15: =((H15*Budsjett!$AG15)*(Tabeller!J$33*Tabeller!J$34)) -> 0 | AO15: =((I15*Budsjett!$AG15)*(Tabeller!J$33*Tabeller!J$34*Tabeller!J$34)) -> 0 | AQ15: =IFERROR(AL15*Budsjett!$G$54,0) -> 0 | AR15: =IFERROR(AM15*Budsjett!$G$54,0) -> 0 | AS15: =IFERROR(AN15*Budsjett!$G$54,0) -> 0 | AT15: =IFERROR(AO15*Budsjett!$G$54,0) -> 0 | AW15: =IFERROR(AL15*Budsjett!AW$55,0) -> 0 | AX15: =IFERROR(AM15*Budsjett!AX$55,0) -> 0 | AY15: =IFERROR(AN15*Budsjett!AY$55,0) -> 0 | AZ15: =IFERROR(AO15*Budsjett!AZ$55,0) -> 0 | BC15: =AQ15-AW15 -> 0 | BD15: =AR15-AX15 -> 0 | BE15: =AS15-AY15 -> 0 | BF15: =AT15-AZ15 -> 0 | BO15: =A15 -> 0 | BP15: =IF($C15=$BO$1,AL15,0) -> 0 | BQ15: =IF($C15=$BO$1,AM15,0) -> 0 | BR15: =IF($C15=$BO$1,AN15,0) -> 0 | BS15: =IF($C15=$BO$1,AO15,0) -> 0 | BT15: =SUM(BP15:BS15) -> 0 | BV15: =A15 -> 0 | CA15: =SUM(BW15:BZ15) -> 0
B16: =VLOOKUP(A16,Tabeller!$W$15:$Z$23,4,FALSE) -> #N/A | C16: EU | J16: =SUM(F16:I16) -> 0 | K16: =SUM(AL16:AO16) -> 0 | L16: =IFERROR(SUM(AQ16:AT16),0) -> 0 | M16: =SUM(K16:L16) -> 0 | Z16: =D16 -> 0 | AA16: =Z16*Tabeller!I$33 -> 0 | AB16: =AA16*Tabeller!$I$35 -> 0 | AC16: =IF(AA16>0,(AB16-400)/52*47,0) -> 0 | AD16: =AC16*Tabeller!$H$24 -> 0 | AE16: =SUM(AC16:AD16,AF16)*Tabeller!$H$25 -> 0 | AF16: =AB16*Tabeller!$H$26 -> 0 | AG16: =SUM(AC16:AF16) -> 0 | AH16: =AG16+(Registrering!$E$27) -> 465000 | AI16: =AH16/Tabeller!$H$3 -> 270.34884 | AL16: =((F16*Budsjett!$AG16)) -> 0 | AM16: =((G16*Budsjett!$AG16)*(Tabeller!J$33)) -> 0 | AN16: =((H16*Budsjett!$AG16)*(Tabeller!J$33*Tabeller!J$34)) -> 0 | AO16: =((I16*Budsjett!$AG16)*(Tabeller!J$33*Tabeller!J$34*Tabeller!J$34)) -> 0 | AQ16: =IFERROR(AL16*Budsjett!$G$54,0) -> 0 | AR16: =IFERROR(AM16*Budsjett!$G$54,0) -> 0 | AS16: =IFERROR(AN16*Budsjett!$G$54,0) -> 0 | AT16: =IFERROR(AO16*Budsjett!$G$54,0) -> 0 | AW16: =IFERROR(AL16*Budsjett!AW$55,0) -> 0 | AX16: =IFERROR(AM16*Budsjett!AX$55,0) -> 0 | AY16: =IFERROR(AN16*Budsjett!AY$55,0) -> 0 | AZ16: =IFERROR(AO16*Budsjett!AZ$55,0) -> 0 | BC16: =AQ16-AW16 -> 0 | BD16: =AR16-AX16 -> 0 | BE16: =AS16-AY16 -> 0 | BF16: =AT16-AZ16 -> 0 | BO16: =A16 -> 0 | BP16: =IF($C16=$BO$1,AL16,0) -> 0 | BQ16: =IF($C16=$BO$1,AM16,0) -> 0 | BR16: =IF($C16=$BO$1,AN16,0) -> 0 | BS16: =IF($C16=$BO$1,AO16,0) -> 0 | BT16: =SUM(BP16:BS16) -> 0 | BV16: =A16 -> 0 | CA16: =SUM(BW16:BZ16) -> 0
B17: =VLOOKUP(A17,Tabeller!$W$15:$Z$23,4,FALSE) -> #N/A | C17: EU | J17: =SUM(F17:I17) -> 0 | K17: =SUM(AL17:AO17) -> 0 | L17: =IFERROR(SUM(AQ17:AT17),0) -> 0 | M17: =SUM(K17:L17) -> 0 | Z17: =D17 -> 0 | AA17: =Z17*Tabeller!I$33 -> 0 | AB17: =AA17*Tabeller!$I$35 -> 0 | AC17: =IF(AA17>0,(AB17-400)/52*47,0) -> 0 | AD17: =AC17*Tabeller!$H$24 -> 0 | AE17: =SUM(AC17:AD17,AF17)*Tabeller!$H$25 -> 0 | AF17: =AB17*Tabeller!$H$26 -> 0 | AG17: =SUM(AC17:AF17) -> 0 | AH17: =AG17+(Registrering!$E$27) -> 465000 | AI17: =AH17/Tabeller!$H$3 -> 270.34884 | AL17: =((F17*Budsjett!$AG17)) -> 0 | AM17: =((G17*Budsjett!$AG17)*(Tabeller!J$33)) -> 0 | AN17: =((H17*Budsjett!$AG17)*(Tabeller!J$33*Tabeller!J$34)) -> 0 | AO17: =((I17*Budsjett!$AG17)*(Tabeller!J$33*Tabeller!J$34*Tabeller!J$34)) -> 0 | AQ17: =IFERROR(AL17*Budsjett!$G$54,0) -> 0 | AR17: =IFERROR(AM17*Budsjett!$G$54,0) -> 0 | AS17: =IFERROR(AN17*Budsjett!$G$54,0) -> 0 | AT17: =IFERROR(AO17*Budsjett!$G$54,0) -> 0 | AW17: =IFERROR(AL17*Budsjett!AW$55,0) -> 0 | AX17: =IFERROR(AM17*Budsjett!AX$55,0) -> 0 | AY17: =IFERROR(AN17*Budsjett!AY$55,0) -> 0 | AZ17: =IFERROR(AO17*Budsjett!AZ$55,0) -> 0 | BC17: =AQ17-AW17 -> 0 | BD17: =AR17-AX17 -> 0 | BE17: =AS17-AY17 -> 0 | BF17: =AT17-AZ17 -> 0 | BO17: =A17 -> 0 | BP17: =IF($C17=$BO$1,AL17,0) -> 0 | BQ17: =IF($C17=$BO$1,AM17,0) -> 0 | BR17: =IF($C17=$BO$1,AN17,0) -> 0 | BS17: =IF($C17=$BO$1,AO17,0) -> 0 | BT17: =SUM(BP17:BS17) -> 0 | BV17: =A17 -> 0 | CA17: =SUM(BW17:BZ17) -> 0
B18: =VLOOKUP(A18,Tabeller!$W$15:$Z$23,4,FALSE) -> #N/A | C18: EU | J18: =SUM(F18:I18) -> 0 | K18: =SUM(AL18:AO18) -> 0 | L18: =IFERROR(SUM(AQ18:AT18),0) -> 0 | M18: =SUM(K18:L18) -> 0 | Z18: =D18 -> 0 | AA18: =Z18*Tabeller!I$33 -> 0 | AB18: =AA18*Tabeller!$I$35 -> 0 | AC18: =IF(AA18>0,(AB18-400)/52*47,0) -> 0 | AD18: =AC18*Tabeller!$H$24 -> 0 | AE18: =SUM(AC18:AD18,AF18)*Tabeller!$H$25 -> 0 | AF18: =AB18*Tabeller!$H$26 -> 0 | AG18: =SUM(AC18:AF18) -> 0 | AH18: =AG18+(Registrering!$E$27) -> 465000 | AI18: =AH18/Tabeller!$H$3 -> 270.34884 | AL18: =((F18*Budsjett!$AG18)) -> 0 | AM18: =((G18*Budsjett!$AG18)*(Tabeller!J$33)) -> 0 | AN18: =((H18*Budsjett!$AG18)*(Tabeller!J$33*Tabeller!J$34)) -> 0 | AO18: =((I18*Budsjett!$AG18)*(Tabeller!J$33*Tabeller!J$34*Tabeller!J$34)) -> 0 | AQ18: =IFERROR(AL18*Budsjett!$G$54,0) -> 0 | AR18: =IFERROR(AM18*Budsjett!$G$54,0) -> 0 | AS18: =IFERROR(AN18*Budsjett!$G$54,0) -> 0 | AT18: =IFERROR(AO18*Budsjett!$G$54,0) -> 0 | AW18: =IFERROR(AL18*Budsjett!AW$55,0) -> 0 | AX18: =IFERROR(AM18*Budsjett!AX$55,0) -> 0 | AY18: =IFERROR(AN18*Budsjett!AY$55,0) -> 0 | AZ18: =IFERROR(AO18*Budsjett!AZ$55,0) -> 0 | BC18: =AQ18-AW18 -> 0 | BD18: =AR18-AX18 -> 0 | BE18: =AS18-AY18 -> 0 | BF18: =AT18-AZ18 -> 0 | BO18: =A18 -> 0 | BP18: =IF($C18=$BO$1,AL18,0) -> 0 | BQ18: =IF($C18=$BO$1,AM18,0) -> 0 | BR18: =IF($C18=$BO$1,AN18,0) -> 0 | BS18: =IF($C18=$BO$1,AO18,0) -> 0 | BT18: =SUM(BP18:BS18) -> 0 | BV18: =A18 -> 0 | CA18: =SUM(BW18:BZ18) -> 0
B19: =VLOOKUP(A19,Tabeller!$W$15:$Z$23,4,FALSE) -> #N/A | C19: EU | J19: =SUM(F19:I19) -> 0 | K19: =SUM(AL19:AO19) -> 0 | L19: =IFERROR(SUM(AQ19:AT19),0) -> 0 | M19: =SUM(K19:L19) -> 0 | Z19: =D19 -> 0 | AA19: =Z19*Tabeller!I$33 -> 0 | AB19: =AA19*Tabeller!$I$35 -> 0 | AC19: =IF(AA19>0,(AB19-400)/52*47,0) -> 0 | AD19: =AC19*Tabeller!$H$24 -> 0 | AE19: =SUM(AC19:AD19,AF19)*Tabeller!$H$25 -> 0 | AF19: =AB19*Tabeller!$H$26 -> 0 | AG19: =SUM(AC19:AF19) -> 0 | AH19: =AG19+(Registrering!$E$27) -> 465000 | AI19: =AH19/Tabeller!$H$3 -> 270.34884 | AL19: =((F19*Budsjett!$AG19)) -> 0 | AM19: =((G19*Budsjett!$AG19)*(Tabeller!J$33)) -> 0 | AN19: =((H19*Budsjett!$AG19)*(Tabeller!J$33*Tabeller!J$34)) -> 0 | AO19: =((I19*Budsjett!$AG19)*(Tabeller!J$33*Tabeller!J$34*Tabeller!J$34)) -> 0 | AQ19: =IFERROR(AL19*Budsjett!$G$54,0) -> 0 | AR19: =IFERROR(AM19*Budsjett!$G$54,0) -> 0 | AS19: =IFERROR(AN19*Budsjett!$G$54,0) -> 0 | AT19: =IFERROR(AO19*Budsjett!$G$54,0) -> 0 | AW19: =IFERROR(AL19*Budsjett!AW$55,0) -> 0 | AX19: =IFERROR(AM19*Budsjett!AX$55,0) -> 0 | AY19: =IFERROR(AN19*Budsjett!AY$55,0) -> 0 | AZ19: =IFERROR(AO19*Budsjett!AZ$55,0) -> 0 | BC19: =AQ19-AW19 -> 0 | BD19: =AR19-AX19 -> 0 | BE19: =AS19-AY19 -> 0 | BF19: =AT19-AZ19 -> 0 | BO19: =A19 -> 0 | BP19: =IF($C19=$BO$1,AL19,0) -> 0 | BQ19: =IF($C19=$BO$1,AM19,0) -> 0 | BR19: =IF($C19=$BO$1,AN19,0) -> 0 | BS19: =IF($C19=$BO$1,AO19,0) -> 0 | BT19: =SUM(BP19:BS19) -> 0 | BV19: =A19 -> 0 | CA19: =SUM(BW19:BZ19) -> 0
A20: Sum | F20: =SUM(F15:F19) -> 0 | G20: =SUM(G15:G19) -> 0 | H20: =SUM(H15:H19) -> 0 | I20: =SUM(I15:I19) -> 0 | J20: =SUM(J15:J19) -> 0 | K20: =SUM(K15:K19) -> 0 | L20: =SUM(L15:L19) -> 0 | M20: =SUM(M15:M19) -> 0 | AL20: =SUM(AL15:AL19) -> 0 | AM20: =SUM(AM15:AM19) -> 0 | AN20: =SUM(AN15:AN19) -> 0 | AO20: =SUM(AO15:AO19) -> 0 | AP20: =SUM(AL20:AO20) -> 0 | AQ20: =SUM(AQ15:AQ19) -> 0 | AR20: =SUM(AR15:AR19) -> 0 | AS20: =SUM(AS15:AS19) -> 0 | AT20: =SUM(AT15:AT19) -> 0 | AU20: =SUM(AQ20:AT20) -> 0 | AW20: =SUM(AW15:AW19) -> 0 | AX20: =SUM(AX15:AX19) -> 0 | AY20: =SUM(AY15:AY19) -> 0 | AZ20: =SUM(AZ15:AZ19) -> 0 | BA20: =SUM(AW20:AZ20) -> 0 | BC20: =SUM(BC15:BC19) -> 0 | BD20: =SUM(BD15:BD19) -> 0 | BE20: =SUM(BE15:BE19) -> 0 | BF20: =SUM(BF15:BF19) -> 0 | BO20: =A20 -> Sum | BP20: =SUM(BP15:BP19) -> 0 | BQ20: =SUM(BQ15:BQ19) -> 0 | BR20: =SUM(BR15:BR19) -> 0 | BS20: =SUM(BS15:BS19) -> 0 | BT20: =SUM(BP20:BS20) -> 0 | BV20: =A20 -> Sum | BW20: =SUM(BW15:BW19) -> 0 | BX20: =SUM(BX15:BX19) -> 0 | BY20: =SUM(BY15:BY19) -> 0 | BZ20: =SUM(BZ15:BZ19) -> 0 | CA20: =SUM(BW20:BZ20) -> 0
A21: Eksisterende ansatte - dekkes av UiO (egenandel) | F21: REGISTRER ÅRSVERK | BO21: =A21 -> Eksisterende ansatte - dekkes av UiO (egenandel) | BV21: =A21 -> Eksisterende ansatte - dekkes av UiO (egenandel)
A22: Frikjøp art 5896 | D22: Årslønn | E22: Navn | F22: =F14 -> Periode 1 (1-18 month) | G22: =G14 -> Periode 2 (19-36 month) | H22: =H14 -> Periode 3 (37-54 month) | I22: =I14 -> Periode 4 (55-60 (72) month) | J22: Sum | K22: Lønn og sos. kostnader | L22: Overhead | M22: Totalt | Z22: Gj.snitt. Ltr | AA22: Bruttolønn | AB22: inkl lønnsv. | AC22: Lønn | AD22: Feriep | AE22: AGA | AF22: Pensjon | AG22: inkl sos.avg. | AH22: inkl. ind.kost. | AI22: Timesats | AL22: =F22 -> Periode 1 (1-18 month) | AM22: =G22 -> Periode 2 (19-36 month) | AN22: =H22 -> Periode 3 (37-54 month) | AO22: =I22 -> Periode 4 (55-60 (72) month) | AQ22: =AL22 -> Periode 1 (1-18 month) | AR22: =AM22 -> Periode 2 (19-36 month) | AS22: =AN22 -> Periode 3 (37-54 month) | AT22: =AO22 -> Periode 4 (55-60 (72) month) | AW22: =AQ22 -> Periode 1 (1-18 month) | AX22: =AR22 -> Periode 2 (19-36 month) | AY22: =AS22 -> Periode 3 (37-54 month) | AZ22: =AT22 -> Periode 4 (55-60 (72) month) | BC22: =F3 -> Periode 1 (1-18 month) | BD22: =G3 -> Periode 2 (19-36 month) | BE22: =H3 -> Periode 3 (37-54 month) | BF22: =I3 -> Periode 4 (55-60 (72) month) | BO22: =A22 -> Frikjøp art 5896 | BP22: =BP14 -> Periode 1 (1-18 month) | BQ22: =BQ14 -> Periode 2 (19-36 month) | BR22: =BR14 -> Periode 3 (37-54 month) | BS22: =BS14 -> Periode 4 (55-60 (72) month) | BT22: =BT14 -> Sum årsv | BV22: =A22 -> Frikjøp art 5896 | BW22: =BW14 -> Periode 1 (1-18 month) | BX22: =BX14 -> Periode 2 (19-36 month) | BY22: =BY14 -> Periode 3 (37-54 month) | BZ22: =BZ14 -> Periode 4 (55-60 (72) month) | CA22: =CA14 -> Sum årsv
B23: =VLOOKUP(A23,Tabeller!$W$15:$Z$23,4,FALSE) -> #N/A | C23: Egenandel | J23: =SUM(F23:I23) -> 0 | K23: =SUM(AL23:AO23) -> 0 | L23: =IFERROR(SUM(AQ23:AT23),0) -> 0 | M23: =SUM(K23:L23) -> 0 | Z23: =D23 -> 0 | AA23: =Z23*Tabeller!I$33 -> 0 | AB23: =AA23*Tabeller!$I$35 -> 0 | AC23: =IF(AA23>0,(AB23-400)/52*47,0) -> 0 | AD23: =AC23*Tabeller!$H$24 -> 0 | AE23: =SUM(AC23:AD23,AF23)*Tabeller!$H$25 -> 0 | AF23: =AB23*Tabeller!$H$26 -> 0 | AG23: =SUM(AC23:AF23) -> 0 | AH23: =AG23+(Registrering!$E$27) -> 465000 | AI23: =AH23/Tabeller!$H$3 -> 270.34884 | AL23: =((F23*Budsjett!$AG23)) -> 0 | AM23: =((G23*Budsjett!$AG23)*(Tabeller!J$33)) -> 0 | AN23: =((H23*Budsjett!$AG23)*(Tabeller!J$33*Tabeller!J$34)) -> 0 | AO23: =((I23*Budsjett!$AG23)*(Tabeller!J$33*Tabeller!J$34*Tabeller!J$34)) -> 0 | AQ23: =IFERROR(AL23*Budsjett!$G$54,0) -> 0 | AR23: =IFERROR(AM23*Budsjett!$G$54,0) -> 0 | AS23: =IFERROR(AN23*Budsjett!$G$54,0) -> 0 | AT23: =IFERROR(AO23*Budsjett!$G$54,0) -> 0 | BC23: =AQ23 -> 0 | BD23: =AR23 -> 0 | BE23: =AS23 -> 0 | BF23: =AT23 -> 0 | BO23: =A23 -> 0 | BT23: =SUM(BP23:BS23) -> 0 | BV23: =A23 -> 0 | BW23: =IF($C23=$BV$1,AL23,0) -> 0 | BX23: =IF($C23=$BV$1,AM23,0) -> 0 | BY23: =IF($C23=$BV$1,AN23,0) -> 0 | BZ23: =IF($C23=$BV$1,AO23,0) -> 0 | CA23: =SUM(BW23:BZ23) -> 0
B24: =VLOOKUP(A24,Tabeller!$W$15:$Z$23,4,FALSE) -> #N/A | C24: Egenandel | J24: =SUM(F24:I24) -> 0 | K24: =SUM(AL24:AO24) -> 0 | L24: =IFERROR(SUM(AQ24:AT24),0) -> 0 | M24: =SUM(K24:L24) -> 0 | Z24: =D24 -> 0 | AA24: =Z24*Tabeller!I$33 -> 0 | AB24: =AA24*Tabeller!$I$35 -> 0 | AC24: =IF(AA24>0,(AB24-400)/52*47,0) -> 0 | AD24: =AC24*Tabeller!$H$24 -> 0 | AE24: =SUM(AC24:AD24,AF24)*Tabeller!$H$25 -> 0 | AF24: =AB24*Tabeller!$H$26 -> 0 | AG24: =SUM(AC24:AF24) -> 0 | AH24: =AG24+(Registrering!$E$27) -> 465000 | AI24: =AH24/Tabeller!$H$3 -> 270.34884 | AL24: =((F24*Budsjett!$AG24)) -> 0 | AM24: =((G24*Budsjett!$AG24)*(Tabeller!J$33)) -> 0 | AN24: =((H24*Budsjett!$AG24)*(Tabeller!J$33*Tabeller!J$34)) -> 0 | AO24: =((I24*Budsjett!$AG24)*(Tabeller!J$33*Tabeller!J$34*Tabeller!J$34)) -> 0 | AQ24: =IFERROR(AL24*Budsjett!$G$54,0) -> 0 | AR24: =IFERROR(AM24*Budsjett!$G$54,0) -> 0 | AS24: =IFERROR(AN24*Budsjett!$G$54,0) -> 0 | AT24: =IFERROR(AO24*Budsjett!$G$54,0) -> 0 | BC24: =AQ24 -> 0 | BD24: =AR24 -> 0 | BE24: =AS24 -> 0 | BF24: =AT24 -> 0 | BO24: =A24 -> 0 | BT24: =SUM(BP24:BS24) -> 0 | BV24: =A24 -> 0 | BW24: =IF($C24=$BV$1,AL24,0) -> 0 | BX24: =IF($C24=$BV$1,AM24,0) -> 0 | BY24: =IF($C24=$BV$1,AN24,0) -> 0 | BZ24: =IF($C24=$BV$1,AO24,0) -> 0 | CA24: =SUM(BW24:BZ24) -> 0
B25: =VLOOKUP(A25,Tabeller!$W$15:$Z$23,4,FALSE) -> #N/A | C25: Egenandel | J25: =SUM(F25:I25) -> 0 | K25: =SUM(AL25:AO25) -> 0 | L25: =IFERROR(SUM(AQ25:AT25),0) -> 0 | M25: =SUM(K25:L25) -> 0 | Z25: =D25 -> 0 | AA25: =Z25*Tabeller!I$33 -> 0 | AB25: =AA25*Tabeller!$I$35 -> 0 | AC25: =IF(AA25>0,(AB25-400)/52*47,0) -> 0 | AD25: =AC25*Tabeller!$H$24 -> 0 | AE25: =SUM(AC25:AD25,AF25)*Tabeller!$H$25 -> 0 | AF25: =AB25*Tabeller!$H$26 -> 0 | AG25: =SUM(AC25:AF25) -> 0 | AH25: =AG25+(Registrering!$E$27) -> 465000 | AI25: =AH25/Tabeller!$H$3 -> 270.34884 | AL25: =((F25*Budsjett!$AG25)) -> 0 | AM25: =((G25*Budsjett!$AG25)*(Tabeller!J$33)) -> 0 | AN25: =((H25*Budsjett!$AG25)*(Tabeller!J$33*Tabeller!J$34)) -> 0 | AO25: =((I25*Budsjett!$AG25)*(Tabeller!J$33*Tabeller!J$34*Tabeller!J$34)) -> 0 | AQ25: =IFERROR(AL25*Budsjett!$G$54,0) -> 0 | AR25: =IFERROR(AM25*Budsjett!$G$54,0) -> 0 | AS25: =IFERROR(AN25*Budsjett!$G$54,0) -> 0 | AT25: =IFERROR(AO25*Budsjett!$G$54,0) -> 0 | BC25: =AQ25 -> 0 | BD25: =AR25 -> 0 | BE25: =AS25 -> 0 | BF25: =AT25 -> 0 | BO25: =A25 -> 0 | BT25: =SUM(BP25:BS25) -> 0 | BV25: =A25 -> 0 | BW25: =IF($C25=$BV$1,AL25,0) -> 0 | BX25: =IF($C25=$BV$1,AM25,0) -> 0 | BY25: =IF($C25=$BV$1,AN25,0) -> 0 | BZ25: =IF($C25=$BV$1,AO25,0) -> 0 | CA25: =SUM(BW25:BZ25) -> 0
B26: =VLOOKUP(A26,Tabeller!$W$15:$Z$23,4,FALSE) -> #N/A | C26: Egenandel | J26: =SUM(F26:I26) -> 0 | K26: =SUM(AL26:AO26) -> 0 | L26: =IFERROR(SUM(AQ26:AT26),0) -> 0 | M26: =SUM(K26:L26) -> 0 | Z26: =D26 -> 0 | AA26: =Z26*Tabeller!I$33 -> 0 | AB26: =AA26*Tabeller!$I$35 -> 0 | AC26: =IF(AA26>0,(AB26-400)/52*47,0) -> 0 | AD26: =AC26*Tabeller!$H$24 -> 0 | AE26: =SUM(AC26:AD26,AF26)*Tabeller!$H$25 -> 0 | AF26: =AB26*Tabeller!$H$26 -> 0 | AG26: =SUM(AC26:AF26) -> 0 | AH26: =AG26+(Registrering!$E$27) -> 465000 | AI26: =AH26/Tabeller!$H$3 -> 270.34884 | AL26: =((F26*Budsjett!$AG26)) -> 0 | AM26: =((G26*Budsjett!$AG26)*(Tabeller!J$33)) -> 0 | AN26: =((H26*Budsjett!$AG26)*(Tabeller!J$33*Tabeller!J$34)) -> 0 | AO26: =((I26*Budsjett!$AG26)*(Tabeller!J$33*Tabeller!J$34*Tabeller!J$34)) -> 0 | AQ26: =IFERROR(AL26*Budsjett!$G$54,0) -> 0 | AR26: =IFERROR(AM26*Budsjett!$G$54,0) -> 0 | AS26: =IFERROR(AN26*Budsjett!$G$54,0) -> 0 | AT26: =IFERROR(AO26*Budsjett!$G$54,0) -> 0 | BC26: =AQ26 -> 0 | BD26: =AR26 -> 0 | BE26: =AS26 -> 0 | BF26: =AT26 -> 0 | BO26: =A26 -> 0 | BT26: =SUM(BP26:BS26) -> 0 | BV26: =A26 -> 0 | BW26: =IF($C26=$BV$1,AL26,0) -> 0 | BX26: =IF($C26=$BV$1,AM26,0) -> 0 | BY26: =IF($C26=$BV$1,AN26,0) -> 0 | BZ26: =IF($C26=$BV$1,AO26,0) -> 0 | CA26: =SUM(BW26:BZ26) -> 0
B27: =VLOOKUP(A27,Tabeller!$W$15:$Z$23,4,FALSE) -> #N/A | C27: Egenandel | J27: =SUM(F27:I27) -> 0 | K27: =SUM(AL27:AO27) -> 0 | L27: =IFERROR(SUM(AQ27:AT27),0) -> 0 | M27: =SUM(K27:L27) -> 0 | Z27: =D27 -> 0 | AA27: =Z27*Tabeller!I$33 -> 0 | AB27: =AA27*Tabeller!$I$35 -> 0 | AC27: =IF(AA27>0,(AB27-400)/52*47,0) -> 0 | AD27: =AC27*Tabeller!$H$24 -> 0 | AE27: =SUM(AC27:AD27,AF27)*Tabeller!$H$25 -> 0 | AF27: =AB27*Tabeller!$H$26 -> 0 | AG27: =SUM(AC27:AF27) -> 0 | AH27: =AG27+(Registrering!$E$27) -> 465000 | AI27: =AH27/Tabeller!$H$3 -> 270.34884 | AL27: =((F27*Budsjett!$AG27)) -> 0 | AM27: =((G27*Budsjett!$AG27)*(Tabeller!J$33)) -> 0 | AN27: =((H27*Budsjett!$AG27)*(Tabeller!J$33*Tabeller!J$34)) -> 0 | AO27: =((I27*Budsjett!$AG27)*(Tabeller!J$33*Tabeller!J$34*Tabeller!J$34)) -> 0 | AQ27: =IFERROR(AL27*Budsjett!$G$54,0) -> 0 | AR27: =IFERROR(AM27*Budsjett!$G$54,0) -> 0 | AS27: =IFERROR(AN27*Budsjett!$G$54,0) -> 0 | AT27: =IFERROR(AO27*Budsjett!$G$54,0) -> 0 | BC27: =AQ27 -> 0 | BD27: =AR27 -> 0 | BE27: =AS27 -> 0 | BF27: =AT27 -> 0 | BO27: =A27 -> 0 | BT27: =SUM(BP27:BS27) -> 0 | BV27: =A27 -> 0 | BW27: =IF($C27=$BV$1,AL27,0) -> 0 | BX27: =IF($C27=$BV$1,AM27,0) -> 0 | BY27: =IF($C27=$BV$1,AN27,0) -> 0 | BZ27: =IF($C27=$BV$1,AO27,0) -> 0 | CA27: =SUM(BW27:BZ27) -> 0
A28: Sum | F28: =SUM(F23:F27) -> 0 | G28: =SUM(G23:G27) -> 0 | H28: =SUM(H23:H27) -> 0 | I28: =SUM(I23:I27) -> 0 | J28: =SUM(J23:J27) -> 0 | K28: =SUM(K23:K27) -> 0 | L28: =SUM(L23:L27) -> 0 | M28: =SUM(M23:M27) -> 0 | AL28: =SUM(AL23:AL27) -> 0 | AM28: =SUM(AM23:AM27) -> 0 | AN28: =SUM(AN23:AN27) -> 0 | AO28: =SUM(AO23:AO27) -> 0 | AP28: =SUM(AL28:AO28) -> 0 | AQ28: =SUM(AQ23:AQ27) -> 0 | AR28: =SUM(AR23:AR27) -> 0 | AS28: =SUM(AS23:AS27) -> 0 | AT28: =SUM(AT23:AT27) -> 0 | AU28: =SUM(AQ28:AT28) -> 0 | AW28: =SUM(AW23:AW27) -> 0 | AX28: =SUM(AX23:AX27) -> 0 | AY28: =SUM(AY23:AY27) -> 0 | AZ28: =SUM(AZ23:AZ27) -> 0 | BC28: =SUM(BC23:BC27) -> 0 | BD28: =SUM(BD23:BD27) -> 0 | BE28: =SUM(BE23:BE27) -> 0 | BF28: =SUM(BF23:BF27) -> 0 | BO28: =A28 -> Sum | BT28: =SUM(BP28:BS28) -> 0 | BV28: =A28 -> Sum | BW28: =SUM(BW23:BW27) -> 0 | BX28: =SUM(BX23:BX27) -> 0 | BY28: =SUM(BY23:BY27) -> 0 | BZ28: =SUM(BZ23:BZ27) -> 0 | CA28: =SUM(BW28:BZ28) -> 0
A29: Timelønn - dekkes av prosjektbevilgning | F29: REGISTRER TIMER | BO29: =A29 -> Timelønn - dekkes av prosjektbevilgning | BV29: =A29 -> Timelønn - dekkes av prosjektbevilgning
D30: Årslønn | E30: Navn | F30: =F22 -> Periode 1 (1-18 month) | G30: =G22 -> Periode 2 (19-36 month) | H30: =H22 -> Periode 3 (37-54 month) | I30: =I22 -> Periode 4 (55-60 (72) month) | J30: Sum | K30: Beløp | L30: Overhead | M30: Totalt | Z30: Gj.snitt. Ltr | AA30: Bruttolønn | AB30: inkl lønnsv. | AC30: Lønn | AD30: Feriep | AE30: AGA | AF30: Pensjon | AG30: inkl sos.avg. | AH30: inkl. ind.kost. | AI30: Timesats | AL30: =F30 -> Periode 1 (1-18 month) | AM30: =G30 -> Periode 2 (19-36 month) | AN30: =H30 -> Periode 3 (37-54 month) | AO30: =I30 -> Periode 4 (55-60 (72) month) | AQ30: =AL30 -> Periode 1 (1-18 month) | AR30: =AM30 -> Periode 2 (19-36 month) | AS30: =AN30 -> Periode 3 (37-54 month) | AT30: =AO30 -> Periode 4 (55-60 (72) month) | AW30: =AQ30 -> Periode 1 (1-18 month) | AX30: =AR30 -> Periode 2 (19-36 month) | AY30: =AS30 -> Periode 3 (37-54 month) | AZ30: =AT30 -> Periode 4 (55-60 (72) month) | BC30: =F3 -> Periode 1 (1-18 month) | BD30: =G3 -> Periode 2 (19-36 month) | BE30: =H3 -> Periode 3 (37-54 month) | BF30: =I3 -> Periode 4 (55-60 (72) month) | BO30: =A30 -> 0 | BP30: =BP22 -> Periode 1 (1-18 month) | BQ30: =BQ22 -> Periode 2 (19-36 month) | BR30: =BR22 -> Periode 3 (37-54 month) | BS30: =BS22 -> Periode 4 (55-60 (72) month) | BT30: =BT22 -> Sum årsv | BV30: =A30 -> 0 | BW30: =BW22 -> Periode 1 (1-18 month) | BX30: =BX22 -> Periode 2 (19-36 month) | BY30: =BY22 -> Periode 3 (37-54 month) | BZ30: =BZ22 -> Periode 4 (55-60 (72) month) | CA30: =CA22 -> Sum årsv
A31: Timebasert lønn | C31: EU | J31: =SUM(F31:I31) -> 0 | K31: =SUM(AL31:AO31) -> 0 | L31: =IFERROR(SUM(AQ31:AT31),0) -> 0 | M31: =SUM(K31:L31) -> 0 | Z31: =D31 -> 0 | AA31: =Z31*Tabeller!I$33 -> 0 | AB31: =AA31*Tabeller!$I$35 -> 0 | AC31: =IF(AA31>0,(AB31-400)/52*47,0) -> 0 | AD31: =AC31*Tabeller!$H$24 -> 0 | AE31: =SUM(AC31:AD31,AF31)*Tabeller!$H$25 -> 0 | AF31: =AB31*Tabeller!$H$26 -> 0 | AG31: =SUM(AC31:AF31) -> 0 | AH31: =AG31+(Registrering!$E$27) -> 465000 | AI31: =AG31/Tabeller!$H$3 -> 0 | AL31: =((F31*Budsjett!$AI31)*(Tabeller!I$35)) -> 0 | AM31: =((G31*Budsjett!$AI31)*(Tabeller!J$33)) -> 0 | AN31: =((H31*Budsjett!$AI31)*(Tabeller!J$33*Tabeller!J$34)) -> 0 | AO31: =((I31*Budsjett!$AI31)*(Tabeller!J$33*Tabeller!J$34*Tabeller!J$34)) -> 0 | AQ31: =IFERROR(AL31*Budsjett!$G$54,0) -> 0 | AR31: =IFERROR(AM31*Budsjett!$G$54,0) -> 0 | AS31: =IFERROR(AN31*Budsjett!$G$54,0) -> 0 | AT31: =IFERROR(AO31*Budsjett!$G$54,0) -> 0 | AW31: =IFERROR(AL31*Budsjett!AW$55,0) -> 0 | AX31: =IFERROR(AM31*Budsjett!AX$55,0) -> 0 | AY31: =IFERROR(AN31*Budsjett!AY$55,0) -> 0 | AZ31: =IFERROR(AO31*Budsjett!AZ$55,0) -> 0 | BC31: =AQ31-AW31 -> 0 | BD31: =AR31-AX31 -> 0 | BE31: =AS31-AY31 -> 0 | BF31: =AT31-AZ31 -> 0 | BO31: =A31 -> Timebasert lønn | BP31: =IF($C31=$BO$1,AL31,0) -> 0 | BQ31: =IF($C31=$BO$1,AM31,0) -> 0 | BR31: =IF($C31=$BO$1,AN31,0) -> 0 | BS31: =IF($C31=$BO$1,AO31,0) -> 0 | BT31: =SUM(BP31:BS31) -> 0 | BV31: =A31 -> Timebasert lønn | CA31: =SUM(BW31:BZ31) -> 0
A32: Timebasert lønn | C32: EU | J32: =SUM(F32:I32) -> 0 | K32: =SUM(AL32:AO32) -> 0 | L32: =IFERROR(SUM(AQ32:AT32),0) -> 0 | M32: =SUM(K32:L32) -> 0 | Z32: =D32 -> 0 | AA32: =Z32*Tabeller!I$33 -> 0 | AB32: =AA32*Tabeller!$I$35 -> 0 | AC32: =IF(AA32>0,(AB32-400)/52*47,0) -> 0 | AD32: =AC32*Tabeller!$H$24 -> 0 | AE32: =SUM(AC32:AD32,AF32)*Tabeller!$H$25 -> 0 | AF32: =AB32*Tabeller!$H$26 -> 0 | AG32: =SUM(AC32:AF32) -> 0 | AH32: =AG32+(Registrering!$E$27) -> 465000 | AI32: =AG32/Tabeller!$H$3 -> 0 | AL32: =((F32*Budsjett!$AI32)*(Tabeller!I$35)) -> 0 | AM32: =((G32*Budsjett!$AI32)*(Tabeller!J$33)) -> 0 | AN32: =((H32*Budsjett!$AI32)*(Tabeller!J$33*Tabeller!J$34)) -> 0 | AO32: =((I32*Budsjett!$AI32)*(Tabeller!J$33*Tabeller!J$34*Tabeller!J$34)) -> 0 | AQ32: =IFERROR(AL32*Budsjett!$G$54,0) -> 0 | AR32: =IFERROR(AM32*Budsjett!$G$54,0) -> 0 | AS32: =IFERROR(AN32*Budsjett!$G$54,0) -> 0 | AT32: =IFERROR(AO32*Budsjett!$G$54,0) -> 0 | AW32: =IFERROR(AL32*Budsjett!AW$55,0) -> 0 | AX32: =IFERROR(AM32*Budsjett!AX$55,0) -> 0 | AY32: =IFERROR(AN32*Budsjett!AY$55,0) -> 0 | AZ32: =IFERROR(AO32*Budsjett!AZ$55,0) -> 0 | BC32: =AQ32-AW32 -> 0 | BD32: =AR32-AX32 -> 0 | BE32: =AS32-AY32 -> 0 | BF32: =AT32-AZ32 -> 0 | BO32: =A32 -> Timebasert lønn | BP32: =IF($C32=$BO$1,AL32,0) -> 0 | BQ32: =IF($C32=$BO$1,AM32,0) -> 0 | BR32: =IF($C32=$BO$1,AN32,0) -> 0 | BS32: =IF($C32=$BO$1,AO32,0) -> 0 | BT32: =SUM(BP32:BS32) -> 0 | BV32: =A32 -> Timebasert lønn | CA32: =SUM(BW32:BZ32) -> 0
A33: Timebasert lønn | C33: EU | J33: =SUM(F33:I33) -> 0 | K33: =SUM(AL33:AO33) -> 0 | L33: =IFERROR(SUM(AQ33:AT33),0) -> 0 | M33: =SUM(K33:L33) -> 0 | Z33: =D33 -> 0 | AA33: =Z33*Tabeller!I$33 -> 0 | AB33: =AA33*Tabeller!$I$35 -> 0 | AC33: =IF(AA33>0,(AB33-400)/52*47,0) -> 0 | AD33: =AC33*Tabeller!$H$24 -> 0 | AE33: =SUM(AC33:AD33,AF33)*Tabeller!$H$25 -> 0 | AF33: =AB33*Tabeller!$H$26 -> 0 | AG33: =SUM(AC33:AF33) -> 0 | AH33: =AG33+(Registrering!$E$27) -> 465000 | AI33: =AG33/Tabeller!$H$3 -> 0 | AL33: =((F33*Budsjett!$AI33)*(Tabeller!I$35)) -> 0 | AM33: =((G33*Budsjett!$AI33)*(Tabeller!J$33)) -> 0 | AN33: =((H33*Budsjett!$AI33)*(Tabeller!J$33*Tabeller!J$34)) -> 0 | AO33: =((I33*Budsjett!$AI33)*(Tabeller!J$33*Tabeller!J$34*Tabeller!J$34)) -> 0 | AQ33: =IFERROR(AL33*Budsjett!$G$54,0) -> 0 | AR33: =IFERROR(AM33*Budsjett!$G$54,0) -> 0 | AS33: =IFERROR(AN33*Budsjett!$G$54,0) -> 0 | AT33: =IFERROR(AO33*Budsjett!$G$54,0) -> 0 | AW33: =IFERROR(AL33*Budsjett!AW$55,0) -> 0 | AX33: =IFERROR(AM33*Budsjett!AX$55,0) -> 0 | AY33: =IFERROR(AN33*Budsjett!AY$55,0) -> 0 | AZ33: =IFERROR(AO33*Budsjett!AZ$55,0) -> 0 | BC33: =AQ33-AW33 -> 0 | BD33: =AR33-AX33 -> 0 | BE33: =AS33-AY33 -> 0 | BF33: =AT33-AZ33 -> 0 | BO33: =A33 -> Timebasert lønn | BP33: =IF($C33=$BO$1,AL33,0) -> 0 | BQ33: =IF($C33=$BO$1,AM33,0) -> 0 | BR33: =IF($C33=$BO$1,AN33,0) -> 0 | BS33: =IF($C33=$BO$1,AO33,0) -> 0 | BT33: =SUM(BP33:BS33) -> 0 | BV33: =A33 -> Timebasert lønn | CA33: =SUM(BW33:BZ33) -> 0
A34: Sum | F34: =SUM(F31:F33) -> 0 | G34: =SUM(G31:G33) -> 0 | H34: =SUM(H31:H33) -> 0 | I34: =SUM(I31:I33) -> 0 | J34: =SUM(J31:J33) -> 0 | K34: =SUM(K31:K33) -> 0 | L34: =SUM(L31:L33) -> 0 | M34: =SUM(M31:M33) -> 0 | AL34: =SUM(AL31:AL33) -> 0 | AM34: =SUM(AM31:AM33) -> 0 | AN34: =SUM(AN31:AN33) -> 0 | AO34: =SUM(AO31:AO33) -> 0 | AP34: =SUM(AL34:AO34) -> 0 | AQ34: =SUM(AQ31:AQ33) -> 0 | AR34: =SUM(AR31:AR33) -> 0 | AS34: =SUM(AS31:AS33) -> 0 | AT34: =SUM(AT31:AT33) -> 0 | AU34: =SUM(AQ34:AT34) -> 0 | AW34: =SUM(AW31:AW33) -> 0 | AX34: =SUM(AX31:AX33) -> 0 | AY34: =SUM(AY31:AY33) -> 0 | AZ34: =SUM(AZ31:AZ33) -> 0 | BC34: =SUM(BC31:BC33) -> 0 | BD34: =SUM(BD31:BD33) -> 0 | BE34: =SUM(BE31:BE33) -> 0 | BF34: =SUM(BF31:BF33) -> 0 | BO34: =A34 -> Sum | BP34: =SUM(BP31:BP33) -> 0 | BQ34: =SUM(BQ31:BQ33) -> 0 | BR34: =SUM(BR31:BR33) -> 0 | BS34: =SUM(BS31:BS33) -> 0 | BT34: =SUM(BT31:BT33) -> 0 | BV34: =A34 -> Sum | BW34: =SUM(BW31:BW33) -> 0 | BX34: =SUM(BX31:BX33) -> 0 | BY34: =SUM(BY31:BY33) -> 0 | BZ34: =SUM(BZ31:BZ33) -> 0 | CA34: =SUM(CA31:CA33) -> 0
A35: Total arbeidsinnsats for prosjektet (årsverk) | F35: =F12+F28+F20+F34/Tabeller!$H$3 -> 0 | G35: =G12+G28+G20+G34/Tabeller!$H$3 -> 0 | H35: =H12+H28+H20+H34/Tabeller!$H$3 -> 0 | I35: =I12+I28+I20+I34/Tabeller!$H$3 -> 0 | J35: =J12+J28+J20+J34/Tabeller!$H$3 -> 0 | K35: =K28+K20+K12+K34 -> 0 | L35: =L28+L20+L12+L34 -> 0 | M35: =M28+M20+M12 -> 0 | AL35: =AL28+AL20+AL12+AL34 -> 0 | AM35: =AM28+AM20+AM12+AM34 -> 0 | AN35: =AN28+AN20+AN12+AN34 -> 0 | AO35: =AO28+AO20+AO12+AO34 -> 0 | AP35: =SUM(AL35:AO35) -> 0 | AQ35: =AQ28+AQ20+AQ12+AQ34 -> 0 | AR35: =AR28+AR20+AR12+AR34 -> 0 | AS35: =AS28+AS20+AS12+AS34 -> 0 | AT35: =AT28+AT20+AT12+AT34 -> 0 | AU35: =SUM(AQ35:AT35) -> 0 | AW35: =AW28+AW20+AW12+AW34 -> 0 | AX35: =AX28+AX20+AX12+AX34 -> 0 | AY35: =AY28+AY20+AY12+AY34 -> 0 | AZ35: =AZ28+AZ20+AZ12+AZ34 -> 0 | BA35: =SUM(AW35:AZ35) -> 0 | BC35: =BC28+BC20+BC12+BC34 -> 0 | BD35: =BD28+BD20+BD12+BD34 -> 0 | BE35: =BE28+BE20+BE12+BE34 -> 0 | BF35: =BF28+BF20+BF12+BF34 -> 0 | BO35: =A35 -> Total arbeidsinnsats for prosjektet (årsverk) | BP35: =BP28+BP20+BP12+BP34 -> 0 | BQ35: =BQ28+BQ20+BQ12+BQ34 -> 0 | BR35: =BR28+BR20+BR12+BR34 -> 0 | BS35: =BS28+BS20+BS12+BS34 -> 0 | BT35: =BT28+BT20+BT12+BT34 -> 0 | BV35: =A35 -> Total arbeidsinnsats for prosjektet (årsverk) | BW35: =BW28+BW20+BW12+BW34 -> 0 | BX35: =BX28+BX20+BX12+BX34 -> 0 | BY35: =BY28+BY20+BY12+BY34 -> 0 | BZ35: =BZ28+BZ20+BZ12+BZ34 -> 0 | CA35: =CA28+CA20+CA12+CA34 -> 0
A36: Direkte driftsmidler | F36: REGISTRER DRIFTSKOSTNADER | BO36: =A36 -> Direkte driftsmidler | BV36: =A36 -> Direkte driftsmidler
E37: Kommentarfelt | F37: =F3 -> Periode 1 (1-18 month) | G37: =G3 -> Periode 2 (19-36 month) | H37: =H3 -> Periode 3 (37-54 month) | I37: =I3 -> Periode 4 (55-60 (72) month) | M37: Totalt | AL37: =F37 -> Periode 1 (1-18 month) | AM37: =G37 -> Periode 2 (19-36 month) | AN37: =H37 -> Periode 3 (37-54 month) | AO37: =I37 -> Periode 4 (55-60 (72) month) | BO37: =A37 -> 0 | BP37: =BP3 -> Periode 1 (1-18 month) | BQ37: =BQ3 -> Periode 2 (19-36 month) | BR37: =BR3 -> Periode 3 (37-54 month) | BS37: =BS3 -> Periode 4 (55-60 (72) month) | BT37: =BT3 -> Sum årsv | BV37: =A37 -> 0 | BW37: =BW30 -> Periode 1 (1-18 month) | BX37: =BX30 -> Periode 2 (19-36 month) | BY37: =BY30 -> Periode 3 (37-54 month) | BZ37: =BZ30 -> Periode 4 (55-60 (72) month) | CA37: =CA30 -> Sum årsv
A38: Lab./feltundersøkelser | C38: EU | M38: =SUM(F38:I38) -> 0 | AL38: =F38 -> 0 | AM38: =G38 -> 0 | AN38: =H38 -> 0 | AO38: =I38 -> 0 | AP38: =SUM(AL38:AO38) -> 0 | BO38: =A38 -> Lab./feltundersøkelser | BP38: =IF($C38=$BO$1,AL38,0) -> 0 | BQ38: =IF($C38=$BO$1,AM38,0) -> 0 | BR38: =IF($C38=$BO$1,AN38,0) -> 0 | BS38: =IF($C38=$BO$1,AO38,0) -> 0 | BT38: =SUM(BP38:BS38) -> 0 | BV38: =A38 -> Lab./feltundersøkelser | BW38: =IF($C38=$BV$1,AL38,0) -> 0 | BX38: =IF($C38=$BV$1,-AM38,0) -> 0 | BY38: =IF($C38=$BV$1,-AN38,0) -> 0 | BZ38: =IF($C38=$BV$1,-AO38,0) -> 0 | CA38: =SUM(BW38:BZ38) -> 0
A39: Reiser/konferanser/mv. | C39: EU | M39: =SUM(F39:I39) -> 0 | AL39: =F39 -> 0 | AM39: =G39 -> 0 | AN39: =H39 -> 0 | AO39: =I39 -> 0 | AP39: =SUM(AL39:AO39) -> 0 | BO39: =A39 -> Reiser/konferanser/mv. | BP39: =IF($C39=$BO$1,AL39,0) -> 0 | BQ39: =IF($C39=$BO$1,AM39,0) -> 0 | BR39: =IF($C39=$BO$1,AN39,0) -> 0 | BS39: =IF($C39=$BO$1,AO39,0) -> 0 | BT39: =SUM(BP39:BS39) -> 0 | BV39: =A39 -> Reiser/konferanser/mv. | BW39: =IF($C39=$BV$1,AL39,0) -> 0 | BX39: =IF($C39=$BV$1,-AM39,0) -> 0 | BY39: =IF($C39=$BV$1,-AN39,0) -> 0 | BZ39: =IF($C39=$BV$1,-AO39,0) -> 0 | CA39: =SUM(BW39:BZ39) -> 0
A40: Andre driftskostnader | C40: EU | M40: =SUM(F40:I40) -> 0 | AL40: =F40 -> 0 | AM40: =G40 -> 0 | AN40: =H40 -> 0 | AO40: =I40 -> 0 | AP40: =SUM(AL40:AO40) -> 0 | BO40: =A40 -> Andre driftskostnader | BP40: =IF($C40=$BO$1,AL40,0) -> 0 | BQ40: =IF($C40=$BO$1,AM40,0) -> 0 | BR40: =IF($C40=$BO$1,AN40,0) -> 0 | BS40: =IF($C40=$BO$1,AO40,0) -> 0 | BT40: =SUM(BP40:BS40) -> 0 | BV40: =A40 -> Andre driftskostnader | BW40: =IF($C40=$BV$1,AL40,0) -> 0 | BX40: =IF($C40=$BV$1,-AM40,0) -> 0 | BY40: =IF($C40=$BV$1,-AN40,0) -> 0 | BZ40: =IF($C40=$BV$1,-AO40,0) -> 0 | CA40: =SUM(BW40:BZ40) -> 0
A41: Leiested - internt finansiert | C41: Egenandel | F41: =IF(Leiested!$B$7="Egenandel",Leiested!E7,0)+IF(Leiested!$B$11="Egenandel",Leiested!E11,0)+IF(Leiested!$B$15="Egenandel",Leiested!E15,0)+IF(Leiested!$B$19="Egenandel",Leiested!E19,0)+IF(Leiested!$B$23="Egenandel",Leiested!E23,0)+IF(Leiested!$B$27="Egenandel",Leiested!E27,0)+IF(Leiested!$B$31="Egenandel",Leiested!E31,0)+IF(Leiested!$B$35="Egenandel",Leiested!E35,0)+IF(Leiested!$B$39="Egenandel",Leiested!E39,0)+IF(Leiested!$B$43="Egenandel",Leiested!E43,0)+IF(Leiested!$B$47="Egenandel",Leiested!E47,0)+IF(Leiested!$B$51="Egenandel",Leiested!E51,0)+IF(Leiested!$B$55="Egenandel",Leiested!E55,0)+IF(Leiested!$B$59="Egenandel",Leiested!E59,0)+IF(Leiested!$B$63="Egenandel",Leiested!E63,0) -> 0 | G41: =IF(Leiested!$B$7="Egenandel",Leiested!F7,0)+IF(Leiested!$B$11="Egenandel",Leiested!F11,0)+IF(Leiested!$B$15="Egenandel",Leiested!F15,0)+IF(Leiested!$B$19="Egenandel",Leiested!F19,0)+IF(Leiested!$B$23="Egenandel",Leiested!F23,0)+IF(Leiested!$B$27="Egenandel",Leiested!F27,0)+IF(Leiested!$B$31="Egenandel",Leiested!F31,0)+IF(Leiested!$B$35="Egenandel",Leiested!F35,0)+IF(Leiested!$B$39="Egenandel",Leiested!F39,0)+IF(Leiested!$B$43="Egenandel",Leiested!F43,0)+IF(Leiested!$B$47="Egenandel",Leiested!F47,0)+IF(Leiested!$B$51="Egenandel",Leiested!F51,0)+IF(Leiested!$B$55="Egenandel",Leiested!F55,0)+IF(Leiested!$B$59="Egenandel",Leiested!F59,0)+IF(Leiested!$B$63="Egenandel",Leiested!F63,0) -> 0 | H41: =IF(Leiested!$B$7="Egenandel",Leiested!G7,0)+IF(Leiested!$B$11="Egenandel",Leiested!G11,0)+IF(Leiested!$B$15="Egenandel",Leiested!G15,0)+IF(Leiested!$B$19="Egenandel",Leiested!G19,0)+IF(Leiested!$B$23="Egenandel",Leiested!G23,0)+IF(Leiested!$B$27="Egenandel",Leiested!G27,0)+IF(Leiested!$B$31="Egenandel",Leiested!G31,0)+IF(Leiested!$B$35="Egenandel",Leiested!G35,0)+IF(Leiested!$B$39="Egenandel",Leiested!G39,0)+IF(Leiested!$B$43="Egenandel",Leiested!G43,0)+IF(Leiested!$B$47="Egenandel",Leiested!G47,0)+IF(Leiested!$B$51="Egenandel",Leiested!G51,0)+IF(Leiested!$B$55="Egenandel",Leiested!G55,0)+IF(Leiested!$B$59="Egenandel",Leiested!G59,0)+IF(Leiested!$B$63="Egenandel",Leiested!G63,0) -> 0 | I41: =IF(Leiested!$B$7="Egenandel",Leiested!H7,0)+IF(Leiested!$B$11="Egenandel",Leiested!H11,0)+IF(Leiested!$B$15="Egenandel",Leiested!H15,0)+IF(Leiested!$B$19="Egenandel",Leiested!H19,0)+IF(Leiested!$B$23="Egenandel",Leiested!H23,0)+IF(Leiested!$B$27="Egenandel",Leiested!H27,0)+IF(Leiested!$B$31="Egenandel",Leiested!H31,0)+IF(Leiested!$B$35="Egenandel",Leiested!H35,0)+IF(Leiested!$B$39="Egenandel",Leiested!H39,0)+IF(Leiested!$B$43="Egenandel",Leiested!H43,0)+IF(Leiested!$B$47="Egenandel",Leiested!H47,0)+IF(Leiested!$B$51="Egenandel",Leiested!H51,0)+IF(Leiested!$B$55="Egenandel",Leiested!H55,0)+IF(Leiested!$B$59="Egenandel",Leiested!H59,0)+IF(Leiested!$B$63="Egenandel",Leiested!H63,0) -> 0 | M41: =SUM(F41:I41) -> 0 | AL41: =F41 -> 0 | AM41: =G41 -> 0 | AN41: =H41 -> 0 | AO41: =I41 -> 0 | AP41: =SUM(AL41:AO41) -> 0 | BO41: =A41 -> Leiested - internt finansiert | BP41: =IF($C41=$BO$1,AL41,0) -> 0 | BQ41: =IF($C41=$BO$1,AM41,0) -> 0 | BR41: =IF($C41=$BO$1,AN41,0) -> 0 | BS41: =IF($C41=$BO$1,AO41,0) -> 0 | BT41: =SUM(BP41:BS41) -> 0 | BV41: =A41 -> Leiested - internt finansiert | BW41: =IF($C41=$BV$1,AL41,0) -> 0 | BX41: =IF($C41=$BV$1,AM41,0) -> 0 | BY41: =IF($C41=$BV$1,AN41,0) -> 0 | BZ41: =IF($C41=$BV$1,AO41,0) -> 0 | CA41: =SUM(BW41:BZ41) -> 0
A42: Leiested - eksternt finansiert | C42: EU | F42: =IF(Leiested!$B$7="Egenandel",0,Leiested!E7)+IF(Leiested!$B$11="Egenandel",0,Leiested!E11)+IF(Leiested!$B$15="Egenandel",0,Leiested!E15)+IF(Leiested!$B$19="Egenandel",0,Leiested!E19)+IF(Leiested!$B$23="Egenandel",0,Leiested!E23)+IF(Leiested!$B$27="Egenandel",0,Leiested!E27)+IF(Leiested!$B$31="Egenandel",0,Leiested!E31)+IF(Leiested!$B$35="Egenandel",0,Leiested!E35)+IF(Leiested!$B$39="Egenandel",0,Leiested!E39)+IF(Leiested!$B$43="Egenandel",0,Leiested!E43)+IF(Leiested!$B$47="Egenandel",0,Leiested!E47)+IF(Leiested!$B$51="Egenandel",0,Leiested!E51)+IF(Leiested!$B$55="Egenandel",0,Leiested!E55)+IF(Leiested!$B$59="Egenandel",0,Leiested!E59)+IF(Leiested!$B$63="Egenandel",0,Leiested!E63) -> 0 | G42: =IF(Leiested!$B$7="Egenandel",0,Leiested!F7)+IF(Leiested!$B$11="Egenandel",0,Leiested!F11)+IF(Leiested!$B$15="Egenandel",0,Leiested!F15)+IF(Leiested!$B$19="Egenandel",0,Leiested!F19)+IF(Leiested!$B$23="Egenandel",0,Leiested!F23)+IF(Leiested!$B$27="Egenandel",0,Leiested!F27)+IF(Leiested!$B$31="Egenandel",0,Leiested!F31)+IF(Leiested!$B$35="Egenandel",0,Leiested!F35)+IF(Leiested!$B$39="Egenandel",0,Leiested!F39)+IF(Leiested!$B$43="Egenandel",0,Leiested!F43)+IF(Leiested!$B$47="Egenandel",0,Leiested!F47)+IF(Leiested!$B$51="Egenandel",0,Leiested!F51)+IF(Leiested!$B$55="Egenandel",0,Leiested!F55)+IF(Leiested!$B$59="Egenandel",0,Leiested!F59)+IF(Leiested!$B$63="Egenandel",0,Leiested!F63) -> 0 | H42: =IF(Leiested!$B$7="Egenandel",0,Leiested!G7)+IF(Leiested!$B$11="Egenandel",0,Leiested!G11)+IF(Leiested!$B$15="Egenandel",0,Leiested!G15)+IF(Leiested!$B$19="Egenandel",0,Leiested!G19)+IF(Leiested!$B$23="Egenandel",0,Leiested!G23)+IF(Leiested!$B$27="Egenandel",0,Leiested!G27)+IF(Leiested!$B$31="Egenandel",0,Leiested!G31)+IF(Leiested!$B$35="Egenandel",0,Leiested!G35)+IF(Leiested!$B$39="Egenandel",0,Leiested!G39)+IF(Leiested!$B$43="Egenandel",0,Leiested!G43)+IF(Leiested!$B$47="Egenandel",0,Leiested!G47)+IF(Leiested!$B$51="Egenandel",0,Leiested!G51)+IF(Leiested!$B$55="Egenandel",0,Leiested!G55)+IF(Leiested!$B$59="Egenandel",0,Leiested!G59)+IF(Leiested!$B$63="Egenandel",0,Leiested!G63) -> 0 | I42: =IF(Leiested!$B$7="Egenandel",0,Leiested!H7)+IF(Leiested!$B$11="Egenandel",0,Leiested!H11)+IF(Leiested!$B$15="Egenandel",0,Leiested!H15)+IF(Leiested!$B$19="Egenandel",0,Leiested!H19)+IF(Leiested!$B$23="Egenandel",0,Leiested!H23)+IF(Leiested!$B$27="Egenandel",0,Leiested!H27)+IF(Leiested!$B$31="Egenandel",0,Leiested!H31)+IF(Leiested!$B$35="Egenandel",0,Leiested!H35)+IF(Leiested!$B$39="Egenandel",0,Leiested!H39)+IF(Leiested!$B$43="Egenandel",0,Leiested!H43)+IF(Leiested!$B$47="Egenandel",0,Leiested!H47)+IF(Leiested!$B$51="Egenandel",0,Leiested!H51)+IF(Leiested!$B$55="Egenandel",0,Leiested!H55)+IF(Leiested!$B$59="Egenandel",0,Leiested!H59)+IF(Leiested!$B$63="Egenandel",0,Leiested!H63) -> 0 | M42: =SUM(F42:I42) -> 0 | AL42: =F42 -> 0 | AM42: =G42 -> 0 | AN42: =H42 -> 0 | AO42: =I42 -> 0 | AP42: =SUM(AL42:AO42) -> 0 | BO42: =A42 -> Leiested - eksternt finansiert | BP42: =IF($C42=$BO$1,AL42,0) -> 0 | BQ42: =IF($C42=$BO$1,AM42,0) -> 0 | BR42: =IF($C42=$BO$1,AN42,0) -> 0 | BS42: =IF($C42=$BO$1,AO42,0) -> 0 | BT42: =SUM(BP42:BS42) -> 0 | BV42: =A42 -> Leiested - eksternt finansiert | BW42: =IF($C42=$BV$1,AL42,0) -> 0 | BX42: =IF($C42=$BV$1,-AM42,0) -> 0 | BY42: =IF($C42=$BV$1,-AN42,0) -> 0 | BZ42: =IF($C42=$BV$1,-AO42,0) -> 0 | CA42: =SUM(BW42:BZ42) -> 0
A43: Publikasjoner | C43: EU | M43: =SUM(F43:I43) -> 0 | AL43: =F43 -> 0 | AM43: =G43 -> 0 | AN43: =H43 -> 0 | AO43: =I43 -> 0 | AP43: =SUM(AL43:AO43) -> 0 | BO43: =A43 -> Publikasjoner | BP43: =IF($C43=$BO$1,AL43,0) -> 0 | BQ43: =IF($C43=$BO$1,AM43,0) -> 0 | BR43: =IF($C43=$BO$1,AN43,0) -> 0 | BS43: =IF($C43=$BO$1,AO43,0) -> 0 | BT43: =SUM(BP43:BS43) -> 0 | BV43: =A43 -> Publikasjoner | BW43: =IF($C43=$BV$1,AL43,0) -> 0 | BX43: =IF($C43=$BV$1,-AM43,0) -> 0 | BY43: =IF($C43=$BV$1,-AN43,0) -> 0 | BZ43: =IF($C43=$BV$1,-AO43,0) -> 0 | CA43: =SUM(BW43:BZ43) -> 0
A44: Innkjøp av FoU-tjenester/ Subcontracting | C44: EU | M44: =SUM(F44:I44) -> 0 | AL44: =F44 -> 0 | AM44: =G44 -> 0 | AN44: =H44 -> 0 | AO44: =I44 -> 0 | AP44: =SUM(AL44:AO44) -> 0 | BO44: =A44 -> Innkjøp av FoU-tjenester/ Subcontracting | BP44: =IF($C44=$BO$1,AL44,0) -> 0 | BQ44: =IF($C44=$BO$1,AM44,0) -> 0 | BR44: =IF($C44=$BO$1,AN44,0) -> 0 | BS44: =IF($C44=$BO$1,AO44,0) -> 0 | BT44: =SUM(BP44:BS44) -> 0 | BV44: =A44 -> Innkjøp av FoU-tjenester/ Subcontracting | BW44: =IF($C44=$BV$1,AL44,0) -> 0 | BX44: =IF($C44=$BV$1,-AM44,0) -> 0 | BY44: =IF($C44=$BV$1,-AN44,0) -> 0 | BZ44: =IF($C44=$BV$1,-AO44,0) -> 0 | CA44: =SUM(BW44:BZ44) -> 0
A45: Viderefordelte midler | B45: Brukes unntaksvis, se utlysning | C45: EU | M45: =SUM(F45:I45) -> 0 | AL45: =F45 -> 0 | AM45: =G45 -> 0 | AN45: =H45 -> 0 | AO45: =I45 -> 0 | AP45: =SUM(AL45:AO45) -> 0 | BO45: =A45 -> Viderefordelte midler | BP45: =IF($C45=$BO$1,AL45,0) -> 0 | BQ45: =IF($C45=$BO$1,AM45,0) -> 0 | BR45: =IF($C45=$BO$1,AN45,0) -> 0 | BS45: =IF($C45=$BO$1,AO45,0) -> 0 | BT45: =SUM(BP45:BS45) -> 0 | BV45: =A45 -> Viderefordelte midler | BW45: =IF($C45=$BV$1,-AL45,0) -> 0 | BX45: =IF($C45=$BV$1,-AM45,0) -> 0 | BY45: =IF($C45=$BV$1,-AN45,0) -> 0 | BZ45: =IF($C45=$BV$1,-AO45,0) -> 0 | CA45: =SUM(BW45:BZ45) -> 0
A46: Investeringer (utstyr) | C46: EU | M46: =SUM(F46:I46) -> 0 | AL46: =F46 -> 0 | AM46: =G46 -> 0 | AN46: =H46 -> 0 | AO46: =I46 -> 0 | AP46: =SUM(AL46:AO46) -> 0 | BO46: =A46 -> Investeringer (utstyr) | BP46: =IF($C46=$BO$1,AL46,0) -> 0 | BQ46: =IF($C46=$BO$1,AM46,0) -> 0 | BR46: =IF($C46=$BO$1,AN46,0) -> 0 | BS46: =IF($C46=$BO$1,AO46,0) -> 0 | BT46: =SUM(BP46:BS46) -> 0 | BV46: =A46 -> Investeringer (utstyr) | BW46: =IF($C46=$BV$1,-AL46,0) -> 0 | BX46: =IF($C46=$BV$1,-AM46,0) -> 0 | BY46: =IF($C46=$BV$1,-AN46,0) -> 0 | BZ46: =IF($C46=$BV$1,-AO46,0) -> 0 | CA46: =SUM(BW46:BZ46) -> 0
A47: Sum | F47: =SUM(F38:F46) -> 0 | G47: =SUM(G38:G46) -> 0 | H47: =SUM(H38:H46) -> 0 | I47: =SUM(I38:I46) -> 0 | M47: =SUM(M38:M46) -> 0 | AK47: =(AL12+AL47-AL44)*0.25+AL47+AL12 -> 0 | AL47: =SUM(AL38:AL46) -> 0 | AM47: =SUM(AM38:AM46) -> 0 | AN47: =SUM(AN38:AN46) -> 0 | AO47: =SUM(AO38:AO46) -> 0 | AP47: =SUM(AL47:AO47) -> 0 | BO47: =A47 -> Sum | BP47: =SUM(BP38:BP46) -> 0 | BQ47: =SUM(BQ38:BQ46) -> 0 | BR47: =SUM(BR38:BR46) -> 0 | BS47: =SUM(BS38:BS46) -> 0 | BT47: =SUM(BP47:BS47) -> 0 | BV47: =A47 -> Sum | BW47: =SUM(BW38:BW46) -> 0 | BX47: =SUM(BX38:BX46) -> 0 | BY47: =SUM(BY38:BY46) -> 0 | BZ47: =SUM(BZ38:BZ46) -> 0 | CA47: =SUM(BW47:BZ47) -> 0
BV48: =A48 -> 0
A49: Eksterne inntekter | E49: =Registrering!C26 -> Fast beløp | F49: =Finansiering!C7 -> 0 | G49: =Finansiering!D7 -> 0 | H49: =Finansiering!E7 -> 0 | I49: =Finansiering!F7 -> 0 | M49: =SUM(F49:I49) -> 0 | AL49: =AL12+AL20+AL47+AQ35 -> 0 | AM49: totale kostnader | BO49: =SUM(BO38:BO46)+SUM(#REF!)+SUM(BO31:BO33)+SUM(BO15:BO19)+SUM(BO4:BO11) -> #REF! | BP49: =SUM(BP38:BP46)+SUM(BP31:BP33)+SUM(BP15:BP19)+SUM(BP4:BP11) -> 0 | BQ49: =SUM(BQ38:BQ46)+SUM(BQ31:BQ33)+SUM(BQ15:BQ19)+SUM(BQ4:BQ11) -> 0 | BR49: =SUM(BR38:BR46)+SUM(BR31:BR33)+SUM(BR15:BR19)+SUM(BR4:BR11) -> 0 | BS49: =SUM(BS38:BS46)+SUM(BS31:BS33)+SUM(BS15:BS19)+SUM(BS4:BS11) -> 0 | BT49: =SUM(BT38:BT46)+SUM(BT31:BT33)+SUM(BT15:BT19)+SUM(BT4:BT11) -> 0 | BV49: =A49 -> Eksterne inntekter | BW49: =SUM(BW38:BW46)+SUM(BW31:BW33)+SUM(BW15:BW19)+SUM(BW4:BW11) -> 0 | BX49: =SUM(BX38:BX46)+SUM(BX31:BX33)+SUM(BX15:BX19)+SUM(BX4:BX11) -> 0 | BY49: =SUM(BY38:BY46)+SUM(BY31:BY33)+SUM(BY15:BY19)+SUM(BY4:BY11) -> 0 | BZ49: =SUM(BZ38:BZ46)+SUM(BZ31:BZ33)+SUM(BZ15:BZ19)+SUM(BZ4:BZ11) -> 0 | CA49: =SUM(CA38:CA46)+SUM(CA31:CA33)+SUM(CA15:CA19)+SUM(CA4:CA11) -> 0
A50: Egenandel | E50: =Registrering!C25 -> Kostnadsspesifikk | F50: =BI6 -> 0 | G50: =BJ6 -> 0 | H50: =BK6 -> 0 | I50: =BL6 -> 0 | M50: =SUM(F50:I50) -> 0 | AL50: =AL12+AL20+AL47-AL41 -> 0 | AM50: direkte kostnader - grunnlag eu -inntekt | BP50: =BP49*1.25 -> 0 | BQ50: =BQ49*1.25 -> 0 | BR50: =BR49*1.25 -> 0 | BS50: =BS49*1.25 -> 0
A51: Totale kostnader | F51: =BI4 -> 0 | G51: =BJ4 -> 0 | H51: =BK4 -> 0 | I51: =BL4 -> 0 | M51: =SUM(F51:I51) -> 0 | AL51: =AL50*1.25 -> 0 | AM51: Eu-inntekt
A52: Resultat | F52: =SUM(F49:F51) -> 0 | G52: =SUM(G49:G51) -> 0 | H52: =SUM(H49:H51) -> 0 | I52: =SUM(I49:I51) -> 0 | M52: =SUM(M49:M51) -> 0 | AL52: =AL49-AL51 -> 0
F53: REGISTRER TOTAL OVERHEAD OG EKSTERNT FINANSIERT OVERHEAD
A54: Påslag lik sats overheadkostnader (indirekte kostnader) | F54: Benyttet sats: | G54: =AU55 -> 0 | AP54: Gjennomsnitt for perioden
A55: Eksternt finansiert overhead | F55: Benyttet sats: | G55: =IFERROR(-(M49+K12+K20+M47-M41)/(K12+K20+K34),"") | AP55: Sats TOT OH | AQ55: =AQ63 | AR55: =AR63 | AS55: =AS63 | AT55: =AT63 | AU55: =IFERROR(AQ55*(AQ57+AQ60)/AU61,0)+IFERROR(AR55*(AR57+AR60)/AU61,0)+IFERROR(AS55*(AS57+AS60)/AU61,0)+IFERROR(AT55*(AT57+AT60)/AU61,0) -> 0 | AW55: =-(F49+(F47-F41)+AL12+AL20+AL34)/(AL12+AL20+AL34) -> #DIV/0! | AX55: =-(G49+(G47-G41)+AM12+AM20+AM34)/(AM12+AM20+AM34) -> #DIV/0! | AY55: =-(H49+(H47-H41)+AN12+AN20+AN34)/(AN12+AN20+AN34) -> #DIV/0! | AZ55: =-(I49+(I47-I41)+AO12+AO20+AO34)/(AO12+AO20+AO34) -> #DIV/0!
AP56: Teknisk/adm. bistand | AQ56: =SUMIF($A$4:$A$27,$AP$56,F4:F27) -> 0 | AR56: =SUMIF($A$4:$A$27,$AP$56,G4:G27) -> 0 | AS56: =SUMIF($A$4:$A$27,$AP$56,H4:H27) -> 0 | AT56: =SUMIF($A$4:$A$27,$AP$56,I4:I27) -> 0 | AU56: Sats OH pr år
A57: Prosjektets nettobidrag: | F57: Totalt beløp | G57: ='Intern oversikt'!G26 -> 0 | AP57: Teknisk/adm. bistand | AQ57: =SUMIF($A$4:$A$27,$AP$57,AL4:AL27) -> 0 | AR57: =SUMIF($A$4:$A$27,$AP$57,AM4:AM27) -> 0 | AS57: =SUMIF($A$4:$A$27,$AP$57,AN4:AN27) -> 0 | AT57: =SUMIF($A$4:$A$27,$AP$57,AO4:AO27) -> 0 | AU57: =SUM(AQ57:AT57) -> 0
A58: Mer inntekt/kostnad for instituttet | AQ58: =IFERROR(((AQ56*Tabeller!$J$14)/Budsjett!AQ57),0) -> 0 | AR58: =IFERROR(((AR56*Tabeller!$J$14)/Budsjett!AR57),0) -> 0 | AS58: =IFERROR(((AS56*Tabeller!$J$14)/Budsjett!AS57),0) -> 0
A59: Prosjektets reelle nettobidrag | G59: =G57-G58 -> 0 | AP59: Øvrige | AQ59: =F35-AQ56 -> 0 | AR59: =G35-AR56 -> 0 | AS59: =H35-AS56 -> 0 | AT59: =I35-AT56 -> 0
AP60: øvrig lønn | AQ60: =AL35-AQ57 -> 0 | AR60: =AM35-AR57 -> 0 | AS60: =AN35-AS57 -> 0 | AT60: =AO35-AT57 -> 0 | AU60: =SUM(AQ60:AT60) -> 0
AP61: OH-sats Vit | AQ61: =IFERROR(((Budsjett!AQ59*Tabeller!J13)/Budsjett!AQ60),"") | AR61: =IFERROR(((Budsjett!AR59*Tabeller!K13)/Budsjett!AR60),"") | AS61: =IFERROR(((Budsjett!AS59*Tabeller!L13)/Budsjett!AS60),"") | AT61: =IFERROR(((Budsjett!AT59*Tabeller!M13)/Budsjett!AT60),"") | AU61: =AU60+AU57 -> 0
AP62: Total OH | AQ62: =IFERROR((AQ57/(AQ57+AQ60)*AQ58),0)+IFERROR((AQ60/(AQ57+AQ60)*AQ61),0) -> 0 | AR62: =IFERROR((AR57/(AR57+AR60)*AR58),0)+IFERROR((AR60/(AR57+AR60)*AR61),0) -> 0 | AS62: =IFERROR((AS57/(AS57+AS60)*AS58),0)+IFERROR((AS60/(AS57+AS60)*AS61),0) -> 0 | AT62: =IFERROR((AT57/(AT57+AT60)*AT58),0)+IFERROR((AT60/(AT57+AT60)*AT61),0) -> 0
A63: ** | AQ63: =IF(AQ62>0,AQ62,"") | AR63: =IF(AR62>0,AR62,"") | AS63: =IF(AS62>0,AS62,"") | AT63: =IF(AT62>0,AT62,"")

Sheet Detailed budget

Sheet Leiested
A1: Prosjekttittel: | C1: =IF(Registrering!$C$4="","",Registrering!$C$4)
A2: Leiestedskalkyle versjon: | E2: REGISTRER DRIFTSKOSTNADER | I2: Alle beløp angis i hele kroner
B3: Finansiør | D3: Kommentarfelt | E3: =Budsjett!F3 -> Periode 1 (1-18 month) | F3: =Budsjett!G3 -> Periode 2 (19-36 month) | G3: =Budsjett!H3 -> Periode 3 (37-54 month) | H3: =Budsjett!I3 -> Periode 4 (55-60 (72) month) | I3: =H3+1 -> #VALUE! | J3: =I3+1 -> #VALUE! | K3: =J3+1 -> #VALUE! | L3: =K3+1 -> #VALUE! | M3: =L3+1 -> #VALUE! | N3: =M3+1 -> #VALUE! | O3: Totalt
A4: Leiested 1 | O4: =SUM(E4:N4) -> 0
A5: Antall timer/enheter Leiested
A6: Enhetspris Leiested
A7: Leiestedskostnader | B7: EU | E7: =E5*E6 -> 0 | F7: =F5*F6 -> 0 | G7: =G5*G6 -> 0 | H7: =H5*H6 -> 0 | I7: =I5*I6 -> 0 | J7: =J5*J6 -> 0 | K7: =K5*K6 -> 0 | L7: =L5*L6 -> 0 | ... N7: =N5*N6 -> 0 | O7: =SUM(E7:N7) -> 0
A8: Leiested 2
A9: Antall timer/enheter Leiested
A10: Enhetspris Leiested
A11: Leiestedskostnader | B11: EU | E11: =E9*E10 -> 0 | F11: =F9*F10 -> 0 | G11: =G9*G10 -> 0 | H11: =H9*H10 -> 0 | I11: =I9*I10 -> 0 | J11: =J9*J10 -> 0 | K11: =K9*K10 -> 0 | L11: =L9*L10 -> 0 | ... N11: =N9*N10 -> 0 | O11: =SUM(E11:N11) -> 0
A12: Leiested 3
A13: Antall timer/enheter Leiested
A14: Enhetspris Leiested
A15: Leiestedskostnader | B15: Egenandel | E15: =E13*E14 -> 0 | F15: =F13*F14 -> 0 | G15: =G13*G14 -> 0 | H15: =H13*H14 -> 0 | I15: =I13*I14 -> 0 | J15: =J13*J14 -> 0 | K15: =K13*K14 -> 0 | L15: =L13*L14 -> 0 | ... N15: =N13*N14 -> 0 | O15: =SUM(E15:N15) -> 0
A16: Leiested 4
A17: Antall timer/enheter Leiested
A18: Enhetspris Leiested
A19: Leiestedskostnader | B19: Egenandel | E19: =E17*E18 -> 0 | F19: =F17*F18 -> 0 | G19: =G17*G18 -> 0 | H19: =H17*H18 -> 0 | I19: =I17*I18 -> 0 | J19: =J17*J18 -> 0 | K19: =K17*K18 -> 0 | L19: =L17*L18 -> 0 | ... N19: =N17*N18 -> 0 | O19: =SUM(E19:N19) -> 0
A20: Leiested 5
A21: Antall timer/enheter Leiested
A22: Enhetspris Leiested
A23: Leiestedskostnader | B23: Egenandel | E23: =E21*E22 -> 0 | F23: =F21*F22 -> 0 | G23: =G21*G22 -> 0 | H23: =H21*H22 -> 0 | I23: =I21*I22 -> 0 | J23: =J21*J22 -> 0 | K23: =K21*K22 -> 0 | L23: =L21*L22 -> 0 | ... N23: =N21*N22 -> 0 | O23: =SUM(E23:N23) -> 0
A24: Leiested 6
A25: Antall timer/enheter Leiested
A26: Enhetspris Leiested
A27: Leiestedskostnader | B27: Egenandel | E27: =E25*E26 -> 0 | F27: =F25*F26 -> 0 | G27: =G25*G26 -> 0 | H27: =H25*H26 -> 0 | I27: =I25*I26 -> 0 | J27: =J25*J26 -> 0 | K27: =K25*K26 -> 0 | L27: =L25*L26 -> 0 | ... N27: =N25*N26 -> 0 | O27: =SUM(E27:N27) -> 0
A28: Leiested 7
A29: Antall timer/enheter Leiested
A30: Enhetspris Leiested
A31: Leiestedskostnader | B31: Egenandel | E31: =E29*E30 -> 0 | F31: =F29*F30 -> 0 | G31: =G29*G30 -> 0 | H31: =H29*H30 -> 0 | I31: =I29*I30 -> 0 | J31: =J29*J30 -> 0 | K31: =K29*K30 -> 0 | L31: =L29*L30 -> 0 | ... N31: =N29*N30 -> 0 | O31: =SUM(E31:N31) -> 0
A32: Leiested 8
A33: Antall timer/enheter Leiested
A34: Enhetspris Leiested
A35: Leiestedskostnader | B35: Egenandel | E35: =E33*E34 -> 0 | F35: =F33*F34 -> 0 | G35: =G33*G34 -> 0 | H35: =H33*H34 -> 0 | I35: =I33*I34 -> 0 | J35: =J33*J34 -> 0 | K35: =K33*K34 -> 0 | L35: =L33*L34 -> 0 | ... N35: =N33*N34 -> 0 | O35: =SUM(E35:N35) -> 0
A36: Leiested 9
A37: Antall timer/enheter Leiested
A38: Enhetspris Leiested
A39: Leiestedskostnader | B39: Egenandel | E39: =E37*E38 -> 0 | F39: =F37*F38 -> 0 | G39: =G37*G38 -> 0 | H39: =H37*H38 -> 0 | I39: =I37*I38 -> 0 | J39: =J37*J38 -> 0 | K39: =K37*K38 -> 0 | L39: =L37*L38 -> 0 | ... N39: =N37*N38 -> 0 | O39: =SUM(E39:N39) -> 0
A40: Leiested 10
A41: Antall timer/enheter Leiested
A42: Enhetspris Leiested
A43: Leiestedskostnader | B43: Egenandel | E43: =E41*E42 -> 0 | F43: =F41*F42 -> 0 | G43: =G41*G42 -> 0 | H43: =H41*H42 -> 0 | I43: =I41*I42 -> 0 | J43: =J41*J42 -> 0 | K43: =K41*K42 -> 0 | L43: =L41*L42 -> 0 | ... N43: =N41*N42 -> 0 | O43: =SUM(E43:N43) -> 0
A44: Leiested 11
A45: Antall timer/enheter Leiested
A46: Enhetspris Leiested
A47: Leiestedskostnader | B47: Egenandel | E47: =E45*E46 -> 0 | F47: =F45*F46 -> 0 | G47: =G45*G46 -> 0 | H47: =H45*H46 -> 0 | I47: =I45*I46 -> 0 | J47: =J45*J46 -> 0 | K47: =K45*K46 -> 0 | L47: =L45*L46 -> 0 | ... N47: =N45*N46 -> 0 | O47: =SUM(E47:N47) -> 0
A48: Leiested 12
A49: Antall timer/enheter Leiested
A50: Enhetspris Leiested
A51: Leiestedskostnader | B51: Egenandel | E51: =E49*E50 -> 0 | F51: =F49*F50 -> 0 | G51: =G49*G50 -> 0 | H51: =H49*H50 -> 0 | I51: =I49*I50 -> 0 | J51: =J49*J50 -> 0 | K51: =K49*K50 -> 0 | L51: =L49*L50 -> 0 | ... N51: =N49*N50 -> 0 | O51: =SUM(E51:N51) -> 0
A52: Leiested 13
A53: Antall timer/enheter Leiested
A54: Enhetspris Leiested
A55: Leiestedskostnader | B55: Egenandel | E55: =E53*E54 -> 0 | F55: =F53*F54 -> 0 | G55: =G53*G54 -> 0 | H55: =H53*H54 -> 0 | I55: =I53*I54 -> 0 | J55: =J53*J54 -> 0 | K55: =K53*K54 -> 0 | L55: =L53*L54 -> 0 | ... N55: =N53*N54 -> 0 | O55: =SUM(E55:N55) -> 0
A56: Leiested 14
A57: Antall timer/enheter Leiested
A58: Enhetspris Leiested
A59: Leiestedskostnader | B59: Egenandel | E59: =E57*E58 -> 0 | F59: =F57*F58 -> 0 | G59: =G57*G58 -> 0 | H59: =H57*H58 -> 0 | I59: =I57*I58 -> 0 | J59: =J57*J58 -> 0 | K59: =K57*K58 -> 0 | L59: =L57*L58 -> 0 | ... N59: =N57*N58 -> 0 | O59: =SUM(E59:N59) -> 0
A60: Leiested 15
A61: Antall timer/enheter Leiested
A62: Enhetspris Leiested
A63: Leiestedskostnader | B63: Egenandel | E63: =E61*E62 -> 0 | F63: =F61*F62 -> 0 | G63: =G61*G62 -> 0 | H63: =H61*H62 -> 0 | I63: =I61*I62 -> 0 | J63: =J61*J62 -> 0 | K63: =K61*K62 -> 0 | L63: =L61*L62 -> 0 | ... N63: =N61*N62 -> 0 | O63: =SUM(E63:N63) -> 0

Sheet Intern oversikt
B1: Grunnlag for UiO sine interne styring (totalregnskapsføring)
B3: Prosjekttittel: | C3: =IF(Registrering!$C$4="","",Registrering!$C$4) | G3: Startdato: | H3: =IF(Registrering!$C$18="","na",Registrering!$C$18) -> na | J3: Dato:
B4: Prosjektnr: | C4: =IF(Registrering!C8="","na",Registrering!C8) -> na | G4: Sluttdato: | H4: =IF(Registrering!$C$19="","na",Registrering!$C$19) -> na | J4: =IF(Registrering!C16="","",Registrering!C16)
B5: Saksnummer ePhorte: | C5: =IF(Registrering!$C$9="","na",Registrering!$C$9) -> na | G5: Prosjekttype (overheadkostnader): | H5: =Registrering!C27 -> Prosjekter som foregår i UiOs lokaler
B6: Prosjektkategorisering: | C6: =Registrering!C24 -> 0 | F6: Finansieringstype: | H6: =Registrering!C26 -> Fast beløp | I6: =Registrering!C25 -> Kostnadsspesifikk
B9: Intern rapport - søknadsbudsjett | C9: =Budsjett!F3 -> Periode 1 (1-18 month) | D9: =Budsjett!G3 -> Periode 2 (19-36 month) | E9: =Budsjett!H3 -> Periode 3 (37-54 month) | F9: =Budsjett!I3 -> Periode 4 (55-60 (72) month) | G9: Levetids-prognose
B10: Eksterne inntekter | C10: =Budsjett!F49 -> 0 | D10: =Budsjett!G49 -> 0 | E10: =Budsjett!H49 -> 0 | F10: =Budsjett!I49 -> 0 | G10: =SUM(C10:F10) -> 0
B11: Viderefordelte inntekter | C11: =Budsjett!F45 -> 0 | D11: =Budsjett!G45 -> 0 | E11: =Budsjett!H45 -> 0 | F11: =Budsjett!I45 -> 0 | G11: =SUM(C11:F11) -> 0
B12: Egenandel | C12: =Budsjett!F50 -> 0 | D12: =Budsjett!G50 -> 0 | E12: =Budsjett!H50 -> 0 | F12: =Budsjett!I50 -> 0 | G12: =SUM(C12:F12) -> 0
B13: Totale inntekter | C13: =SUM(C10:C12) -> 0 | D13: =SUM(D10:D12) -> 0 | E13: =SUM(E10:E12) -> 0 | F13: =SUM(F10:F12) -> 0 | G13: =SUM(C13:F13) -> 0
B14: Personalkostnader | C14: =Budsjett!AL12+Budsjett!AL34 -> 0 | D14: =Budsjett!AM12+Budsjett!AM34 -> 0 | E14: =Budsjett!AN12+Budsjett!AN34 -> 0 | F14: =Budsjett!AO12+Budsjett!AO34 -> 0 | G14: =SUM(C14:F14) -> 0
B15: Kostnad eksternt fin frikjøp | C15: =Budsjett!AL20 -> 0 | D15: =Budsjett!AM20 -> 0 | E15: =Budsjett!AN20 -> 0 | F15: =Budsjett!AO20 -> 0 | G15: =SUM(C15:F15) -> 0
B16: Kostnad internt fin frikjøp | C16: =Budsjett!AL28 -> 0 | D16: =Budsjett!AM28 -> 0 | E16: =Budsjett!AN28 -> 0 | F16: =Budsjett!AO28 -> 0 | G16: =SUM(C16:F16) -> 0
B17: Eksternt fin overheadkostnader | C17: =Budsjett!AW35 -> 0 | D17: =Budsjett!AX35 -> 0 | E17: =Budsjett!AY35 -> 0 | F17: =Budsjett!AZ35 -> 0 | G17: =SUM(C17:F17) -> 0
B18: Internt fin overheadkostnader | C18: =Budsjett!BC35 -> 0 | D18: =Budsjett!BD35 -> 0 | E18: =Budsjett!BE35 -> 0 | F18: =Budsjett!BF35 -> 0 | G18: =SUM(C18:F18) -> 0
B19: Investeringer | C19: =Budsjett!F46 -> 0 | D19: =Budsjett!G46 -> 0 | E19: =Budsjett!H46 -> 0 | F19: =Budsjett!I46 -> 0 | G19: =SUM(C19:F19) -> 0
B20: Eksternt fin leiestedskostnader | C20: =Budsjett!F42 -> 0 | D20: =Budsjett!G42 -> 0 | E20: =Budsjett!H42 -> 0 | F20: =Budsjett!I42 -> 0 | G20: =SUM(C20:F20) -> 0
B21: Internt fin. leiestedskostnader | C21: =Budsjett!F41 -> 0 | D21: =Budsjett!G41 -> 0 | E21: =Budsjett!H41 -> 0 | F21: =Budsjett!I41 -> 0 | G21: =SUM(C21:F21) -> 0
B22: Direkte driftskostnader | C22: =Budsjett!F38+Budsjett!F39+Budsjett!F40+Budsjett!F44+Budsjett!F43 -> 0 | D22: =Budsjett!G38+Budsjett!G39+Budsjett!G40+Budsjett!G44+Budsjett!G43 -> 0 | E22: =Budsjett!H38+Budsjett!H39+Budsjett!H40+Budsjett!H44+Budsjett!H43 -> 0 | F22: =Budsjett!I38+Budsjett!I39+Budsjett!I40+Budsjett!I44+Budsjett!I43 -> 0 | G22: =SUM(C22:F22) -> 0
B23: Totale kostnader | C23: =SUM(C14:C22) -> 0 | D23: =SUM(D14:D22) -> 0 | E23: =SUM(E14:E22) -> 0 | F23: =SUM(F14:F22) -> 0 | G23: =SUM(C23:F23) -> 0
B24: Resultat levetidsprognose | C24: =C23+C13 -> 0 | D24: =D23+D13 -> 0 | E24: =E23+E13 -> 0 | F24: =F23+F13 -> 0 | G24: =G23+G13 -> 0
B26: Nettobidrag | C26: =C15+C17+C12+C16+C18+C21+C20 -> 0 | D26: =D15+D17+D12+D16+D18+D21+D20 -> 0 | E26: =E15+E17+E12+E16+E18+E21+E20 -> 0 | F26: =F15+F17+F12+F16+F18+F21+F20 -> 0 | G26: =G15+G17+G12+G16+G18+G21+G20 -> 0 | H26: =Registrering!C23 -> 11.04 | I26: =Registrering!B23 -> Valutakurs (må forankres hos instituttleder)
D27: =Budsjett!A58 -> Mer inntekt/kostnad for instituttet | G27: =Budsjett!G58 -> 0
D28: =Budsjett!A59 -> Prosjektets reelle nettobidrag | G28: =G26-G27 -> 0
D29: IK - splitt (Unit 4) | G29: =(Budsjett!BA12+Budsjett!BA20)/(Budsjett!AU12+Budsjett!AU20) -> #DIV/0!
B30: Kort begrunnelse for prosjektets faglige interesse: | C30: =Registrering!C10 -> 0 | L30: Total overheadkostnad | M30: =IFERROR((G17+G18)/(G14+G15+G16),"")
L31: Eksternt fin. overhead | M31: =IFERROR((G17/(G14+G15)),"")
L32: Egenandelsprosent | M32: =IFERROR(-G12/SUM(G23:G23),"")
B33: Underskrifter (på papirutskriften - som skal arkiveres)
B35: Prosjekteier (instituttleder) | D35: Dato | E35: Prosjektleder | J35: Dato
B36: =Registrering!C7 -> 0 | E36: =Registrering!C5 -> 0

Sheet NFR-budsjett
B1: NFR - budgeting form
B3: Cost plan (in NOK 1000)*
C4: =Budsjett!F3 -> Periode 1 (1-18 month) | D4: =Budsjett!G3 -> Periode 2 (19-36 month) | E4: =Budsjett!H3 -> Periode 3 (37-54 month) | F4: =Budsjett!I3 -> Periode 4 (55-60 (72) month) | G4: =Budsjett!#REF! -> #REF! | H4: =Budsjett!#REF! -> #REF! | I4: =Budsjett!#REF! -> #REF! | J4: =Budsjett!#REF! -> #REF! | K4: =Budsjett!#REF! -> #REF! | L4: =Budsjett!#REF! -> #REF! | M4: Sum 3 siste år | N4: Sum
B5: Payroll and indirect expenses | C5: =SUM('Intern oversikt'!C14+'Intern oversikt'!C15+'Intern oversikt'!C16+'Intern oversikt'!C17+'Intern oversikt'!C18) -> 0 | D5: =SUM('Intern oversikt'!D14+'Intern oversikt'!D15+'Intern oversikt'!D16+'Intern oversikt'!D17+'Intern oversikt'!D18) -> 0 | E5: =SUM('Intern oversikt'!E14+'Intern oversikt'!E15+'Intern oversikt'!E16+'Intern oversikt'!E17+'Intern oversikt'!E18) -> 0 | F5: =SUM('Intern oversikt'!F14+'Intern oversikt'!F15+'Intern oversikt'!F16+'Intern oversikt'!F17+'Intern oversikt'!F18) -> 0 | G5: =SUM('Intern oversikt'!#REF!+'Intern oversikt'!#REF!+'Intern oversikt'!#REF!+'Intern oversikt'!#REF!+'Intern oversikt'!#REF!) -> #REF! | H5: =SUM('Intern oversikt'!#REF!+'Intern oversikt'!#REF!+'Intern oversikt'!#REF!+'Intern oversikt'!#REF!+'Intern oversikt'!#REF!) -> #REF! | I5: =SUM('Intern oversikt'!#REF!+'Intern oversikt'!#REF!+'Intern oversikt'!#REF!+'Intern oversikt'!#REF!+'Intern oversikt'!#REF!) -> #REF! | J5: =SUM('Intern oversikt'!#REF!+'Intern oversikt'!#REF!+'Intern oversikt'!#REF!+'Intern oversikt'!#REF!+'Intern oversikt'!#REF!) -> #REF! | K5: =SUM('Intern oversikt'!#REF!+'Intern oversikt'!#REF!+'Intern oversikt'!#REF!+'Intern oversikt'!#REF!+'Intern oversikt'!#REF!) -> #REF! | L5: =SUM('Intern oversikt'!#REF!+'Intern oversikt'!#REF!+'Intern oversikt'!#REF!+'Intern oversikt'!#REF!+'Intern oversikt'!#REF!) -> #REF! | M5: =H5+I5+J5 -> #REF! | N5: =SUM(C5:L5) -> #REF!
B6: Procurement of R&D services | C6: =Budsjett!F44+Budsjett!F45 -> 0 | D6: =Budsjett!G44+Budsjett!G45 -> 0 | E6: =Budsjett!H44+Budsjett!H45 -> 0 | F6: =Budsjett!I44+Budsjett!I45 -> 0 | G6: =Budsjett!#REF!+Budsjett!#REF! -> #REF! | H6: =Budsjett!#REF!+Budsjett!#REF! -> #REF! | I6: =Budsjett!#REF!+Budsjett!#REF! -> #REF! | J6: =Budsjett!#REF!+Budsjett!#REF! -> #REF! | K6: =Budsjett!#REF!+Budsjett!#REF! -> #REF! | L6: =Budsjett!#REF!+Budsjett!#REF! -> #REF! | M6: =H6+I6+J6 -> #REF! | N6: =SUM(C6:L6) -> #REF!
B7: Equipment | C7: =Budsjett!F46 -> 0 | D7: =Budsjett!G46 -> 0 | E7: =Budsjett!H46 -> 0 | F7: =Budsjett!I46 -> 0 | G7: =Budsjett!#REF! -> #REF! | H7: =Budsjett!#REF! -> #REF! | I7: =Budsjett!#REF! -> #REF! | J7: =Budsjett!#REF! -> #REF! | K7: =Budsjett!#REF! -> #REF! | L7: =Budsjett!#REF! -> #REF! | M7: =H7+I7+J7 -> #REF! | N7: =SUM(C7:L7) -> #REF!
B8: Other operating expenses | C8: =SUM(Budsjett!#REF!+Budsjett!F38+Budsjett!F39+Budsjett!F40+Budsjett!F41+Budsjett!F42) -> #REF! | D8: =SUM(Budsjett!#REF!+Budsjett!G38+Budsjett!G39+Budsjett!G40+Budsjett!G41+Budsjett!G42) -> #REF! | E8: =SUM(Budsjett!#REF!+Budsjett!H38+Budsjett!H39+Budsjett!H40+Budsjett!H41+Budsjett!H42) -> #REF! | F8: =SUM(Budsjett!#REF!+Budsjett!I38+Budsjett!I39+Budsjett!I40+Budsjett!I41+Budsjett!I42) -> #REF! | G8: =SUM(Budsjett!#REF!+Budsjett!#REF!+Budsjett!#REF!+Budsjett!#REF!+Budsjett!#REF!+Budsjett!#REF!) -> #REF! | H8: =SUM(Budsjett!#REF!+Budsjett!#REF!+Budsjett!#REF!+Budsjett!#REF!+Budsjett!#REF!+Budsjett!#REF!) -> #REF! | I8: =SUM(Budsjett!#REF!+Budsjett!#REF!+Budsjett!#REF!+Budsjett!#REF!+Budsjett!#REF!+Budsjett!#REF!) -> #REF! | J8: =SUM(Budsjett!#REF!+Budsjett!#REF!+Budsjett!#REF!+Budsjett!#REF!+Budsjett!#REF!+Budsjett!#REF!) -> #REF! | K8: =SUM(Budsjett!#REF!+Budsjett!#REF!+Budsjett!#REF!+Budsjett!#REF!+Budsjett!#REF!+Budsjett!#REF!) -> #REF! | L8: =SUM(Budsjett!#REF!+Budsjett!#REF!+Budsjett!#REF!+Budsjett!#REF!+Budsjett!#REF!+Budsjett!#REF!) -> #REF! | M8: =H8+I8+J8 -> #REF! | N8: =SUM(C8:L8) -> #REF!
B9: Totals | C9: =SUM(C5:C8) -> #REF! | D9: =SUM(D5:D8) -> #REF! | E9: =SUM(E5:E8) -> #REF! | F9: =SUM(F5:F8) -> #REF! | G9: =SUM(G5:G8) -> #REF! | H9: =SUM(H5:H8) -> #REF! | I9: =SUM(I5:I8) -> #REF! | J9: =SUM(J5:J8) -> #REF! | ... N9: =SUM(N5:N8) -> #REF!
B11: Cost code (in NOK 1000)*
C12: =C4 -> Periode 1 (1-18 month) | D12: =D4 -> Periode 2 (19-36 month) | E12: =E4 -> Periode 3 (37-54 month) | F12: =F4 -> Periode 4 (55-60 (72) month) | G12: =G4 -> #REF! | H12: =H4 -> #REF! | I12: =I4 -> #REF! | J12: =J4 -> #REF! | ... L12: =L4 -> #REF! | M12: Sum 3 siste år | N12: Sum
B13: Trade and industry | M13: =H13+I13+J13 -> 0
B14: Independent research institute | M14: =H14+I14+J14 -> 0
B15: Universities and University Colleges | C15: =C9 -> #REF! | D15: =D9 -> #REF! | E15: =E9 -> #REF! | F15: =F9 -> #REF! | G15: =G9 -> #REF! | H15: =H9 -> #REF! | I15: =I9 -> #REF! | J15: =J9 -> #REF! | ... L15: =L9 -> #REF! | M15: =H15+I15+J15 -> #REF! | N15: =SUM(C15:L15) -> #REF!
B16: Other sectors | M16: =H16+I16+J16 -> 0 | N16: =SUM(C16:L16) -> 0
B17: Abroad | M17: =H17+I17+J17 -> 0 | N17: =SUM(C17:J17) -> 0
B18: Totals | C18: =SUM(C14:C17) -> #REF! | D18: =SUM(D14:D17) -> #REF! | E18: =SUM(E14:E17) -> #REF! | F18: =SUM(F14:F17) -> #REF! | G18: =SUM(G14:G17) -> #REF! | H18: =SUM(H14:H17) -> #REF! | I18: =SUM(I14:I17) -> #REF! | J18: =SUM(J14:J17) -> #REF! | ... M18: =SUM(M14:M17) -> #REF! | N18: =SUM(N13:N17) -> #REF!
B20: Funding plan (in NOK 1000)*
C21: =C4 -> Periode 1 (1-18 month) | D21: =D4 -> Periode 2 (19-36 month) | E21: =E4 -> Periode 3 (37-54 month) | F21: =F4 -> Periode 4 (55-60 (72) month) | G21: =G4 -> #REF! | H21: =H4 -> #REF! | I21: =I4 -> #REF! | J21: =J4 -> #REF! | ... L21: =L4 -> #REF! | M21: Sum 3 siste år | N21: Sum | O21: % Andel
B22: Own financing | C22: =-Budsjett!F50 -> 0 | D22: =-Budsjett!G50 -> 0 | E22: =-Budsjett!H50 -> 0 | F22: =-Budsjett!I50 -> 0 | G22: =-Budsjett!#REF! -> #REF! | H22: =-Budsjett!#REF! -> #REF! | I22: =-Budsjett!#REF! -> #REF! | J22: =-Budsjett!#REF! -> #REF! | K22: =-Budsjett!#REF! -> #REF! | L22: =-Budsjett!#REF! -> #REF! | M22: =H22+I22+J22 -> #REF! | N22: =SUM(C22:L22) -> #REF! | O22: =IFERROR(N22/$N$27*100,0) -> 0 | P22: =IFERROR(N22/($N$22+$N$25)*100,0) -> 0
B23: International funding | C23: =-IF(Registrering!$C$26="Fast beløp",Finansiering!C7,Budsjett!#REF!-Budsjett!BP50) -> 0 | D23: =-IF(Registrering!$C$26="Fast beløp",Finansiering!D7,Budsjett!#REF!-Budsjett!BQ50) -> 0 | E23: =-IF(Registrering!$C$26="Fast beløp",Finansiering!E7,Budsjett!#REF!-Budsjett!BR50) -> 0 | F23: =-IF(Registrering!$C$26="Fast beløp",Finansiering!F7,Budsjett!#REF!-Budsjett!BS50) -> 0 | G23: =-IF(Registrering!$C$26="Fast beløp",Finansiering!#REF!,Budsjett!#REF!-Budsjett!#REF!) -> #REF! | H23: =-IF(Registrering!$C$26="Fast beløp",Finansiering!#REF!,Budsjett!#REF!-Budsjett!#REF!) -> #REF! | I23: =-IF(Registrering!$C$26="Fast beløp",Finansiering!#REF!,Budsjett!#REF!-Budsjett!#REF!) -> #REF! | J23: =-IF(Registrering!$C$26="Fast beløp",Finansiering!#REF!,Budsjett!#REF!-Budsjett!#REF!) -> #REF! | K23: =-IF(Registrering!$C$26="Fast beløp",Finansiering!#REF!,Budsjett!#REF!-Budsjett!#REF!) -> #REF! | L23: =-IF(Registrering!$C$26="Fast beløp",Finansiering!#REF!,Budsjett!#REF!-Budsjett!#REF!) -> #REF! | M23: =H23+I23+J23 -> #REF! | N23: =SUM(C23:L23) -> #REF! | O23: =IFERROR(N23/$N$27*100,0) -> 0
B24: Other public funding | C24: =-IF(Registrering!$C$26="Fast beløp",Finansiering!C8,Budsjett!#REF!) -> 0 | D24: =-IF(Registrering!$C$26="Fast beløp",Finansiering!D8,Budsjett!#REF!) -> 0 | E24: =-IF(Registrering!$C$26="Fast beløp",Finansiering!E8,Budsjett!#REF!) -> 0 | F24: =-IF(Registrering!$C$26="Fast beløp",Finansiering!F8,Budsjett!#REF!) -> 0 | G24: =-IF(Registrering!$C$26="Fast beløp",Finansiering!#REF!,Budsjett!#REF!) -> #REF! | H24: =-IF(Registrering!$C$26="Fast beløp",Finansiering!#REF!,Budsjett!#REF!) -> #REF! | I24: =-IF(Registrering!$C$26="Fast beløp",Finansiering!#REF!,Budsjett!#REF!) -> #REF! | J24: =-IF(Registrering!$C$26="Fast beløp",Finansiering!#REF!,Budsjett!#REF!) -> #REF! | K24: =-IF(Registrering!$C$26="Fast beløp",Finansiering!#REF!,Budsjett!#REF!) -> #REF! | L24: =-IF(Registrering!$C$26="Fast beløp",Finansiering!#REF!,Budsjett!#REF!) -> #REF! | M24: =H24+I24+J24 -> #REF! | N24: =SUM(C24:L24) -> #REF! | O24: =IFERROR(N24/$N$27*100,0) -> 0
B25: Other private funding | C25: =-IF(Registrering!$C$26="Fast beløp",Finansiering!#REF!,Budsjett!#REF!) -> #REF! | D25: =-IF(Registrering!$C$26="Fast beløp",Finansiering!#REF!,Budsjett!#REF!) -> #REF! | E25: =-IF(Registrering!$C$26="Fast beløp",Finansiering!#REF!,Budsjett!#REF!) -> #REF! | F25: =-IF(Registrering!$C$26="Fast beløp",Finansiering!#REF!,Budsjett!#REF!) -> #REF! | G25: =-IF(Registrering!$C$26="Fast beløp",Finansiering!#REF!,Budsjett!#REF!) -> #REF! | H25: =-IF(Registrering!$C$26="Fast beløp",Finansiering!#REF!,Budsjett!#REF!) -> #REF! | I25: =-IF(Registrering!$C$26="Fast beløp",Finansiering!#REF!,Budsjett!#REF!) -> #REF! | J25: =-IF(Registrering!$C$26="Fast beløp",Finansiering!#REF!,Budsjett!#REF!) -> #REF! | ... L25: =-IF(Registrering!$C$26="Fast beløp",Finansiering!#REF!,Budsjett!#REF!) -> #REF! | M25: =H25+I25+J25 -> #REF! | N25: =SUM(C25:L25) -> #REF! | O25: =IFERROR(N25/$N$27*100,0) -> 0 | P25: =IFERROR(N25/($N$22+$N$25)*100,0) -> 0
B26: From Research Council | C26: =-IF(Registrering!$C$26="Fast beløp",Finansiering!#REF!,Budsjett!#REF!) -> #REF! | D26: =-IF(Registrering!$C$26="Fast beløp",Finansiering!#REF!,Budsjett!#REF!) -> #REF! | E26: =-IF(Registrering!$C$26="Fast beløp",Finansiering!#REF!,Budsjett!#REF!) -> #REF! | F26: =-IF(Registrering!$C$26="Fast beløp",Finansiering!#REF!,Budsjett!#REF!) -> #REF! | G26: =-IF(Registrering!$C$26="Fast beløp",Finansiering!#REF!,Budsjett!#REF!) -> #REF! | H26: =-IF(Registrering!$C$26="Fast beløp",Finansiering!#REF!,Budsjett!#REF!) -> #REF! | I26: =-IF(Registrering!$C$26="Fast beløp",Finansiering!#REF!,Budsjett!#REF!) -> #REF! | J26: =-IF(Registrering!$C$26="Fast beløp",Finansiering!#REF!,Budsjett!#REF!) -> #REF! | ... L26: =-IF(Registrering!$C$26="Fast beløp",Finansiering!#REF!,Budsjett!#REF!) -> #REF! | M26: =H26+I26+J26 -> #REF! | N26: =SUM(C26:L26) -> #REF! | O26: =IFERROR(N26/$N$27*100,0) -> 0
B27: Totals | C27: =SUM(C22:C26) -> #REF! | D27: =SUM(D22:D26) -> #REF! | E27: =SUM(E22:E26) -> #REF! | F27: =SUM(F22:F26) -> #REF! | G27: =SUM(G22:G26) -> #REF! | H27: =SUM(H22:H26) -> #REF! | I27: =SUM(I22:I26) -> #REF! | J27: =SUM(J22:J26) -> #REF! | ... N27: =SUM(N22:N26) -> #REF! | O27: =IFERROR(N27/$N$27*100,0) -> 0
B28: kontroll | C28: =C9-C27 -> #REF! | D28: =D9-D27 -> #REF! | E28: =E9-E27 -> #REF! | F28: =F9-F27 -> #REF! | G28: =G9-G27 -> #REF! | H28: =H9-H27 -> #REF! | I28: =I9-I27 -> #REF! | J28: =J9-J27 -> #REF! | ... L28: =L9-L27 -> #REF! | N28: =N9-N27 -> #REF!
B29: Allocations sought from the Research Council (in 1000 NOK)
C30: =C4 -> Periode 1 (1-18 month) | D30: =D4 -> Periode 2 (19-36 month) | E30: =E4 -> Periode 3 (37-54 month) | F30: =F4 -> Periode 4 (55-60 (72) month) | G30: =G4 -> #REF! | H30: =H4 -> #REF! | I30: =I4 -> #REF! | J30: =J4 -> #REF! | ... L30: =L4 -> #REF! | M30: Sum 3 siste år | N30: Sum
B31: Student fellowships | C31: =-SUMIF(Budsjett!#REF!,Finansiering!#REF!,Budsjett!#REF!) -> #REF! | D31: =-SUMIF(Budsjett!#REF!,Finansiering!#REF!,Budsjett!#REF!) -> #REF! | E31: =-SUMIF(Budsjett!#REF!,Finansiering!#REF!,Budsjett!#REF!) -> #REF! | F31: =-SUMIF(Budsjett!#REF!,Finansiering!#REF!,Budsjett!#REF!) -> #REF! | G31: =-SUMIF(Budsjett!#REF!,Finansiering!#REF!,Budsjett!#REF!) -> #REF! | H31: =-SUMIF(Budsjett!#REF!,Finansiering!#REF!,Budsjett!#REF!) -> #REF! | I31: =-SUMIF(Budsjett!#REF!,Finansiering!#REF!,Budsjett!#REF!) -> #REF! | J31: =-SUMIF(Budsjett!#REF!,Finansiering!#REF!,Budsjett!#REF!) -> #REF! | ... L31: =-SUMIF(Budsjett!#REF!,Finansiering!#REF!,Budsjett!#REF!) -> #REF! | M31: =H31+I31+J31 -> #REF! | N31: =SUM(C31:L31) -> #REF!
B32: Doctoral fellowships | C32: =-SUMIF(Budsjett!#REF!,Finansiering!#REF!,Budsjett!#REF!) -> #REF! | D32: =-SUMIF(Budsjett!#REF!,Finansiering!#REF!,Budsjett!#REF!) -> #REF! | E32: =-SUMIF(Budsjett!#REF!,Finansiering!#REF!,Budsjett!#REF!) -> #REF! | F32: =-SUMIF(Budsjett!#REF!,Finansiering!#REF!,Budsjett!#REF!) -> #REF! | G32: =-SUMIF(Budsjett!#REF!,Finansiering!#REF!,Budsjett!#REF!) -> #REF! | H32: =-SUMIF(Budsjett!#REF!,Finansiering!#REF!,Budsjett!#REF!) -> #REF! | I32: =-SUMIF(Budsjett!#REF!,Finansiering!#REF!,Budsjett!#REF!) -> #REF! | J32: =-SUMIF(Budsjett!#REF!,Finansiering!#REF!,Budsjett!#REF!) -> #REF! | ... L32: =-SUMIF(Budsjett!#REF!,Finansiering!#REF!,Budsjett!#REF!) -> #REF! | M32: =H32+I32+J32 -> #REF! | N32: =SUM(C32:L32) -> #REF!
B33: Post-doctoral fellowships | C33: =-SUMIF(Budsjett!#REF!,Finansiering!#REF!,Budsjett!#REF!) -> #REF! | D33: =-SUMIF(Budsjett!#REF!,Finansiering!#REF!,Budsjett!#REF!) -> #REF! | E33: =-SUMIF(Budsjett!#REF!,Finansiering!#REF!,Budsjett!#REF!) -> #REF! | F33: =-SUMIF(Budsjett!#REF!,Finansiering!#REF!,Budsjett!#REF!) -> #REF! | G33: =-SUMIF(Budsjett!#REF!,Finansiering!#REF!,Budsjett!#REF!) -> #REF! | H33: =-SUMIF(Budsjett!#REF!,Finansiering!#REF!,Budsjett!#REF!) -> #REF! | I33: =-SUMIF(Budsjett!#REF!,Finansiering!#REF!,Budsjett!#REF!) -> #REF! | J33: =-SUMIF(Budsjett!#REF!,Finansiering!#REF!,Budsjett!#REF!) -> #REF! | ... L33: =-SUMIF(Budsjett!#REF!,Finansiering!#REF!,Budsjett!#REF!) -> #REF! | M33: =H33+I33+J33 -> #REF! | N33: =SUM(C33:L33) -> #REF!
B34: Grants for visiting researchers | C34: =-SUMIF(Budsjett!#REF!,Finansiering!#REF!,Budsjett!#REF!)-SUMIF(Budsjett!#REF!,Finansiering!#REF!,Budsjett!#REF!) -> #REF! | D34: =-SUMIF(Budsjett!#REF!,Finansiering!#REF!,Budsjett!#REF!)-SUMIF(Budsjett!#REF!,Finansiering!#REF!,Budsjett!#REF!) -> #REF! | E34: =-SUMIF(Budsjett!#REF!,Finansiering!#REF!,Budsjett!#REF!)-SUMIF(Budsjett!#REF!,Finansiering!#REF!,Budsjett!#REF!) -> #REF! | F34: =-SUMIF(Budsjett!#REF!,Finansiering!#REF!,Budsjett!#REF!)-SUMIF(Budsjett!#REF!,Finansiering!#REF!,Budsjett!#REF!) -> #REF! | G34: =-SUMIF(Budsjett!#REF!,Finansiering!#REF!,Budsjett!#REF!)-SUMIF(Budsjett!#REF!,Finansiering!#REF!,Budsjett!#REF!) -> #REF! | H34: =-SUMIF(Budsjett!#REF!,Finansiering!#REF!,Budsjett!#REF!)-SUMIF(Budsjett!#REF!,Finansiering!#REF!,Budsjett!#REF!) -> #REF! | I34: =-SUMIF(Budsjett!#REF!,Finansiering!#REF!,Budsjett!#REF!)-SUMIF(Budsjett!#REF!,Finansiering!#REF!,Budsjett!#REF!) -> #REF! | J34: =-SUMIF(Budsjett!#REF!,Finansiering!#REF!,Budsjett!#REF!)-SUMIF(Budsjett!#REF!,Finansiering!#REF!,Budsjett!#REF!) -> #REF! | ... L34: =-SUMIF(Budsjett!#REF!,Finansiering!#REF!,Budsjett!#REF!)-SUMIF(Budsjett!#REF!,Finansiering!#REF!,Budsjett!#REF!) -> #REF! | M34: =H34+I34+J34 -> #REF! | N34: =SUM(C34:L34) -> #REF!
B35: Grants for overseas researchers | C35: =-SUMIF(Budsjett!#REF!,Finansiering!#REF!,Budsjett!#REF!)-SUMIF(Budsjett!#REF!,Finansiering!#REF!,Budsjett!#REF!) -> #REF! | D35: =-SUMIF(Budsjett!#REF!,Finansiering!#REF!,Budsjett!#REF!)-SUMIF(Budsjett!#REF!,Finansiering!#REF!,Budsjett!#REF!) -> #REF! | E35: =-SUMIF(Budsjett!#REF!,Finansiering!#REF!,Budsjett!#REF!)-SUMIF(Budsjett!#REF!,Finansiering!#REF!,Budsjett!#REF!) -> #REF! | F35: =-SUMIF(Budsjett!#REF!,Finansiering!#REF!,Budsjett!#REF!)-SUMIF(Budsjett!#REF!,Finansiering!#REF!,Budsjett!#REF!) -> #REF! | G35: =-SUMIF(Budsjett!#REF!,Finansiering!#REF!,Budsjett!#REF!)-SUMIF(Budsjett!#REF!,Finansiering!#REF!,Budsjett!#REF!) -> #REF! | H35: =-SUMIF(Budsjett!#REF!,Finansiering!#REF!,Budsjett!#REF!)-SUMIF(Budsjett!#REF!,Finansiering!#REF!,Budsjett!#REF!) -> #REF! | I35: =-SUMIF(Budsjett!#REF!,Finansiering!#REF!,Budsjett!#REF!)-SUMIF(Budsjett!#REF!,Finansiering!#REF!,Budsjett!#REF!) -> #REF! | J35: =-SUMIF(Budsjett!#REF!,Finansiering!#REF!,Budsjett!#REF!)-SUMIF(Budsjett!#REF!,Finansiering!#REF!,Budsjett!#REF!) -> #REF! | ... L35: =-SUMIF(Budsjett!#REF!,Finansiering!#REF!,Budsjett!#REF!)-SUMIF(Budsjett!#REF!,Finansiering!#REF!,Budsjett!#REF!) -> #REF! | M35: =H35+I35+J35 -> #REF! | N35: =SUM(C35:L35) -> #REF!
B36: Researcher positions | C36: =-Budsjett!#REF!-SUM(C31:C35)-C37 -> #REF! | D36: =-Budsjett!#REF!-SUM(D31:D35)-D37 -> #REF! | E36: =-Budsjett!#REF!-SUM(E31:E35)-E37 -> #REF! | F36: =-Budsjett!#REF!-SUM(F31:F35)-F37 -> #REF! | G36: =-Budsjett!#REF!-SUM(G31:G35)-G37 -> #REF! | H36: =-Budsjett!#REF!-SUM(H31:H35)-H37 -> #REF! | I36: =-Budsjett!#REF!-SUM(I31:I35)-I37 -> #REF! | J36: =-Budsjett!#REF!-SUM(J31:J35)-J37 -> #REF! | ... L36: =-Budsjett!#REF!-SUM(L31:L35)-L37 -> #REF! | M36: =H36+I36+J36 -> #REF! | N36: =SUM(C36:L36) -> #REF!
B37: Hourly-based salary including indirect costs | C37: =-SUMIF(Budsjett!#REF!,Finansiering!#REF!,Budsjett!#REF!)-SUMIF(Budsjett!#REF!,Finansiering!#REF!,Budsjett!#REF!) -> #REF! | D37: =-SUMIF(Budsjett!#REF!,Finansiering!#REF!,Budsjett!#REF!)-SUMIF(Budsjett!#REF!,Finansiering!#REF!,Budsjett!#REF!) -> #REF! | E37: =-SUMIF(Budsjett!#REF!,Finansiering!#REF!,Budsjett!#REF!)-SUMIF(Budsjett!#REF!,Finansiering!#REF!,Budsjett!#REF!) -> #REF! | F37: =-SUMIF(Budsjett!#REF!,Finansiering!#REF!,Budsjett!#REF!)-SUMIF(Budsjett!#REF!,Finansiering!#REF!,Budsjett!#REF!) -> #REF! | G37: =-SUMIF(Budsjett!#REF!,Finansiering!#REF!,Budsjett!#REF!)-SUMIF(Budsjett!#REF!,Finansiering!#REF!,Budsjett!#REF!) -> #REF! | H37: =-SUMIF(Budsjett!#REF!,Finansiering!#REF!,Budsjett!#REF!)-SUMIF(Budsjett!#REF!,Finansiering!#REF!,Budsjett!#REF!) -> #REF! | I37: =-SUMIF(Budsjett!#REF!,Finansiering!#REF!,Budsjett!#REF!)-SUMIF(Budsjett!#REF!,Finansiering!#REF!,Budsjett!#REF!) -> #REF! | J37: =-SUMIF(Budsjett!#REF!,Finansiering!#REF!,Budsjett!#REF!)-SUMIF(Budsjett!#REF!,Finansiering!#REF!,Budsjett!#REF!) -> #REF! | ... L37: =-SUMIF(Budsjett!#REF!,Finansiering!#REF!,Budsjett!#REF!)-SUMIF(Budsjett!#REF!,Finansiering!#REF!,Budsjett!#REF!) -> #REF! | M37: =H37+I37+J37 -> #REF! | N37: =SUM(C37:L37) -> #REF!
B38: Sum payroll and indirect expenses | C38: =SUM(C31:C37) -> #REF! | D38: =SUM(D31:D37) -> #REF! | E38: =SUM(E31:E37) -> #REF! | F38: =SUM(F31:F37) -> #REF! | G38: =SUM(G31:G37) -> #REF! | H38: =SUM(H31:H37) -> #REF! | I38: =SUM(I31:I37) -> #REF! | J38: =SUM(J31:J37) -> #REF! | ... N38: =SUM(N31:N37) -> #REF!
B39: Procurement of R&D services | C39: =-Budsjett!#REF!-Budsjett!#REF! -> #REF! | D39: =-Budsjett!#REF!-Budsjett!#REF! -> #REF! | E39: =-Budsjett!#REF!-Budsjett!#REF! -> #REF! | F39: =-Budsjett!#REF!-Budsjett!#REF! -> #REF! | G39: =-Budsjett!#REF!-Budsjett!#REF! -> #REF! | H39: =-Budsjett!#REF!-Budsjett!#REF! -> #REF! | I39: =-Budsjett!#REF!-Budsjett!#REF! -> #REF! | J39: =-Budsjett!#REF!-Budsjett!#REF! -> #REF! | ... L39: =-Budsjett!#REF!-Budsjett!#REF! -> #REF! | M39: =H39+I39+J39 -> #REF! | N39: =SUM(C39:L39) -> #REF!
B40: Equipment | C40: =Budsjett!F42+Budsjett!#REF! -> #REF! | D40: =Budsjett!G42+Budsjett!#REF! -> #REF! | E40: =Budsjett!H42+Budsjett!#REF! -> #REF! | F40: =Budsjett!I42+Budsjett!#REF! -> #REF! | G40: =Budsjett!#REF!+Budsjett!#REF! -> #REF! | H40: =Budsjett!#REF!+Budsjett!#REF! -> #REF! | I40: =Budsjett!#REF!+Budsjett!#REF! -> #REF! | J40: =Budsjett!#REF!+Budsjett!#REF! -> #REF! | K40: =Budsjett!#REF!+Budsjett!#REF! -> #REF! | L40: =Budsjett!#REF!+Budsjett!#REF! -> #REF! | M40: =Budsjett!J41+Budsjett!J42+Budsjett!#REF! -> #REF! | N40: =SUM(C40:L40) -> #REF!
B41: Other operating expenses | C41: =-SUM(Budsjett!#REF!) -> #REF! | D41: =-SUM(Budsjett!#REF!) -> #REF! | E41: =-SUM(Budsjett!#REF!) -> #REF! | F41: =-SUM(Budsjett!#REF!) -> #REF! | G41: =-SUM(Budsjett!#REF!) -> #REF! | H41: =-SUM(Budsjett!#REF!) -> #REF! | I41: =-SUM(Budsjett!#REF!) -> #REF! | J41: =-SUM(Budsjett!#REF!) -> #REF! | ... L41: =-SUM(Budsjett!#REF!) -> #REF! | M41: =H41+I41+J41 -> #REF! | N41: =SUM(C41:L41) -> #REF!
B42: From Research Council | C42: =SUM(C38:C41) -> #REF! | D42: =SUM(D38:D41) -> #REF! | E42: =SUM(E38:E41) -> #REF! | F42: =SUM(F38:F41) -> #REF! | G42: =SUM(G38:G41) -> #REF! | H42: =SUM(H38:H41) -> #REF! | I42: =SUM(I38:I41) -> #REF! | J42: =SUM(J38:J41) -> #REF! | ... N42: =SUM(N38:N41) -> #REF!
B43: Controll | C43: =C42-C26 -> #REF! | D43: =D42-D26 -> #REF! | E43: =E42-E26 -> #REF! | F43: =F42-F26 -> #REF! | G43: =G42-G26 -> #REF! | H43: =H42-H26 -> #REF! | I43: =I42-I26 -> #REF! | J43: =J42-J26 -> #REF! | ... L43: =L42-L26 -> #REF! | N43: =N42-N26 -> #REF!

Sheet Intern oversikt andel
B1: Prosjekttittel: | C1: =IF(Registrering!$C$4="","",Registrering!$C$4) | J1: Startdato: | K1: =IF(Registrering!$C$18="","na",Registrering!$C$18) -> na | M1: Dato:
B2: Prosjektnr: | C2: =IF(Registrering!C8="","na",Registrering!C8) -> na | J2: Sluttdato: | K2: =IF(Registrering!$C$19="","na",Registrering!$C$19) -> na
B3: Saksnummer ePhorte: | C3: =IF(Registrering!$C$9="","na",Registrering!$C$9) -> na | J3: Prosjekttype (overheadkostnader): | K3: =Registrering!C27 -> Prosjekter som foregår i UiOs lokaler
B4: Prosjektkategorisering: | C4: =Registrering!C24 -> 0 | J4: Finansieringstype: | K4: =Registrering!C26 -> Fast beløp
K5: =Registrering!C25 -> Kostnadsspesifikk
B7: Intern rapport - søknadsbudsjett | C7: =Budsjett!F3 -> Periode 1 (1-18 month) | D7: =Budsjett!G3 -> Periode 2 (19-36 month) | E7: =Budsjett!H3 -> Periode 3 (37-54 month) | F7: =Budsjett!I3 -> Periode 4 (55-60 (72) month) | G7: =Budsjett!#REF! -> #REF! | H7: =Budsjett!#REF! -> #REF! | I7: =Budsjett!#REF! -> #REF! | J7: =Budsjett!#REF! -> #REF! | K7: =Budsjett!#REF! -> #REF! | L7: =Budsjett!#REF! -> #REF! | M7: Levetids-prognose
B8: Eksterne inntekter | C8: =Budsjett!F49 -> 0 | D8: =Budsjett!G49 -> 0 | E8: =Budsjett!H49 -> 0 | F8: =Budsjett!I49 -> 0 | G8: =Budsjett!#REF! -> #REF! | H8: =Budsjett!#REF! -> #REF! | I8: =Budsjett!#REF! -> #REF! | J8: =Budsjett!#REF! -> #REF! | K8: =Budsjett!#REF! -> #REF! | L8: =Budsjett!#REF! -> #REF! | M8: =SUM(C8:L8) -> #REF!
B9: Viderefordelte inntekter | C9: =Budsjett!F45 -> 0 | D9: =Budsjett!G45 -> 0 | E9: =Budsjett!H45 -> 0 | F9: =Budsjett!I45 -> 0 | G9: =Budsjett!#REF! -> #REF! | H9: =Budsjett!#REF! -> #REF! | I9: =Budsjett!#REF! -> #REF! | J9: =Budsjett!#REF! -> #REF! | K9: =Budsjett!#REF! -> #REF! | L9: =Budsjett!#REF! -> #REF! | M9: =SUM(C9:L9) -> #REF!
B10: Egenandel | C10: =Budsjett!F50 -> 0 | D10: =Budsjett!G50 -> 0 | E10: =Budsjett!H50 -> 0 | F10: =Budsjett!I50 -> 0 | G10: =Budsjett!#REF! -> #REF! | H10: =Budsjett!#REF! -> #REF! | I10: =Budsjett!#REF! -> #REF! | J10: =Budsjett!#REF! -> #REF! | K10: =Budsjett!#REF! -> #REF! | L10: =Budsjett!#REF! -> #REF! | M10: =SUM(C10:L10) -> #REF!
B11: Totale inntekter | C11: =SUM(C8:C10) -> 0 | D11: =SUM(D8:D10) -> 0 | E11: =SUM(E8:E10) -> 0 | F11: =SUM(F8:F10) -> 0 | G11: =SUM(G8:G10) -> #REF! | H11: =SUM(H8:H10) -> #REF! | I11: =SUM(I8:I10) -> #REF! | J11: =SUM(J8:J10) -> #REF! | ... L11: =SUM(L8:L10) -> #REF! | M11: =SUM(C11:L11) -> #REF!
B12: Personalkostnader | C12: =Budsjett!AL12+Budsjett!AL34+Budsjett!#REF! -> #REF! | D12: =Budsjett!AM12+Budsjett!AM34+Budsjett!#REF! -> #REF! | E12: =Budsjett!AN12+Budsjett!AN34+Budsjett!#REF! -> #REF! | F12: =Budsjett!AO12+Budsjett!AO34+Budsjett!#REF! -> #REF! | G12: =Budsjett!#REF!+Budsjett!#REF!+Budsjett!#REF! -> #REF! | H12: =Budsjett!#REF!+Budsjett!#REF!+Budsjett!#REF! -> #REF! | I12: =Budsjett!#REF!+Budsjett!#REF!+Budsjett!#REF! -> #REF! | J12: =Budsjett!#REF!+Budsjett!#REF!+Budsjett!#REF! -> #REF! | K12: =Budsjett!#REF!+Budsjett!#REF!+Budsjett!#REF! -> #REF! | L12: =Budsjett!#REF!+Budsjett!#REF!+Budsjett!#REF! -> #REF! | M12: =SUM(C12:L12) -> #REF!
B13: Frikjøp | C13: =Budsjett!AL20+Budsjett!AL28 -> 0 | D13: =Budsjett!AM20+Budsjett!AM28 -> 0 | E13: =Budsjett!AN20+Budsjett!AN28 -> 0 | F13: =Budsjett!AO20+Budsjett!AO28 -> 0 | G13: =Budsjett!#REF!+Budsjett!#REF! -> #REF! | H13: =Budsjett!#REF!+Budsjett!#REF! -> #REF! | I13: =Budsjett!#REF!+Budsjett!#REF! -> #REF! | J13: =Budsjett!#REF!+Budsjett!#REF! -> #REF! | K13: =Budsjett!#REF!+Budsjett!#REF! -> #REF! | L13: =Budsjett!#REF!+Budsjett!#REF! -> #REF! | M13: =SUM(C13:L13) -> #REF!
B14: Overhead | C14: =Budsjett!AW35+Budsjett!BC35 -> 0 | D14: =Budsjett!AX35+Budsjett!BD35 -> 0 | E14: =Budsjett!AY35+Budsjett!BE35 -> 0 | F14: =Budsjett!AZ35+Budsjett!BF35 -> 0 | G14: =Budsjett!#REF!+Budsjett!#REF! -> #REF! | H14: =Budsjett!#REF!+Budsjett!#REF! -> #REF! | I14: =Budsjett!#REF!+Budsjett!#REF! -> #REF! | J14: =Budsjett!#REF!+Budsjett!#REF! -> #REF! | K14: =Budsjett!#REF!+Budsjett!#REF! -> #REF! | L14: =Budsjett!#REF!+Budsjett!#REF! -> #REF! | M14: =SUM(C14:L14) -> #REF!
B15: Investeringer | C15: =Budsjett!F46 -> 0 | D15: =Budsjett!G46 -> 0 | E15: =Budsjett!H46 -> 0 | F15: =Budsjett!I46 -> 0 | G15: =Budsjett!#REF! -> #REF! | H15: =Budsjett!#REF! -> #REF! | I15: =Budsjett!#REF! -> #REF! | J15: =Budsjett!#REF! -> #REF! | K15: =Budsjett!#REF! -> #REF! | L15: =Budsjett!#REF! -> #REF! | M15: =SUM(C15:L15) -> #REF!
B16: Leiestedskostnader | C16: =Budsjett!F41+Budsjett!F42 -> 0 | D16: =Budsjett!G41+Budsjett!G42 -> 0 | E16: =Budsjett!H41+Budsjett!H42 -> 0 | F16: =Budsjett!I41+Budsjett!I42 -> 0 | G16: =Budsjett!#REF!+Budsjett!#REF! -> #REF! | H16: =Budsjett!#REF!+Budsjett!#REF! -> #REF! | I16: =Budsjett!#REF!+Budsjett!#REF! -> #REF! | J16: =Budsjett!#REF!+Budsjett!#REF! -> #REF! | K16: =Budsjett!#REF!+Budsjett!#REF! -> #REF! | L16: =Budsjett!#REF!+Budsjett!#REF! -> #REF! | M16: =SUM(C16:L16) -> #REF!
B17: Direkte driftskostnader | C17: =Budsjett!#REF!+Budsjett!F38+Budsjett!F39+Budsjett!F40+Budsjett!F44 -> #REF! | D17: =Budsjett!#REF!+Budsjett!G38+Budsjett!G39+Budsjett!G40+Budsjett!G44 -> #REF! | E17: =Budsjett!#REF!+Budsjett!H38+Budsjett!H39+Budsjett!H40+Budsjett!H44 -> #REF! | F17: =Budsjett!#REF!+Budsjett!I38+Budsjett!I39+Budsjett!I40+Budsjett!I44 -> #REF! | G17: =Budsjett!#REF!+Budsjett!#REF!+Budsjett!#REF!+Budsjett!#REF!+Budsjett!#REF! -> #REF! | H17: =Budsjett!#REF!+Budsjett!#REF!+Budsjett!#REF!+Budsjett!#REF!+Budsjett!#REF! -> #REF! | I17: =Budsjett!#REF!+Budsjett!#REF!+Budsjett!#REF!+Budsjett!#REF!+Budsjett!#REF! -> #REF! | J17: =Budsjett!#REF!+Budsjett!#REF!+Budsjett!#REF!+Budsjett!#REF!+Budsjett!#REF! -> #REF! | K17: =Budsjett!#REF!+Budsjett!#REF!+Budsjett!#REF!+Budsjett!#REF!+Budsjett!#REF! -> #REF! | L17: =Budsjett!#REF!+Budsjett!#REF!+Budsjett!#REF!+Budsjett!#REF!+Budsjett!#REF! -> #REF! | M17: =SUM(C17:L17) -> #REF!
B18: Totale kostnader | C18: =SUM(C12:C17) -> #REF! | D18: =SUM(D12:D17) -> #REF! | E18: =SUM(E12:E17) -> #REF! | F18: =SUM(F12:F17) -> #REF! | G18: =SUM(G12:G17) -> #REF! | H18: =SUM(H12:H17) -> #REF! | I18: =SUM(I12:I17) -> #REF! | J18: =SUM(J12:J17) -> #REF! | ... L18: =SUM(L12:L17) -> #REF! | M18: =SUM(C18:L18) -> #REF!
B19: Resultat levetidsprognose | C19: =C18+C11 -> #REF! | D19: =D18+D11 -> #REF! | E19: =E18+E11 -> #REF! | F19: =F18+F11 -> #REF! | G19: =G18+G11 -> #REF! | H19: =H18+H11 -> #REF! | I19: =I18+I11 -> #REF! | J19: =J18+J11 -> #REF! | ... M19: =M18+M11 -> #REF!
B21: Nettobidrag | C21: =C13+C14+C10+C16 -> 0 | D21: =D13+D14+D10+D16 -> 0 | E21: =E13+E14+E10+E16 -> 0 | F21: =F13+F14+F10+F16 -> 0 | G21: =G13+G14+G10+G16 -> #REF! | H21: =H13+H14+H10+H16 -> #REF! | I21: =I13+I14+I10+I16 -> #REF! | J21: =J13+J14+J10+J16 -> #REF! | ... M21: =M13+M14+M10+M16 -> #REF!
B23: Kort begrunnelse for prosjektets faglige interesse: | C23: =Registrering!C10 -> 0 | L23: Total overheadkostnad | M23: =Budsjett!#REF! -> #REF!
L24: Eksternt fin. overhead | M24: =Budsjett!#REF! -> #REF!
L25: Egenandelsprosent | M25: =IFERROR(-M10/SUM(M18:M18),0) -> 0
B26: Underskrifter (på papirutskriften - som skal arkiveres)
B28: Prosjekteier (instituttleder) | D28: Dato | E28: Prosjektleder | J28: Dato
B29: =Registrering!C7 -> 0 | E29: =Registrering!C5 -> 0

Sheet Budget for the proposal RIA &IA
C1: Estimated expenditure | K1: Estimated income
C2: Estimated eligible costs | K2: Requested EU contribution | N2: Revenues | O2: Other sources of financing | Q2: Total estimate d income (s)=(n) +(o)+(p)+ (q) + (r)
C3: A Personnel cost/€ (a1) | D3: B Subcontracti ng costs/€ (b) | E3: C. Purchase costs | H3: D. Other cost categories | I3: E. Indirect costs/€ (e) = 25% * [(a1) + (c1) + (c2) + (c3) + (d7)] | J3: Total eligible costs (h) = (a1) + (b) + (c1) + (c2) + (c3) + (d) + (e) | K3: EU contribution to eligible costs
A4: Participant | B4: Country | E4: C.1 Travel and subsiste nce/€ (c1) | F4: C.2 Equipm ent/€ (c2) | G4: C.3 Other goods, works and services /€ (c3) | H4: D.X [specific cost category] /€ (dx) | K4: Funding rate (U) | L4: Maximum EU contribution to eligible costs (l) = (U) * (h) | M4: Requested EU contribution to eligible costs/€ (Requested grant amount) (m) (n) | N4: Income generated by the action (o) | O4: Financial contributions (q) | P4: Own resource s ®
A13: UIO | B13: NO | C13: =(Budsjett!K12+Budsjett!K20+Budsjett!K34)/Registrering!C23 -> 0 | D13: =Budsjett!M44/Registrering!C23 -> 0 | E13: =Budsjett!M39/Registrering!C23 -> 0 | F13: =Budsjett!M46/Registrering!C23 -> 0 | G13: =(Budsjett!M40+Budsjett!M38+Budsjett!M43)/Registrering!C23 -> 0 | H13: ='D. Other cost categories (prop)'!C14+'D. Other cost categories (prop)'!D14+'D. Other cost categories (prop)'!E14+'D. Other cost categories (prop)'!F14+'D. Other cost categories (prop)'!G14+'D. Other cost categories (prop)'!H14+'D. Other cost categories (prop)'!I14+'D. Other cost categories (prop)'!J14 -> 0 | I13: =(C13+E13+F13+G13+'D. Other cost categories (prop)'!I14)*0.25 -> 0 | J13: =C13+D13+E13+F13+G13+H13+I13 -> 0 | K13: 1 | L13: =J13*K13 -> 0 | Q13: =M13+N13+O13+P13 -> 0
A14: Participant 2
A15: Participant 3
A16: Participant 4
A17: Participant 5
A18: Participant 6
A19: Participant 7
A20: Participant 8
A21: Participant 9
A22: Participant 10
A23: Participant 11
A24: Participant 12
A25: Participant 13
... A42: Participant 30
A43: Total | C43: =SUM(C13:C42) -> 0 | D43: =SUM(D13:D42) -> 0 | E43: =SUM(E13:E42) -> 0 | F43: =SUM(F13:F42) -> 0 | G43: =SUM(G13:G42) -> 0 | H43: =SUM(H13:H42) -> 0 | I43: =SUM(I13:I42) -> 0 | J43: =SUM(J13:J42) -> 0 | ... Q43: =SUM(Q13:Q42) -> 0

Sheet Budget for the proposal
B2: 3 - Budget for the proposal
B4: Participant | C4: Country | D4: (A) Direct personnel cost/€ | E4: (B) Other direct costs/€ | F4: (C) Direct costs of subcontracting/€ | G4: (D) Direct costs of providing financial support to third parties/€ | H4: (E) Costs of inkind contributions not used on the beneficiary's premises/€ | I4: (F) Indirect Costs/€ (=0,25(A+B-E) | J4: (G) Special unit costs covering direct & indirect costs | K4: (H) Total estimated eligible costs/€ (=A+B+C+D+F+G) | L4: (I) Reinburse-ment rate | M4: (J) Max. Grant/€ (=H*1) | N4: (K) Requested grant/€
D13: =IFERROR('Budget for the contract'!F8,"") -> 0 | E13: =IFERROR(('Budget for the contract'!F10+'Budget for the contract'!F11),"") -> 0 | F13: =IFERROR('Budget for the contract'!F13,"") -> 0 | G13: =IFERROR(('Budget for the contract'!F14),"") -> 0 | I13: =IFERROR(((D13+E13-H13)*0.25),"") -> 0 | K13: =IFERROR((SUM(D13+E13+F13+G13+I13+J13)),"") -> 0 | L13: 100 | M13: =IFERROR((K13*1),"") -> 0 | N13: =M13 -> 0
B15: Total | D15: =D13 -> 0 | E15: =E13 -> 0 | F15: =F13 -> 0 | G15: =G13 -> 0 | H15: =H13 -> 0 | I15: =I13 -> 0 | J15: =J13 -> 0 | K15: =K13 -> 0 | ... N15: =N13 -> 0

Sheet Budget for the proposal ERC
A2: Beneficiary Short Name | D2: Principal investigator | E2: Senior Staff | F2: Postdocs | G2: Students | H2: Other | I2: A. Total personnel costs/€ | J2: B. Subcontracti ng Costs/€ (No indirect costs) | K2: C.1 Travel and subsistenct | L2: C.2 Equipment - including major equipment | M2: Consum-ables incl. fieldwork and animal costs | N2: Publications (incl. Open Access fees) and dissemination | O2: Other additonal direct costs | P2: C.3 Total other goods and services | Q2: Total Purchase costs/€ | R2: D. Internally invoiced goods and services/€ (No indirect costs) | S2: E. Indirect Cost/€ | T2: Total Estimated Eligible Costs | U2: Requested EU contribution
A7: UiO | D7: =(IFERROR(VLOOKUP(D2,Budsjett!$B4:$M4,10,FALSE),0)+IFERROR(VLOOKUP(D2,Budsjett!$B5:$M5,10,FALSE),0)+IFERROR(VLOOKUP(D2,Budsjett!$B6:$M6,10,FALSE),0)+IFERROR(VLOOKUP(D2,Budsjett!$B7:$M7,10,FALSE),0)+IFERROR(VLOOKUP(D2,Budsjett!$B8:$M8,10,FALSE),0)+IFERROR(VLOOKUP(D2,Budsjett!$B9:$M9,10,FALSE),0)+IFERROR(VLOOKUP(D2,Budsjett!$B10:$M10,10,FALSE),0)+IFERROR(VLOOKUP(D2,Budsjett!$B11:$M11,10,FALSE),0)+IFERROR(VLOOKUP(D2,Budsjett!$B15:$M15,10,FALSE),0)+IFERROR(VLOOKUP(D2,Budsjett!$B16:$M16,10,FALSE),0)+IFERROR(VLOOKUP(D2,Budsjett!$B17:$M17,10,FALSE),0)+IFERROR(VLOOKUP(D2,Budsjett!$B18:$M18,10,FALSE),0)+IFERROR(VLOOKUP(D2,Budsjett!$B19:$M19,10,FALSE),0))/Registrering!$C$23 -> 0 | E7: =(IFERROR(VLOOKUP(E2,Budsjett!$B4:$M4,10,FALSE),0)+IFERROR(VLOOKUP(E2,Budsjett!$B5:$M5,10,FALSE),0)+IFERROR(VLOOKUP(E2,Budsjett!$B6:$M6,10,FALSE),0)+IFERROR(VLOOKUP(E2,Budsjett!$B7:$M7,10,FALSE),0)+IFERROR(VLOOKUP(E2,Budsjett!$B8:$M8,10,FALSE),0)+IFERROR(VLOOKUP(E2,Budsjett!$B9:$M9,10,FALSE),0)+IFERROR(VLOOKUP(E2,Budsjett!$B10:$M10,10,FALSE),0)+IFERROR(VLOOKUP(E2,Budsjett!$B11:$M11,10,FALSE),0)+IFERROR(VLOOKUP(E2,Budsjett!$B15:$M15,10,FALSE),0)+IFERROR(VLOOKUP(E2,Budsjett!$B16:$M16,10,FALSE),0)+IFERROR(VLOOKUP(E2,Budsjett!$B17:$M17,10,FALSE),0)+IFERROR(VLOOKUP(E2,Budsjett!$B18:$M18,10,FALSE),0)+IFERROR(VLOOKUP(E2,Budsjett!$B19:$M19,10,FALSE),0))/Registrering!$C$23 -> 0 | F7: =(IFERROR(VLOOKUP(F2,Budsjett!$B4:$M4,10,FALSE),0)+IFERROR(VLOOKUP(F2,Budsjett!$B5:$M5,10,FALSE),0)+IFERROR(VLOOKUP(F2,Budsjett!$B6:$M6,10,FALSE),0)+IFERROR(VLOOKUP(F2,Budsjett!$B7:$M7,10,FALSE),0)+IFERROR(VLOOKUP(F2,Budsjett!$B8:$M8,10,FALSE),0)+IFERROR(VLOOKUP(F2,Budsjett!$B9:$M9,10,FALSE),0)+IFERROR(VLOOKUP(F2,Budsjett!$B10:$M10,10,FALSE),0)+IFERROR(VLOOKUP(F2,Budsjett!$B11:$M11,10,FALSE),0)+IFERROR(VLOOKUP(F2,Budsjett!$B15:$M15,10,FALSE),0)+IFERROR(VLOOKUP(F2,Budsjett!$B16:$M16,10,FALSE),0)+IFERROR(VLOOKUP(F2,Budsjett!$B17:$M17,10,FALSE),0)+IFERROR(VLOOKUP(F2,Budsjett!$B18:$M18,10,FALSE),0)+IFERROR(VLOOKUP(F2,Budsjett!$B19:$M19,10,FALSE),0))/Registrering!$C$23 -> 0 | G7: =(IFERROR(VLOOKUP(G2,Budsjett!$B4:$M4,10,FALSE),0)+IFERROR(VLOOKUP(G2,Budsjett!$B5:$M5,10,FALSE),0)+IFERROR(VLOOKUP(G2,Budsjett!$B6:$M6,10,FALSE),0)+IFERROR(VLOOKUP(G2,Budsjett!$B7:$M7,10,FALSE),0)+IFERROR(VLOOKUP(G2,Budsjett!$B8:$M8,10,FALSE),0)+IFERROR(VLOOKUP(G2,Budsjett!$B9:$M9,10,FALSE),0)+IFERROR(VLOOKUP(G2,Budsjett!$B10:$M10,10,FALSE),0)+IFERROR(VLOOKUP(G2,Budsjett!$B11:$M11,10,FALSE),0)+IFERROR(VLOOKUP(G2,Budsjett!$B15:$M15,10,FALSE),0)+IFERROR(VLOOKUP(G2,Budsjett!$B16:$M16,10,FALSE),0)+IFERROR(VLOOKUP(G2,Budsjett!$B17:$M17,10,FALSE),0)+IFERROR(VLOOKUP(G2,Budsjett!$B18:$M18,10,FALSE),0)+IFERROR(VLOOKUP(G2,Budsjett!$B19:$M19,10,FALSE),0))/Registrering!$C$23 -> 0 | H7: =(IFERROR(VLOOKUP(H2,Budsjett!$B4:$M4,10,FALSE),0)+IFERROR(VLOOKUP(H2,Budsjett!$B5:$M5,10,FALSE),0)+IFERROR(VLOOKUP(H2,Budsjett!$B6:$M6,10,FALSE),0)+IFERROR(VLOOKUP(H2,Budsjett!$B7:$M7,10,FALSE),0)+IFERROR(VLOOKUP(H2,Budsjett!$B8:$M8,10,FALSE),0)+IFERROR(VLOOKUP(H2,Budsjett!$B9:$M9,10,FALSE),0)+IFERROR(VLOOKUP(H2,Budsjett!$B10:$M10,10,FALSE),0)+IFERROR(VLOOKUP(H2,Budsjett!$B11:$M11,10,FALSE),0)+IFERROR(VLOOKUP(H2,Budsjett!$B15:$M15,10,FALSE),0)+IFERROR(VLOOKUP(H2,Budsjett!$B16:$M16,10,FALSE),0)+IFERROR(VLOOKUP(H2,Budsjett!$B17:$M17,10,FALSE),0)+IFERROR(VLOOKUP(H2,Budsjett!$B18:$M18,10,FALSE),0)+IFERROR(VLOOKUP(H2,Budsjett!$B19:$M19,10,FALSE),0))/Registrering!$C$23+ (Budsjett!K34/Registrering!C23) -> 0 | I7: =SUM(B4:H7) -> 0 | J7: ='Budget for the proposal RIA &IA'!D13 -> 0 | K7: ='Budget for the proposal RIA &IA'!E13 -> 0 | L7: ='Budget for the proposal RIA &IA'!F13 -> 0 | M7: =Budsjett!M38/Registrering!C23 -> 0 | N7: =Budsjett!M43/Registrering!C23 -> 0 | O7: =+Budsjett!M40/Registrering!C23 -> 0 | P7: =SUM(M7:O7) -> 0 | Q7: =SUM(K7,L7,P7) -> 0 | R7: ='D. Other cost categories (prop)'!D14 -> 0 | S7: ='Budget for the proposal RIA &IA'!I13 -> 0 | T7: =SUM(I7,J7,Q7,R7,S7) -> 0 | U7: =T7 -> 0
A8: Total | D8: =D7 -> 0 | E8: =E7 -> 0 | F8: =F7 -> 0 | G8: =G7 -> 0 | H8: =H7 -> 0 | I8: =I7 -> 0 | J8: =J7 -> 0 | K8: =K7 -> 0 | ... U8: =U7 -> 0

Sheet Budget for the contract
A1: EU - Prosjektbudsjett (kontrakt)
A3: EURO | B3: =Registrering!C23 -> 11.04
A5: Allocations sought from the EU Council (in EUR)
A7: Direct personnel costs (EUR) | B7: =Budsjett!F3 -> Periode 1 (1-18 month) | C7: =Budsjett!G3 -> Periode 2 (19-36 month) | D7: =Budsjett!H3 -> Periode 3 (37-54 month) | E7: =Budsjett!I3 -> Periode 4 (55-60 (72) month) | F7: Sum
A8: A Actual costs | B8: =SUM(Budsjett!BP12+Budsjett!BP20+Budsjett!BP34)/$B$3 -> 0 | C8: =SUM(Budsjett!BQ12+Budsjett!BQ20+Budsjett!BQ34)/$B$3 -> 0 | D8: =SUM(Budsjett!BR12+Budsjett!BR20+Budsjett!BR34)/$B$3 -> 0 | E8: =SUM(Budsjett!BS12+Budsjett!BS20+Budsjett!BS34)/$B$3 -> 0 | F8: =SUM(B8:E8) -> 0
A9: Other direct costs
A10: F Declared as actual costs | B10: =SUM(Budsjett!BP38+Budsjett!BP39+Budsjett!BP40+Budsjett!BP46+Budsjett!BP43)/$B$3 -> 0 | C10: =SUM(Budsjett!BQ38+Budsjett!BQ39+Budsjett!BQ40+Budsjett!BQ46+Budsjett!BQ43)/$B$3 -> 0 | D10: =SUM(Budsjett!BR38+Budsjett!BR39+Budsjett!BR40+Budsjett!BR46+Budsjett!BR43)/$B$3 -> 0 | E10: =SUM(Budsjett!BS38+Budsjett!BS39+Budsjett!BS40+Budsjett!BS46+Budsjett!BS43)/$B$3 -> 0 | F10: =SUM(B10:E10) -> 0
A11: I Total Unit costs | B11: =Budsjett!BP42/'Budget for the contract'!$B$3 -> 0 | C11: =Budsjett!BQ42/'Budget for the contract'!$B$3 -> 0 | D11: =Budsjett!BR42/'Budget for the contract'!$B$3 -> 0 | E11: =Budsjett!BS42/'Budget for the contract'!$B$3 -> 0 | F11: =SUM(B11:E11) -> 0
A12: Other costs
A13: K Subcontracting costs | B13: =Budsjett!BP44/$B$3 -> 0 | C13: =Budsjett!BQ44/$B$3 -> 0 | D13: =Budsjett!BR44/$B$3 -> 0 | E13: =Budsjett!BS44/$B$3 -> 0 | F13: =SUM(B13:E13) -> 0
A14: L Costs of providing financial support to third parties | B14: =Budsjett!BP45/$B$3 -> 0 | C14: =Budsjett!BQ45/$B$3 -> 0 | D14: =Budsjett!BR45/$B$3 -> 0 | E14: =Budsjett!BS45/$B$3 -> 0 | F14: =SUM(B14:E14) -> 0
A15: Total direct costs | B15: =B8+B10+B11+B13+B14 -> 0 | C15: =C8+C10+C11+C13+C14 -> 0 | D15: =D8+D10+D11+D13+D14 -> 0 | E15: =E8+E10+E11+E13+E14 -> 0 | F15: =F8+F10+F11+F13+F14 -> 0
A17: Allocations sought from the EU Council (in EUR)
A18: Total direct costs | B18: =B15 -> 0 | C18: =C15 -> 0 | D18: =D15 -> 0 | E18: =E15 -> 0 | F18: =SUM(B18:E18) -> 0
A19: Indirect costs (25% flat rate) | B19: =(B8+B10+B11)*0.25 -> 0 | C19: =(C8+C10+C11)*0.25 -> 0 | D19: =(D8+D10+D11)*0.25 -> 0 | E19: =(E8+E10+E11)*0.25 -> 0 | F19: =SUM(B19:E19) -> 0
A20: O Total eligible costs | B20: =SUM(B18:B19) -> 0 | C20: =SUM(C18:C19) -> 0 | D20: =SUM(D18:D19) -> 0 | E20: =SUM(E18:E19) -> 0 | F20: =SUM(B20:E20) -> 0
A21: R Requested amount of the grant | B21: =B20 -> 0 | C21: =C20 -> 0 | D21: =D20 -> 0 | E21: =E20 -> 0 | F21: =SUM(B21:E21) -> 0
A23: Inntekter EU i NOK (overføres til arkfanen finansiering) | B23: =-B21*$B$3 -> 0 | C23: =-C21*$B$3 -> 0 | D23: =-D21*$B$3 -> 0 | E23: =-E21*$B$3 -> 0 | F23: =SUM(B23:E23) -> 0
A25: Allocations sought from own financing (in EUR)
B26: =B7 -> Periode 1 (1-18 month) | C26: =C7 -> Periode 2 (19-36 month) | D26: =D7 -> Periode 3 (37-54 month) | E26: =E7 -> Periode 4 (55-60 (72) month) | F26: Sum
A27: Direct personnel costs (EUR) | B27: =SUM(Budsjett!BW28)/$B$3 -> 0 | C27: =SUM(Budsjett!BX28)/$B$3 -> 0 | D27: =SUM(Budsjett!BY28)/$B$3 -> 0 | E27: =SUM(Budsjett!BZ28)/$B$3 -> 0 | F27: =SUM(B27:E27) -> 0
A28: Other direct costs | B28: =(Budsjett!BW47)/$B$3 -> 0 | C28: =(Budsjett!BX47)/$B$3 -> 0 | D28: =(Budsjett!BY47)/$B$3 -> 0 | E28: =(Budsjett!BZ47)/$B$3 -> 0 | F28: =SUM(B28:E28) -> 0
A29: Total direct costs | B29: =B27+B28 -> 0 | C29: =C27+C28 -> 0 | D29: =D27+D28 -> 0 | E29: =E27+E28 -> 0 | F29: =F27+F28 -> 0
A30: Indirect costs (TDI) | B30: ='Intern oversikt andel'!C14/$B$3-B19 -> 0 | C30: ='Intern oversikt andel'!D14/$B$3-C19 -> 0 | D30: ='Intern oversikt andel'!E14/$B$3-D19 -> 0 | E30: ='Intern oversikt andel'!F14/$B$3-E19 -> 0 | F30: =SUM(B30:E30) -> 0
A31: Total costs | B31: =B29+B30 -> 0 | C31: =C29+C30 -> 0 | D31: =D29+D30 -> 0 | E31: =E29+E30 -> 0 | F31: =SUM(B31:E31) -> 0
A33: Total funding | B33: =B7 -> Periode 1 (1-18 month) | C33: =C7 -> Periode 2 (19-36 month) | D33: =D7 -> Periode 3 (37-54 month) | E33: =E7 -> Periode 4 (55-60 (72) month) | F33: Sum | G33: % Share
A34: Own financing | B34: =B31 -> 0 | C34: =C31 -> 0 | D34: =D31 -> 0 | E34: =E31 -> 0 | F34: =SUM(B34:E34) -> 0 | G34: =F34/F36*100 -> #DIV/0! | H34: Hvor skal denne egenandelen fremgå på "Erc for the proposal"?
A35: EU funding | B35: =B21 -> 0 | C35: =C21 -> 0 | D35: =D21 -> 0 | E35: =E21 -> 0 | F35: =SUM(B35:E35) -> 0 | G35: =F35/F36*100 -> #DIV/0!
A36: Total budget | B36: =B21+B34 -> 0 | C36: =C21+C34 -> 0 | D36: =D21+D34 -> 0 | E36: =E21+E34 -> 0 | F36: =SUM(B36:E36) -> 0 | G36: =F36/F36*100 -> #DIV/0! | J36: 1

Sheet D. Other cost categories (prop)
C1: Estimated expenditure
C2: Estimated eligible costs
C3: D. Other cost categories
A4: Participant | B4: Country | C4: D.1 Financial support to third parties (Actual costs) (d1) | D4: D.2 Internally invoiced goods and services (Unit costs - usual accounting practices) (d2) | E4: D.3 Transnation al access to research infrastructure s (Unit costs) (d3) | F4: D.4 Virtual access to research infrastructure s (Unit costs) (d4) | G4: D.5 PCP/PPI procurement costs (Actual costs) (d5) | H4: D.6 Euratom Cofund staff mobility (d6) costs | I4: D.7 ERC additional funding (Actual costs) (d7) | J4: D.8 ERC additional funding (subcontracting, FSTP and internally invoiced goods and services) (Actual costs) (d8)
A14: UIO | B14: NO | C14: =Budsjett!M45/Registrering!C23 -> 0 | D14: =Budsjett!M42/Registrering!C23 -> 0

Sheet Budsjett_ERC for the proporsal
A3: EURO | C3: ='Budget for the contract'!B3 -> 11.04
B5: Beneficiary Short Name | E5: Direct Costs | S5: A. Total Direct Costs | T5: B. Indirect Costs | U5: C1. Subcontracting Costs | V5: C2. Costs of in kind contribution not used on the beneficiary's premises | W5: Total Estimated Eligible Costs | X5: Requested EU contribution
E6: Personnel | K6: Other direkct costs | R6: A.3 Internally invoiced goods and services
E7: PI | F7: Senior Staff | G7: Postdocs | H7: Students | I7: Other personal costs | J7: A.1 Total direct costs for personnel | K7: Travel | L7: Equipment - including major Equipment | M7: Other goods and services | Q7: A.2. Total other direct costs
M9: Consum-ables incl. fieldwork and animal costs | N9: Publications (incl. Open Access fees) and dissemination | O9: Other additonal direct costs | P9: Total other goods and services
B12: Enspire Science Ltd. | E12: =F25+G25+H25+I25 -> 0 | F12: =F26+G26+H26+I26 -> 0 | G12: =F27+G27+H27+I27 -> 0 | H12: =F28+G28+H28+I28 -> 0 | I12: =F29+G29+H29+I29 -> 0 | J12: =SUM(E12:I12) -> 0 | K12: =F31+G31+H31+I31 -> 0 | L12: =F32+G32+H32+I32 -> 0 | M12: =F33+G33+H33+I33 -> 0 | N12: =F34+G34+H34+I34 -> 0 | O12: =F35+G35+H35+I35 -> 0 | P12: =SUM(M12:O12) -> 0 | Q12: =SUM(K12:O12) -> 0 | S12: =J12+Q12+R12 -> 0 | T12: =F38+G38+H38+I38 -> 0 | U12: =F39+G39+H39+I39 -> 0 | V12: =F40+G40+H40+I40 -> 0 | W12: =S12+T12+U12+V12 -> 0 | X12: =S12+T12+U12 -> 0
B13: Periode 1?
B14: Periode 2?
B15: Periiode 3?
B16: Periode 4?
B17: Total | E17: =E12 -> 0 | F17: =F12 -> 0 | G17: =G12 -> 0 | H17: =H12 -> 0 | I17: =I12 -> 0 | J17: =J12 -> 0 | K17: =K12 -> 0 | L17: =L12 -> 0 | ... X17: =X12 -> 0
A23: Budsjett vises i hele Euro
A24: Cost Category | F24: =Budsjett!F3 -> Periode 1 (1-18 month) | G24: =Budsjett!G3 -> Periode 2 (19-36 month) | H24: =Budsjett!H3 -> Periode 3 (37-54 month) | I24: Periode 4 (55-60 (72)) | J24: Total in Euro | L24: "Cost Category" tilsvarer følegdene kostnader fra arkfanen "Budsjett":
A25: Direct Costs | C25: Personnel | D25: Principal investigator | F25: =(IFERROR(VLOOKUP($D25,Budsjett!$B$4:$AO$4,37,FALSE),0)+IFERROR(VLOOKUP($D25,Budsjett!$B$5:$AO$5,37,FALSE),0)+IFERROR(VLOOKUP($D25,Budsjett!$B$6:$AO$6,37,FALSE),0)+IFERROR(VLOOKUP($D25,Budsjett!$B$7:$AO$7,37,FALSE),0)+IFERROR(VLOOKUP($D25,Budsjett!$B$8:$AO$8,37,FALSE),0)+IFERROR(VLOOKUP($D25,Budsjett!$B$9:$AO$9,37,FALSE),0)+IFERROR(VLOOKUP($D25,Budsjett!$B$10:$AO$10,37,FALSE),0)+IFERROR(VLOOKUP($D25,Budsjett!$B$11:$AO$11,37,FALSE),0)+IFERROR(VLOOKUP($D25,Budsjett!$B$14:$AO$14,37,FALSE),0)+IFERROR(VLOOKUP($D25,Budsjett!$B$15:$AO$15,37,FALSE),0)+IFERROR(VLOOKUP($D25,Budsjett!$B$16:$AO$16,37,FALSE),0)+IFERROR(VLOOKUP($D25,Budsjett!$B$17:$AO$17,37,FALSE),0)+IFERROR(VLOOKUP($D25,Budsjett!$B$18:$AO$18,37,FALSE),0)+IFERROR(VLOOKUP($D25,Budsjett!$B$19:$AO$19,37,FALSE),0))/$C$3 -> 0 | G25: =(IFERROR(VLOOKUP($D25,Budsjett!$B$4:$AO$4,38,FALSE),0)+IFERROR(VLOOKUP($D25,Budsjett!$B$5:$AO$5,38,FALSE),0)+IFERROR(VLOOKUP($D25,Budsjett!$B$6:$AO$6,38,FALSE),0)+IFERROR(VLOOKUP($D25,Budsjett!$B$7:$AO$7,38,FALSE),0)+IFERROR(VLOOKUP($D25,Budsjett!$B$8:$AO$8,38,FALSE),0)+IFERROR(VLOOKUP($D25,Budsjett!$B$9:$AO$9,38,FALSE),0)+IFERROR(VLOOKUP($D25,Budsjett!$B$10:$AO$10,38,FALSE),0)+IFERROR(VLOOKUP($D25,Budsjett!$B$11:$AO$11,38,FALSE),0)+IFERROR(VLOOKUP($D25,Budsjett!$B$14:$AO$14,38,FALSE),0)+IFERROR(VLOOKUP($D25,Budsjett!$B$15:$AO$15,38,FALSE),0)+IFERROR(VLOOKUP($D25,Budsjett!$B$16:$AO$16,38,FALSE),0)+IFERROR(VLOOKUP($D25,Budsjett!$B$17:$AO$17,38,FALSE),0)+IFERROR(VLOOKUP($D25,Budsjett!$B$18:$AO$18,38,FALSE),0)+IFERROR(VLOOKUP($D25,Budsjett!$B$19:$AO$19,38,FALSE),0))/$C$3 -> 0 | H25: =(IFERROR(VLOOKUP($D25,Budsjett!$B$4:$AO$4,39,FALSE),0)+IFERROR(VLOOKUP($D25,Budsjett!$B$5:$AO$5,39,FALSE),0)+IFERROR(VLOOKUP($D25,Budsjett!$B$6:$AO$6,39,FALSE),0)+IFERROR(VLOOKUP($D25,Budsjett!$B$7:$AO$7,39,FALSE),0)+IFERROR(VLOOKUP($D25,Budsjett!$B$8:$AO$8,39,FALSE),0)+IFERROR(VLOOKUP($D25,Budsjett!$B$9:$AO$9,39,FALSE),0)+IFERROR(VLOOKUP($D25,Budsjett!$B$10:$AO$10,39,FALSE),0)+IFERROR(VLOOKUP($D25,Budsjett!$B$11:$AO$11,39,FALSE),0)+IFERROR(VLOOKUP($D25,Budsjett!$B$14:$AO$14,39,FALSE),0)+IFERROR(VLOOKUP($D25,Budsjett!$B$15:$AO$15,39,FALSE),0)+IFERROR(VLOOKUP($D25,Budsjett!$B$16:$AO$16,39,FALSE),0)+IFERROR(VLOOKUP($D25,Budsjett!$B$17:$AO$17,39,FALSE),0)+IFERROR(VLOOKUP($D25,Budsjett!$B$18:$AO$18,39,FALSE),0)+IFERROR(VLOOKUP($D25,Budsjett!$B$19:$AO$19,39,FALSE),0))/$C$3 -> 0 | I25: =(IFERROR(VLOOKUP($D25,Budsjett!$B$4:$AO$4,40,FALSE),0)+IFERROR(VLOOKUP($D25,Budsjett!$B$5:$AO$5,40,FALSE),0)+IFERROR(VLOOKUP($D25,Budsjett!$B$6:$AO$6,40,FALSE),0)+IFERROR(VLOOKUP($D25,Budsjett!$B$7:$AO$7,40,FALSE),0)+IFERROR(VLOOKUP($D25,Budsjett!$B$8:$AO$8,40,FALSE),0)+IFERROR(VLOOKUP($D25,Budsjett!$B$9:$AO$9,40,FALSE),0)+IFERROR(VLOOKUP($D25,Budsjett!$B$10:$AO$10,40,FALSE),0)+IFERROR(VLOOKUP($D25,Budsjett!$B$11:$AO$11,40,FALSE),0)+IFERROR(VLOOKUP($D25,Budsjett!$B$14:$AO$14,40,FALSE),0)+IFERROR(VLOOKUP($D25,Budsjett!$B$15:$AO$15,40,FALSE),0)+IFERROR(VLOOKUP($D25,Budsjett!$B$16:$AO$16,40,FALSE),0)+IFERROR(VLOOKUP($D25,Budsjett!$B$17:$AO$17,40,FALSE),0)+IFERROR(VLOOKUP($D25,Budsjett!$B$18:$AO$18,40,FALSE),0)+IFERROR(VLOOKUP($D25,Budsjett!$B$19:$AO$19,40,FALSE),0))/$C$3 -> 0 | J25: =IFERROR(SUM(F25:I25),0) -> 0 | L25: Prosjektleder
D26: Senior Staff | F26: =(IFERROR(VLOOKUP($D26,Budsjett!$B$4:$AO$4,37,FALSE),0)+IFERROR(VLOOKUP($D26,Budsjett!$B$5:$AO$5,37,FALSE),0)+IFERROR(VLOOKUP($D26,Budsjett!$B$6:$AO$6,37,FALSE),0)+IFERROR(VLOOKUP($D26,Budsjett!$B$7:$AO$7,37,FALSE),0)+IFERROR(VLOOKUP($D26,Budsjett!$B$8:$AO$8,37,FALSE),0)+IFERROR(VLOOKUP($D26,Budsjett!$B$9:$AO$9,37,FALSE),0)+IFERROR(VLOOKUP($D26,Budsjett!$B$10:$AO$10,37,FALSE),0)+IFERROR(VLOOKUP($D26,Budsjett!$B$11:$AO$11,37,FALSE),0)+IFERROR(VLOOKUP($D26,Budsjett!$B$14:$AO$14,37,FALSE),0)+IFERROR(VLOOKUP($D26,Budsjett!$B$15:$AO$15,37,FALSE),0)+IFERROR(VLOOKUP($D26,Budsjett!$B$16:$AO$16,37,FALSE),0)+IFERROR(VLOOKUP($D26,Budsjett!$B$17:$AO$17,37,FALSE),0)+IFERROR(VLOOKUP($D26,Budsjett!$B$18:$AO$18,37,FALSE),0)+IFERROR(VLOOKUP($D26,Budsjett!$B$19:$AO$19,37,FALSE),0))/$C$3 -> 0 | G26: =(IFERROR(VLOOKUP($D26,Budsjett!$B$4:$AO$4,38,FALSE),0)+IFERROR(VLOOKUP($D26,Budsjett!$B$5:$AO$5,38,FALSE),0)+IFERROR(VLOOKUP($D26,Budsjett!$B$6:$AO$6,38,FALSE),0)+IFERROR(VLOOKUP($D26,Budsjett!$B$7:$AO$7,38,FALSE),0)+IFERROR(VLOOKUP($D26,Budsjett!$B$8:$AO$8,38,FALSE),0)+IFERROR(VLOOKUP($D26,Budsjett!$B$9:$AO$9,38,FALSE),0)+IFERROR(VLOOKUP($D26,Budsjett!$B$10:$AO$10,38,FALSE),0)+IFERROR(VLOOKUP($D26,Budsjett!$B$11:$AO$11,38,FALSE),0)+IFERROR(VLOOKUP($D26,Budsjett!$B$14:$AO$14,38,FALSE),0)+IFERROR(VLOOKUP($D26,Budsjett!$B$15:$AO$15,38,FALSE),0)+IFERROR(VLOOKUP($D26,Budsjett!$B$16:$AO$16,38,FALSE),0)+IFERROR(VLOOKUP($D26,Budsjett!$B$17:$AO$17,38,FALSE),0)+IFERROR(VLOOKUP($D26,Budsjett!$B$18:$AO$18,38,FALSE),0)+IFERROR(VLOOKUP($D26,Budsjett!$B$19:$AO$19,38,FALSE),0))/$C$3 -> 0 | H26: =(IFERROR(VLOOKUP($D26,Budsjett!$B$4:$AO$4,39,FALSE),0)+IFERROR(VLOOKUP($D26,Budsjett!$B$5:$AO$5,39,FALSE),0)+IFERROR(VLOOKUP($D26,Budsjett!$B$6:$AO$6,39,FALSE),0)+IFERROR(VLOOKUP($D26,Budsjett!$B$7:$AO$7,39,FALSE),0)+IFERROR(VLOOKUP($D26,Budsjett!$B$8:$AO$8,39,FALSE),0)+IFERROR(VLOOKUP($D26,Budsjett!$B$9:$AO$9,39,FALSE),0)+IFERROR(VLOOKUP($D26,Budsjett!$B$10:$AO$10,39,FALSE),0)+IFERROR(VLOOKUP($D26,Budsjett!$B$11:$AO$11,39,FALSE),0)+IFERROR(VLOOKUP($D26,Budsjett!$B$14:$AO$14,39,FALSE),0)+IFERROR(VLOOKUP($D26,Budsjett!$B$15:$AO$15,39,FALSE),0)+IFERROR(VLOOKUP($D26,Budsjett!$B$16:$AO$16,39,FALSE),0)+IFERROR(VLOOKUP($D26,Budsjett!$B$17:$AO$17,39,FALSE),0)+IFERROR(VLOOKUP($D26,Budsjett!$B$18:$AO$18,39,FALSE),0)+IFERROR(VLOOKUP($D26,Budsjett!$B$19:$AO$19,39,FALSE),0))/$C$3 -> 0 | I26: =(IFERROR(VLOOKUP($D26,Budsjett!$B$4:$AO$4,40,FALSE),0)+IFERROR(VLOOKUP($D26,Budsjett!$B$5:$AO$5,40,FALSE),0)+IFERROR(VLOOKUP($D26,Budsjett!$B$6:$AO$6,40,FALSE),0)+IFERROR(VLOOKUP($D26,Budsjett!$B$7:$AO$7,40,FALSE),0)+IFERROR(VLOOKUP($D26,Budsjett!$B$8:$AO$8,40,FALSE),0)+IFERROR(VLOOKUP($D26,Budsjett!$B$9:$AO$9,40,FALSE),0)+IFERROR(VLOOKUP($D26,Budsjett!$B$10:$AO$10,40,FALSE),0)+IFERROR(VLOOKUP($D26,Budsjett!$B$11:$AO$11,40,FALSE),0)+IFERROR(VLOOKUP($D26,Budsjett!$B$14:$AO$14,40,FALSE),0)+IFERROR(VLOOKUP($D26,Budsjett!$B$15:$AO$15,40,FALSE),0)+IFERROR(VLOOKUP($D26,Budsjett!$B$16:$AO$16,40,FALSE),0)+IFERROR(VLOOKUP($D26,Budsjett!$B$17:$AO$17,40,FALSE),0)+IFERROR(VLOOKUP($D26,Budsjett!$B$18:$AO$18,40,FALSE),0)+IFERROR(VLOOKUP($D26,Budsjett!$B$19:$AO$19,40,FALSE),0))/$C$3 -> 0 | J26: =SUM(F26:I26) -> 0 | L26: Forsker-professor, Forsker-1.amanuensis, Forsker (rundsum), Gjesteforsker
D27: Postdocs | F27: =(IFERROR(VLOOKUP($D27,Budsjett!$B$4:$AO$4,37,FALSE),0)+IFERROR(VLOOKUP($D27,Budsjett!$B$5:$AO$5,37,FALSE),0)+IFERROR(VLOOKUP($D27,Budsjett!$B$6:$AO$6,37,FALSE),0)+IFERROR(VLOOKUP($D27,Budsjett!$B$7:$AO$7,37,FALSE),0)+IFERROR(VLOOKUP($D27,Budsjett!$B$8:$AO$8,37,FALSE),0)+IFERROR(VLOOKUP($D27,Budsjett!$B$9:$AO$9,37,FALSE),0)+IFERROR(VLOOKUP($D27,Budsjett!$B$10:$AO$10,37,FALSE),0)+IFERROR(VLOOKUP($D27,Budsjett!$B$11:$AO$11,37,FALSE),0)+IFERROR(VLOOKUP($D27,Budsjett!$B$14:$AO$14,37,FALSE),0)+IFERROR(VLOOKUP($D27,Budsjett!$B$15:$AO$15,37,FALSE),0)+IFERROR(VLOOKUP($D27,Budsjett!$B$16:$AO$16,37,FALSE),0)+IFERROR(VLOOKUP($D27,Budsjett!$B$17:$AO$17,37,FALSE),0)+IFERROR(VLOOKUP($D27,Budsjett!$B$18:$AO$18,37,FALSE),0)+IFERROR(VLOOKUP($D27,Budsjett!$B$19:$AO$19,37,FALSE),0))/$C$3 -> 0 | G27: =(IFERROR(VLOOKUP($D27,Budsjett!$B$4:$AO$4,38,FALSE),0)+IFERROR(VLOOKUP($D27,Budsjett!$B$5:$AO$5,38,FALSE),0)+IFERROR(VLOOKUP($D27,Budsjett!$B$6:$AO$6,38,FALSE),0)+IFERROR(VLOOKUP($D27,Budsjett!$B$7:$AO$7,38,FALSE),0)+IFERROR(VLOOKUP($D27,Budsjett!$B$8:$AO$8,38,FALSE),0)+IFERROR(VLOOKUP($D27,Budsjett!$B$9:$AO$9,38,FALSE),0)+IFERROR(VLOOKUP($D27,Budsjett!$B$10:$AO$10,38,FALSE),0)+IFERROR(VLOOKUP($D27,Budsjett!$B$11:$AO$11,38,FALSE),0)+IFERROR(VLOOKUP($D27,Budsjett!$B$14:$AO$14,38,FALSE),0)+IFERROR(VLOOKUP($D27,Budsjett!$B$15:$AO$15,38,FALSE),0)+IFERROR(VLOOKUP($D27,Budsjett!$B$16:$AO$16,38,FALSE),0)+IFERROR(VLOOKUP($D27,Budsjett!$B$17:$AO$17,38,FALSE),0)+IFERROR(VLOOKUP($D27,Budsjett!$B$18:$AO$18,38,FALSE),0)+IFERROR(VLOOKUP($D27,Budsjett!$B$19:$AO$19,38,FALSE),0))/$C$3 -> 0 | H27: =(IFERROR(VLOOKUP($D27,Budsjett!$B$4:$AO$4,39,FALSE),0)+IFERROR(VLOOKUP($D27,Budsjett!$B$5:$AO$5,39,FALSE),0)+IFERROR(VLOOKUP($D27,Budsjett!$B$6:$AO$6,39,FALSE),0)+IFERROR(VLOOKUP($D27,Budsjett!$B$7:$AO$7,39,FALSE),0)+IFERROR(VLOOKUP($D27,Budsjett!$B$8:$AO$8,39,FALSE),0)+IFERROR(VLOOKUP($D27,Budsjett!$B$9:$AO$9,39,FALSE),0)+IFERROR(VLOOKUP($D27,Budsjett!$B$10:$AO$10,39,FALSE),0)+IFERROR(VLOOKUP($D27,Budsjett!$B$11:$AO$11,39,FALSE),0)+IFERROR(VLOOKUP($D27,Budsjett!$B$14:$AO$14,39,FALSE),0)+IFERROR(VLOOKUP($D27,Budsjett!$B$15:$AO$15,39,FALSE),0)+IFERROR(VLOOKUP($D27,Budsjett!$B$16:$AO$16,39,FALSE),0)+IFERROR(VLOOKUP($D27,Budsjett!$B$17:$AO$17,39,FALSE),0)+IFERROR(VLOOKUP($D27,Budsjett!$B$18:$AO$18,39,FALSE),0)+IFERROR(VLOOKUP($D27,Budsjett!$B$19:$AO$19,39,FALSE),0))/$C$3 -> 0 | I27: =(IFERROR(VLOOKUP($D27,Budsjett!$B$4:$AO$4,40,FALSE),0)+IFERROR(VLOOKUP($D27,Budsjett!$B$5:$AO$5,40,FALSE),0)+IFERROR(VLOOKUP($D27,Budsjett!$B$6:$AO$6,40,FALSE),0)+IFERROR(VLOOKUP($D27,Budsjett!$B$7:$AO$7,40,FALSE),0)+IFERROR(VLOOKUP($D27,Budsjett!$B$8:$AO$8,40,FALSE),0)+IFERROR(VLOOKUP($D27,Budsjett!$B$9:$AO$9,40,FALSE),0)+IFERROR(VLOOKUP($D27,Budsjett!$B$10:$AO$10,40,FALSE),0)+IFERROR(VLOOKUP($D27,Budsjett!$B$11:$AO$11,40,FALSE),0)+IFERROR(VLOOKUP($D27,Budsjett!$B$14:$AO$14,40,FALSE),0)+IFERROR(VLOOKUP($D27,Budsjett!$B$15:$AO$15,40,FALSE),0)+IFERROR(VLOOKUP($D27,Budsjett!$B$16:$AO$16,40,FALSE),0)+IFERROR(VLOOKUP($D27,Budsjett!$B$17:$AO$17,40,FALSE),0)+IFERROR(VLOOKUP($D27,Budsjett!$B$18:$AO$18,40,FALSE),0)+IFERROR(VLOOKUP($D27,Budsjett!$B$19:$AO$19,40,FALSE),0))/$C$3 -> 0 | J27: =SUM(F27:I27) -> 0 | L27: Postdoktor / Forsker
D28: Students | F28: =(IFERROR(VLOOKUP($D28,Budsjett!$B$4:$AO$4,37,FALSE),0)+IFERROR(VLOOKUP($D28,Budsjett!$B$5:$AO$5,37,FALSE),0)+IFERROR(VLOOKUP($D28,Budsjett!$B$6:$AO$6,37,FALSE),0)+IFERROR(VLOOKUP($D28,Budsjett!$B$7:$AO$7,37,FALSE),0)+IFERROR(VLOOKUP($D28,Budsjett!$B$8:$AO$8,37,FALSE),0)+IFERROR(VLOOKUP($D28,Budsjett!$B$9:$AO$9,37,FALSE),0)+IFERROR(VLOOKUP($D28,Budsjett!$B$10:$AO$10,37,FALSE),0)+IFERROR(VLOOKUP($D28,Budsjett!$B$11:$AO$11,37,FALSE),0)+IFERROR(VLOOKUP($D28,Budsjett!$B$14:$AO$14,37,FALSE),0)+IFERROR(VLOOKUP($D28,Budsjett!$B$15:$AO$15,37,FALSE),0)+IFERROR(VLOOKUP($D28,Budsjett!$B$16:$AO$16,37,FALSE),0)+IFERROR(VLOOKUP($D28,Budsjett!$B$17:$AO$17,37,FALSE),0)+IFERROR(VLOOKUP($D28,Budsjett!$B$18:$AO$18,37,FALSE),0)+IFERROR(VLOOKUP($D28,Budsjett!$B$19:$AO$19,37,FALSE),0))/$C$3 -> 0 | G28: =(IFERROR(VLOOKUP($D28,Budsjett!$B$4:$AO$4,38,FALSE),0)+IFERROR(VLOOKUP($D28,Budsjett!$B$5:$AO$5,38,FALSE),0)+IFERROR(VLOOKUP($D28,Budsjett!$B$6:$AO$6,38,FALSE),0)+IFERROR(VLOOKUP($D28,Budsjett!$B$7:$AO$7,38,FALSE),0)+IFERROR(VLOOKUP($D28,Budsjett!$B$8:$AO$8,38,FALSE),0)+IFERROR(VLOOKUP($D28,Budsjett!$B$9:$AO$9,38,FALSE),0)+IFERROR(VLOOKUP($D28,Budsjett!$B$10:$AO$10,38,FALSE),0)+IFERROR(VLOOKUP($D28,Budsjett!$B$11:$AO$11,38,FALSE),0)+IFERROR(VLOOKUP($D28,Budsjett!$B$14:$AO$14,38,FALSE),0)+IFERROR(VLOOKUP($D28,Budsjett!$B$15:$AO$15,38,FALSE),0)+IFERROR(VLOOKUP($D28,Budsjett!$B$16:$AO$16,38,FALSE),0)+IFERROR(VLOOKUP($D28,Budsjett!$B$17:$AO$17,38,FALSE),0)+IFERROR(VLOOKUP($D28,Budsjett!$B$18:$AO$18,38,FALSE),0)+IFERROR(VLOOKUP($D28,Budsjett!$B$19:$AO$19,38,FALSE),0))/$C$3 -> 0 | H28: =(IFERROR(VLOOKUP($D28,Budsjett!$B$4:$AO$4,39,FALSE),0)+IFERROR(VLOOKUP($D28,Budsjett!$B$5:$AO$5,39,FALSE),0)+IFERROR(VLOOKUP($D28,Budsjett!$B$6:$AO$6,39,FALSE),0)+IFERROR(VLOOKUP($D28,Budsjett!$B$7:$AO$7,39,FALSE),0)+IFERROR(VLOOKUP($D28,Budsjett!$B$8:$AO$8,39,FALSE),0)+IFERROR(VLOOKUP($D28,Budsjett!$B$9:$AO$9,39,FALSE),0)+IFERROR(VLOOKUP($D28,Budsjett!$B$10:$AO$10,39,FALSE),0)+IFERROR(VLOOKUP($D28,Budsjett!$B$11:$AO$11,39,FALSE),0)+IFERROR(VLOOKUP($D28,Budsjett!$B$14:$AO$14,39,FALSE),0)+IFERROR(VLOOKUP($D28,Budsjett!$B$15:$AO$15,39,FALSE),0)+IFERROR(VLOOKUP($D28,Budsjett!$B$16:$AO$16,39,FALSE),0)+IFERROR(VLOOKUP($D28,Budsjett!$B$17:$AO$17,39,FALSE),0)+IFERROR(VLOOKUP($D28,Budsjett!$B$18:$AO$18,39,FALSE),0)+IFERROR(VLOOKUP($D28,Budsjett!$B$19:$AO$19,39,FALSE),0))/$C$3 -> 0 | I28: =(IFERROR(VLOOKUP($D28,Budsjett!$B$4:$AO$4,40,FALSE),0)+IFERROR(VLOOKUP($D28,Budsjett!$B$5:$AO$5,40,FALSE),0)+IFERROR(VLOOKUP($D28,Budsjett!$B$6:$AO$6,40,FALSE),0)+IFERROR(VLOOKUP($D28,Budsjett!$B$7:$AO$7,40,FALSE),0)+IFERROR(VLOOKUP($D28,Budsjett!$B$8:$AO$8,40,FALSE),0)+IFERROR(VLOOKUP($D28,Budsjett!$B$9:$AO$9,40,FALSE),0)+IFERROR(VLOOKUP($D28,Budsjett!$B$10:$AO$10,40,FALSE),0)+IFERROR(VLOOKUP($D28,Budsjett!$B$11:$AO$11,40,FALSE),0)+IFERROR(VLOOKUP($D28,Budsjett!$B$14:$AO$14,40,FALSE),0)+IFERROR(VLOOKUP($D28,Budsjett!$B$15:$AO$15,40,FALSE),0)+IFERROR(VLOOKUP($D28,Budsjett!$B$16:$AO$16,40,FALSE),0)+IFERROR(VLOOKUP($D28,Budsjett!$B$17:$AO$17,40,FALSE),0)+IFERROR(VLOOKUP($D28,Budsjett!$B$18:$AO$18,40,FALSE),0)+IFERROR(VLOOKUP($D28,Budsjett!$B$19:$AO$19,40,FALSE),0))/$C$3 -> 0 | J28: =SUM(F28:I28) -> 0 | L28: Stipendiat
D29: Other | F29: =(IFERROR(VLOOKUP($D29,Budsjett!$B$4:$AO$4,37,FALSE),0)+IFERROR(VLOOKUP($D29,Budsjett!$B$5:$AO$5,37,FALSE),0)+IFERROR(VLOOKUP($D29,Budsjett!$B$6:$AO$6,37,FALSE),0)+IFERROR(VLOOKUP($D29,Budsjett!$B$7:$AO$7,37,FALSE),0)+IFERROR(VLOOKUP($D29,Budsjett!$B$8:$AO$8,37,FALSE),0)+IFERROR(VLOOKUP($D29,Budsjett!$B$9:$AO$9,37,FALSE),0)+IFERROR(VLOOKUP($D29,Budsjett!$B$10:$AO$10,37,FALSE),0)+IFERROR(VLOOKUP($D29,Budsjett!$B$11:$AO$11,37,FALSE),0)+IFERROR(VLOOKUP($D29,Budsjett!$B$14:$AO$14,37,FALSE),0)+IFERROR(VLOOKUP($D29,Budsjett!$B$15:$AO$15,37,FALSE),0)+IFERROR(VLOOKUP($D29,Budsjett!$B$16:$AO$16,37,FALSE),0)+IFERROR(VLOOKUP($D29,Budsjett!$B$17:$AO$17,37,FALSE),0)+IFERROR(VLOOKUP($D29,Budsjett!$B$18:$AO$18,37,FALSE),0)+IFERROR(VLOOKUP($D29,Budsjett!$B$19:$AO$19,37,FALSE),0))/C3+(Budsjett!AL34/'Budsjett_ERC for the proporsal'!C3) -> 0 | G29: =(IFERROR(VLOOKUP($D29,Budsjett!$B$4:$AO$4,38,FALSE),0)+IFERROR(VLOOKUP($D29,Budsjett!$B$5:$AO$5,38,FALSE),0)+IFERROR(VLOOKUP($D29,Budsjett!$B$6:$AO$6,38,FALSE),0)+IFERROR(VLOOKUP($D29,Budsjett!$B$7:$AO$7,38,FALSE),0)+IFERROR(VLOOKUP($D29,Budsjett!$B$8:$AO$8,38,FALSE),0)+IFERROR(VLOOKUP($D29,Budsjett!$B$9:$AO$9,38,FALSE),0)+IFERROR(VLOOKUP($D29,Budsjett!$B$10:$AO$10,38,FALSE),0)+IFERROR(VLOOKUP($D29,Budsjett!$B$11:$AO$11,38,FALSE),0)+IFERROR(VLOOKUP($D29,Budsjett!$B$14:$AO$14,38,FALSE),0)+IFERROR(VLOOKUP($D29,Budsjett!$B$15:$AO$15,38,FALSE),0)+IFERROR(VLOOKUP($D29,Budsjett!$B$16:$AO$16,38,FALSE),0)+IFERROR(VLOOKUP($D29,Budsjett!$B$17:$AO$17,38,FALSE),0)+IFERROR(VLOOKUP($D29,Budsjett!$B$18:$AO$18,38,FALSE),0)+IFERROR(VLOOKUP($D29,Budsjett!$B$19:$AO$19,38,FALSE),0))/$C$3+(Budsjett!AM34/'Budsjett_ERC for the proporsal'!C3) -> 0 | H29: =(IFERROR(VLOOKUP($D29,Budsjett!$B$4:$AO$4,39,FALSE),0)+IFERROR(VLOOKUP($D29,Budsjett!$B$5:$AO$5,39,FALSE),0)+IFERROR(VLOOKUP($D29,Budsjett!$B$6:$AO$6,39,FALSE),0)+IFERROR(VLOOKUP($D29,Budsjett!$B$7:$AO$7,39,FALSE),0)+IFERROR(VLOOKUP($D29,Budsjett!$B$8:$AO$8,39,FALSE),0)+IFERROR(VLOOKUP($D29,Budsjett!$B$9:$AO$9,39,FALSE),0)+IFERROR(VLOOKUP($D29,Budsjett!$B$10:$AO$10,39,FALSE),0)+IFERROR(VLOOKUP($D29,Budsjett!$B$11:$AO$11,39,FALSE),0)+IFERROR(VLOOKUP($D29,Budsjett!$B$14:$AO$14,39,FALSE),0)+IFERROR(VLOOKUP($D29,Budsjett!$B$15:$AO$15,39,FALSE),0)+IFERROR(VLOOKUP($D29,Budsjett!$B$16:$AO$16,39,FALSE),0)+IFERROR(VLOOKUP($D29,Budsjett!$B$17:$AO$17,39,FALSE),0)+IFERROR(VLOOKUP($D29,Budsjett!$B$18:$AO$18,39,FALSE),0)+IFERROR(VLOOKUP($D29,Budsjett!$B$19:$AO$19,39,FALSE),0))/$C$3+(Budsjett!AN34/'Budsjett_ERC for the proporsal'!C3) -> 0 | I29: =(IFERROR(VLOOKUP($D29,Budsjett!$B$4:$AO$4,40,FALSE),0)+IFERROR(VLOOKUP($D29,Budsjett!$B$5:$AO$5,40,FALSE),0)+IFERROR(VLOOKUP($D29,Budsjett!$B$6:$AO$6,40,FALSE),0)+IFERROR(VLOOKUP($D29,Budsjett!$B$7:$AO$7,40,FALSE),0)+IFERROR(VLOOKUP($D29,Budsjett!$B$8:$AO$8,40,FALSE),0)+IFERROR(VLOOKUP($D29,Budsjett!$B$9:$AO$9,40,FALSE),0)+IFERROR(VLOOKUP($D29,Budsjett!$B$10:$AO$10,40,FALSE),0)+IFERROR(VLOOKUP($D29,Budsjett!$B$11:$AO$11,40,FALSE),0)+IFERROR(VLOOKUP($D29,Budsjett!$B$14:$AO$14,40,FALSE),0)+IFERROR(VLOOKUP($D29,Budsjett!$B$15:$AO$15,40,FALSE),0)+IFERROR(VLOOKUP($D29,Budsjett!$B$16:$AO$16,40,FALSE),0)+IFERROR(VLOOKUP($D29,Budsjett!$B$17:$AO$17,40,FALSE),0)+IFERROR(VLOOKUP($D29,Budsjett!$B$18:$AO$18,40,FALSE),0)+IFERROR(VLOOKUP($D29,Budsjett!$B$19:$AO$19,40,FALSE),0))/$C$3+(Budsjett!AO34/'Budsjett_ERC for the proporsal'!C3) -> 0 | J29: =SUM(F29:I29) -> 0 | L29: Teknisk /administrativ bistand/timebasertlønn
C30: i. Total Direct Costs for Personnel (in Euro) | F30: =SUM(F25:F29) -> 0 | G30: =SUM(G25:G29) -> 0 | H30: =SUM(H25:H29) -> 0 | I30: =SUM(I25:I29) -> 0 | J30: =SUM(F30:I30) -> 0
C31: Travel | F31: =Budsjett!F39/'Budsjett_ERC for the proporsal'!$C$3 -> 0 | G31: =Budsjett!G39/'Budsjett_ERC for the proporsal'!$C$3 -> 0 | H31: =Budsjett!H39/'Budsjett_ERC for the proporsal'!$C$3 -> 0 | I31: =Budsjett!I39/'Budsjett_ERC for the proporsal'!$C$3 -> 0 | J31: =SUM(F31:I31) -> 0 | L31: Reiser /konferanser
C32: Equipment | F32: =Budsjett!F46/$C$3 -> 0 | G32: =Budsjett!G46/$C$3 -> 0 | H32: =Budsjett!H46/$C$3 -> 0 | I32: =Budsjett!I46/$C$3 -> 0 | J32: =SUM(F32:I32) -> 0 | L32: Investeringer /utstyr
C33: Other goods and services | D33: Consumables | F33: =Budsjett!F38/'Budget for the contract'!$B$3 -> 0 | G33: =(Budsjett!G38)/'Budget for the contract'!$B$3 -> 0 | H33: =(Budsjett!H38)/'Budget for the contract'!$B$3 -> 0 | I33: =(Budsjett!I38)/'Budget for the contract'!$B$3 -> 0 | J33: =SUM(F33:I33) -> 0 | L33: Lab. /feltundersøkelser
D34: Publications (incl. Open Access fees), etc. | F34: =Budsjett!BP43/'Budsjett_ERC for the proporsal'!$C$3 -> 0 | G34: =Budsjett!BQ43/'Budsjett_ERC for the proporsal'!$C$3 -> 0 | H34: =Budsjett!BR43/'Budsjett_ERC for the proporsal'!$C$3 -> 0 | I34: =Budsjett!BS43/'Budsjett_ERC for the proporsal'!$C$3 -> 0 | J34: =SUM(F34:I34) -> 0 | L34: Publikasjoner
D35: Other (please specify) | F35: =(Budsjett!F40+Budsjett!F42)/'Budsjett_ERC for the proporsal'!$C$3 -> 0 | G35: =(Budsjett!G40+Budsjett!G42)/'Budsjett_ERC for the proporsal'!$C$3 -> 0 | H35: =(Budsjett!H40+Budsjett!H42)/'Budsjett_ERC for the proporsal'!$C$3 -> 0 | I35: =(Budsjett!I40+Budsjett!I42)/'Budsjett_ERC for the proporsal'!$C$3 -> 0 | J35: =SUM(F35:I35) -> 0 | L35: Andre driftskostnader
C36: ii. Total Other Direct Costs (in Euro) | F36: =SUM(F31:F35) -> 0 | G36: =SUM(G31:G35) -> 0 | H36: =SUM(H31:H35) -> 0 | I36: =SUM(I31:I35) -> 0 | J36: =SUM(F36:I36) -> 0
A37: A - Total direct Costs (i+ii) (in Euro) | F37: =F36+F30 -> 0 | G37: =G36+G30 -> 0 | H37: =H36+H30 -> 0 | I37: =I36+I30 -> 0 | J37: =SUM(F37:I37) -> 0
A38: B- Indirect Costs (overheads) 25% of Direct Costs4 (in Euro) | F38: ='Budget for the contract'!B19 -> 0 | G38: ='Budget for the contract'!C19 -> 0 | H38: ='Budget for the contract'!D19 -> 0 | I38: ='Budget for the contract'!E19 -> 0 | J38: =SUM(F38:I38) -> 0
A39: C1 - Subcontracting Costs (no overheads) (in Euro) | F39: =Budsjett!F44/'Budget for the contract'!$B$3 -> 0 | G39: =Budsjett!G44/'Budget for the contract'!$B$3 -> 0 | H39: =Budsjett!H44/'Budget for the contract'!$B$3 -> 0 | I39: =Budsjett!I44/'Budget for the contract'!$B$3 -> 0 | J39: =SUM(F39:I39) -> 0 | L39: Innkjøp av FoU-tjenester /subcontracting
A40: C2 - Other Direct costs with no over heads (in Euro)5 | F40: =Budsjett!F45/$C$3 -> 0 | G40: =Budsjett!G45/$C$3 -> 0 | H40: =Budsjett!H45/$C$3 -> 0 | I40: =Budsjett!I45/$C$3 -> 0 | J40: =SUM(F40:I40) -> 0 | L40: Viderefordelte midler
A41: Total Estimated Eligible Costs (A+B+C) (in Euro)6 | F41: =F37+F38+F39+F40 -> 0 | G41: =G37+G38+G39+G40 -> 0 | H41: =H37+H38+H39+H40 -> 0 | I41: =I37+I38+I39+I40 -> 0 | J41: =SUM(F41:I41) -> 0
A42: Total Requested EU Contribution (in Euro)6 | F42: =F41 -> 0 | G42: =G41 -> 0 | H42: =H41 -> 0 | I42: =I41 -> 0 | J42: =SUM(F42:I42) -> 0
A46: 2 An additional cost category 'Direct costing for Large Research Infrastructures' applicable to H2020 can be added to this table (below ‘Other Goods and services’) for PIs who are hosted by institutions with Large Research Infrastructures of a value of at least EUR 20 million and only after having received a positive ex-ante assessment from the Commission's services (see ‘Information for Applicants to the Starting and Consolidator Grant 2014 Calls’ for more details).
A47: 3 When calculating the salary, please take into account the percentage of your dedicated working time to run the ERC funded project (i.e. minimum 50% of your total working time for StG and CoG, 30% for AdG).
A48: 4 Please note that the overheads are fixed to a flat rate of exactly 25%.
A49: 5Such as the costs of resources made available by third parties which are not used on the premises of the beneficiary (see ‘Information for Applicants to the Starting and Consolidator Grant 2014 Calls’ for details).
A50: 6 These figures MUST match those presented in the online proposal submission form, section 3 – Budget.

Sheet Tabeller
A1: Lønnstrinn | G1: PEDAT | AG1: Grunnlagstabell for registrering av prosjektkategori
A2: Tabell mai 2022 | C2: C-tabellen | D2: 37,5 t.
A3: LTR | B3: Brutto | G3: Arbeidstimer pr. år | H3: 1720 | I3: Produktive timer
A4: Ltr. | B4: Årslønn | C4: Ltr. | D4: Timelønn
A5: 1 | B5: 0 | C5: 1 | D5: 0 | H5: Vit.ansatt | I5: Adm. Ansatt | J5: =Budsjett!F3 -> Periode 1 (1-18 month) | K5: =Budsjett!G3 -> Periode 2 (19-36 month) | L5: =Budsjett!H3 -> Periode 3 (37-54 month) | M5: =Budsjett!I3 -> Periode 4 (55-60 (72) month) | N5: =Budsjett!#REF! -> #REF! | O5: =Budsjett!#REF! -> #REF! | P5: =Budsjett!#REF! -> #REF! | Q5: =Budsjett!#REF! -> #REF! | R5: =Budsjett!#REF! -> #REF! | S5: =Budsjett!#REF! -> #REF! | W5: Satsene gjelder PR. ÅRSVERK
A6: 2 | B6: 0 | C6: 2 | D6: 0 | G6: Prosjekter som foregår i UiOs lokaler | H6: 465000 | I6: 142000 | W6: Mange typiske HumSam-miljøer | AG6: Bevilgning
A7: 3 | B7: 0 | C7: 3 | D7: 0 | G7: Prosjekter som ikke foregår i UiOs lokaler | H7: 465000 | I7: 142000 | W7: Innenfor både HumSam og MedNat | AH7: 660000 - 669998 EU forskning/ rammeprogrammer Horizon 2020
A8: 4 | B8: 0 | C8: 4 | D8: 0 | G8: Vitenskapelig ansatt UiO lokale | J8: 465000 | K8: =$J8*J$33 -> 522682.1 | L8: =$J8*K$33 -> 550443.05 | M8: =$J8*L$33 -> 579678.46 | N8: =$J8*M$33 -> 610466.63 | O8: =$J8*N$33 -> 642890.04 | P8: =$J8*O$33 -> 677035.54 | Q8: =$J8*P$33 -> 712994.59 | R8: =$J8*Q$33 -> 750863.51 | S8: =$J8*R$33 -> 790743.75 | W8: Innenfor både HumSam og MedNat
A9: 5 | B9: 0 | C9: 5 | D9: 0 | G9: Teknisk/adm. Ansatt i Uio lokale | J9: 142000 | K9: =$J9*J$33 -> 159614.75 | L9: =$J9*K$33 -> 168092.29 | M9: =$J9*L$33 -> 177020.09 | N9: =$J9*M$33 -> 186422.07 | O9: =$J9*N$33 -> 196323.41 | P9: =$J9*O$33 -> 206750.64 | Q9: =$J9*P$33 -> 217731.68 | R9: =$J9*Q$33 -> 229295.95 | S9: =$J9*R$33 -> 241474.44 | W9: Tradisjonelle eksperimentelle miljøer innenfor MedNat
A10: 6 | B10: 0 | C10: 6 | D10: 0 | G10: Vitenskapelig ansatt ikke i UiO lokale | J10: 465000 | K10: =$J10*J$33 -> 522682.1 | L10: =$J10*K$33 -> 550443.05 | M10: =$J10*L$33 -> 579678.46 | N10: =$J10*M$33 -> 610466.63 | O10: =$J10*N$33 -> 642890.04 | P10: =$J10*O$33 -> 677035.54 | Q10: =$J10*P$33 -> 712994.59 | R10: =$J10*Q$33 -> 750863.51 | S10: =$J10*R$33 -> 790743.75 | W10: For eksempel basalmedisin
A11: 7 | B11: 0 | C11: 7 | D11: 0 | G11: Teknisk/adm. Ansatt ikke i Uio lokale | J11: 142000 | K11: =$J11*J$33 -> 159614.75 | L11: =$J11*K$33 -> 168092.29 | M11: =$J11*L$33 -> 177020.09 | N11: =$J11*M$33 -> 186422.07 | O11: =$J11*N$33 -> 196323.41 | P11: =$J11*O$33 -> 206750.64 | Q11: =$J11*P$33 -> 217731.68 | R11: =$J11*Q$33 -> 229295.95 | S11: =$J11*R$33 -> 241474.44 | W11: Eksempelvis prosjekter som fysisk foregår i sykehusenes lokaler
A12: 8 | B12: 0 | C12: 8 | D12: 0
A13: 9 | B13: 0 | C13: 9 | D13: 0 | G13: Valgt TDI | I13: Vit.ansatte | J13: =IF(Registrering!$C$27="",0,IF(Registrering!$C$27=Tabeller!$G$6,Tabeller!J8,Tabeller!J10)) -> 465000 | K13: =IF(Registrering!$C$27="",0,IF(Registrering!$C$27=Tabeller!$G$6,Tabeller!K8,Tabeller!K10)) -> 522682.1 | L13: =IF(Registrering!$C$27="",0,IF(Registrering!$C$27=Tabeller!$G$6,Tabeller!L8,Tabeller!L10)) -> 550443.05 | M13: =IF(Registrering!$C$27="",0,IF(Registrering!$C$27=Tabeller!$G$6,Tabeller!M8,Tabeller!M10)) -> 579678.46 | N13: =IF(Registrering!$C$27="",0,IF(Registrering!$C$27=Tabeller!$G$6,Tabeller!N8,Tabeller!N10)) -> 610466.63 | O13: =IF(Registrering!$C$27="",0,IF(Registrering!$C$27=Tabeller!$G$6,Tabeller!O8,Tabeller!O10)) -> 642890.04 | P13: =IF(Registrering!$C$27="",0,IF(Registrering!$C$27=Tabeller!$G$6,Tabeller!P8,Tabeller!P10)) -> 677035.54 | Q13: =IF(Registrering!$C$27="",0,IF(Registrering!$C$27=Tabeller!$G$6,Tabeller!Q8,Tabeller!Q10)) -> 712994.59 | ... S13: =IF(Registrering!$C$27="",0,IF(Registrering!$C$27=Tabeller!$G$6,Tabeller!S8,Tabeller!S10)) -> 790743.75
A14: 10 | B14: 0 | C14: 10 | D14: 0 | I14: Adm/teknisk | J14: =IF(Registrering!$C$27="",0,IF(Registrering!$C$27=Tabeller!$G$6,Tabeller!J9,Tabeller!J11)) -> 142000 | K14: =IF(Registrering!$C$27="",0,IF(Registrering!$C$27=Tabeller!$G$6,Tabeller!K9,Tabeller!K11)) -> 159614.75 | L14: =IF(Registrering!$C$27="",0,IF(Registrering!$C$27=Tabeller!$G$6,Tabeller!L9,Tabeller!L11)) -> 168092.29 | M14: =IF(Registrering!$C$27="",0,IF(Registrering!$C$27=Tabeller!$G$6,Tabeller!M9,Tabeller!M11)) -> 177020.09 | N14: =IF(Registrering!$C$27="",0,IF(Registrering!$C$27=Tabeller!$G$6,Tabeller!N9,Tabeller!N11)) -> 186422.07 | O14: =IF(Registrering!$C$27="",0,IF(Registrering!$C$27=Tabeller!$G$6,Tabeller!O9,Tabeller!O11)) -> 196323.41 | P14: =IF(Registrering!$C$27="",0,IF(Registrering!$C$27=Tabeller!$G$6,Tabeller!P9,Tabeller!P11)) -> 206750.64 | Q14: =IF(Registrering!$C$27="",0,IF(Registrering!$C$27=Tabeller!$G$6,Tabeller!Q9,Tabeller!Q11)) -> 217731.68 | ... S14: =IF(Registrering!$C$27="",0,IF(Registrering!$C$27=Tabeller!$G$6,Tabeller!S9,Tabeller!S11)) -> 241474.44
A15: 11 | B15: 0 | C15: 11 | D15: 0 | W15: Stillingskategorier | Z15: Stillingskategorier EU
A16: 12 | B16: 0 | C16: 12 | D16: 0 | G16: Lønnsberegninger | W16: Prosjektleder/adm.leder | Z16: Principal investigator
A17: 13 | B17: 0 | C17: 13 | D17: 0 | W17: Forsker - professor | Z17: Senior Staff
A18: 14 | B18: 0 | C18: 14 | D18: 0 | L18: Fra Buddy | W18: Forsker - 1.aman. | Z18: Senior Staff
A19: 15 | B19: 0 | C19: 15 | D19: 0 | L19: Fra første budsjettår | M19: Inneværende år | W19: Forsker | Z19: Senior Staff
A20: 16 | B20: 0 | C20: 16 | D20: 0 | G20: ansatte under 60 år | H20: Ltr | I20: ART | J20: Multiplikator | K20: TOTALT | L20: Multiplikator | W20: Gjesteforsker | Z20: Senior Staff
A21: 17 | B21: 0 | C21: 17 | D21: 0 | G21: NN | H21: 45 | K21: 416400 | W21: Postdoktor / Forsker | Z21: Postdocs
A22: 18 | B22: 0 | C22: 18 | D22: 0 | W22: Stipendiat | Z22: Students
A23: 19 | B23: 350800 | C23: 19 | D23: =MROUND((B23-400)/1950,0.1) -> 179.7 | G23: Fast lønn | I23: faktor | K23: 376000 | L23: 0.90297791 | M23: 0.90015148 | W23: Teknisk/adm. bistand | Z23: Other
A24: 20 | B24: 354300 | C24: 20 | D24: =MROUND((B24-400)/1950,0.1) -> 181.5 | G24: Feriepenge avsetning | H24: 0.12 | I24: 0.88 | J24: 0.12 | K24: 45120 | L24: 0.10835735 | M24: 0.10801818
A25: 21 | B25: 358300 | C25: 21 | D25: =MROUND((B25-400)/1950,0.1) -> 183.5 | G25: Pensjon | H25: 0.09 | I25: 0.86280851 | J25: 0.13719149 | K25: 37440 | L25: 0.089913545 | M25: 0.13244104
A26: 22 | B26: 361900 | C26: 22 | D26: =MROUND((B26-400)/1950,0.1) -> 185.4 | G26: AGA ( av Lønn/ Fp og Pensjon ) | H26: 0.141 | I26: 0.822736 | J26: 0.177264 | K26: 64656.96 | L26: 0.15527608 | M26: 0.16082611
A27: 23 | B27: 365800 | C27: 23 | D27: =MROUND((B27-400)/1950,0.1) -> 187.4 | G27: AGA (Lønn høyere enn 750 000) | H27: 0.141 | I27: Sum | J27: 0.43445549 | K27: 523216.96
A28: 24 | B28: 369800 | C28: 24 | D28: =MROUND((B28-400)/1950,0.1) -> 189.4
A29: 25 | B29: 374000 | C29: 25 | D29: =MROUND((B29-400)/1950,0.1) -> 191.6
A30: 26 | B30: 378300 | C30: 26 | D30: =MROUND((B30-400)/1950,0.1) -> 193.8 | H30: Antatt lønnsjustering: | I30: 2024 | J30: 0.049 | K30: 2025 | L30: 0.035 | M30: 2026 og frem | N30: 0.035 | O30: 2015-2018 | P30: 0
A31: 27 | B31: 382300 | C31: 27 | D31: =MROUND((B31-400)/1950,0.1) -> 195.8
A32: 28 | B32: 386300 | C32: 28 | D32: =MROUND((B32-400)/1950,0.1) -> 197.9 | I32: =J5 -> Periode 1 (1-18 month) | J32: =K5 -> Periode 2 (19-36 month) | K32: =L5 -> Periode 3 (37-54 month) | L32: =M5 -> Periode 4 (55-60 (72) month) | M32: =N5 -> #REF! | N32: =O5 -> #REF! | O32: =P5 -> #REF! | P32: =Q5 -> #REF! | ... R32: =S5 -> #REF!
A33: 29 | B33: 390100 | C33: 29 | D33: =MROUND((B33-400)/1950,0.1) -> 199.8 | G33: Lønnsjustering | I33: =(I34*(1+(Registrering!$E$29/2))) -> 1.0673575 | J33: =IF(Registrering!$C29="Ja",I33*$J34,I33) -> 1.1240475 | K33: =IF(Registrering!$C29="Ja",J33*$J34,J33) -> 1.1837485 | L33: =IF(Registrering!$C29="Ja",K33*$J34,K33) -> 1.2466203 | M33: =IF(Registrering!$C29="Ja",L33*$J34,L33) -> 1.3128315 | N33: =IF(Registrering!$C29="Ja",M33*$J34,M33) -> 1.3825592 | O33: =IF(Registrering!$C29="Ja",N33*$J34,N33) -> 1.4559904 | P33: =IF(Registrering!$C29="Ja",O33*$J34,O33) -> 1.5333217 | Q33: =IF(Registrering!$C29="Ja",P33*$J34,P33) -> 1.6147602 | R33: =IF(Registrering!$C29="Ja",Q33*$J34,Q33) -> 1.7005242
A34: 30 | B34: 394100 | C34: 30 | D34: =MROUND((B34-400)/1950,0.1) -> 201.9 | I34: =(Registrering!D29+1) -> 1.049 | J34: =(Registrering!E29+1)*(1+(Registrering!$E$29/2)) -> 1.0531125 | K34: =J34*J34 -> 1.1090459 | L34: =K34*J34 -> 1.1679501
A35: 31 | B35: 397700 | C35: 31 | D35: =MROUND((B35-400)/1950,0.1) -> 203.7 | I35: 1
A36: 32 | B36: 401900 | C36: 32 | D36: =MROUND((B36-400)/1950,0.1) -> 205.9
A37: 33 | B37: 405800 | C37: 33 | D37: =MROUND((B37-400)/1950,0.1) -> 207.9 | K37: =I33*J34 -> 1.1240475 | L37: =J33*J34 -> 1.1837485
A38: 34 | B38: 410000 | C38: 34 | D38: =MROUND((B38-400)/1950,0.1) -> 210.1 | N38: =1.035 -> 1.035
A39: 35 | B39: 414200 | C39: 35 | D39: =MROUND((B39-400)/1950,0.1) -> 212.2 | N39: =N38+(1*1.035) -> 2.07
A40: 36 | B40: 418500 | C40: 36 | D40: =MROUND((B40-400)/1950,0.1) -> 214.4
A41: 37 | B41: 423300 | C41: 37 | D41: =MROUND((B41-400)/1950,0.1) -> 216.9
A42: 38 | B42: 428100 | C42: 38 | D42: =MROUND((B42-400)/1950,0.1) -> 219.3 | G42: Egenandel | H42: Egenandel
A43: 39 | B43: 432800 | C43: 39 | D43: =MROUND((B43-400)/1950,0.1) -> 221.7 | G43: NFR | H43: EU
A44: 40 | B44: 437900 | C44: 40 | D44: =MROUND((B44-400)/1950,0.1) -> 224.4 | G44: Private
A45: 41 | B45: 443000 | C45: 41 | D45: =MROUND((B45-400)/1950,0.1) -> 227 | G45: Internasjonale
A46: 42 | B46: 448900 | C46: 42 | D46: =MROUND((B46-400)/1950,0.1) -> 230 | G46: Offentlige
A47: 43 | B47: 454500 | C47: 43 | D47: =MROUND((B47-400)/1950,0.1) -> 232.9 | G47: EU
A48: 44 | B48: 460600 | C48: 44 | D48: =MROUND((B48-400)/1950,0.1) -> 236
A49: 45 | B49: 466600 | C49: 45 | D49: =MROUND((B49-400)/1950,0.1) -> 239.1
A50: 46 | B50: 472900 | C50: 46 | D50: =MROUND((B50-400)/1950,0.1) -> 242.3
A51: 47 | B51: 480900 | C51: 47 | D51: =MROUND((B51-400)/1950,0.1) -> 246.4
A52: 48 | B52: 487800 | C52: 48 | D52: =MROUND((B52-400)/1950,0.1) -> 249.9
A53: 49 | B53: 495200 | C53: 49 | D53: =MROUND((B53-400)/1950,0.1) -> 253.7
A54: 50 | B54: 502300 | C54: 50 | D54: =MROUND((B54-400)/1950,0.1) -> 257.4
A55: 51 | B55: 509300 | C55: 51 | D55: =MROUND((B55-400)/1950,0.1) -> 261
A56: 52 | B56: 516800 | C56: 52 | D56: =MROUND((B56-400)/1950,0.1) -> 264.8
A57: 53 | B57: 524700 | C57: 53 | D57: =MROUND((B57-400)/1950,0.1) -> 268.9
A58: 54 | B58: 532200 | C58: 54 | D58: =MROUND((B58-400)/1950,0.1) -> 272.7
A59: 55 | B59: 540500 | C59: 55 | D59: =MROUND((B59-400)/1950,0.1) -> 277
... A105: 101 | B105: 1380100 | C105: 101 | D105: =MROUND((B105-400)/1950,0.1) -> 707.5
A106: 102 | B106: 0

Sheet Sheet3

Sheet Sheet2

Sheet Sheet1
R48: LTB_UiO

Sheet Endringslogg
A2: Oversikt over endringer som er foretatt i budsjetteringsmalen (gjeldende fra 20/10/2014):
A4: Dato | B4: Beskrivelse av endring | C4: Utført av
A5: 42297 | B5: Kommentarfeltene under drift på budsjettarkfanen er Wrap'et slik at lengre tekst legges seg på flere linjer. | C5: Terje
A6: 42048 | B6: lønnsvektst for 2015 oppdatert med 3% | C6: Terje
A7: 42053 | B7: Endret prosjektnummerserie til 651000 til 651998 | C7: Terje
A8: 42053 | B8: lønnsmultiplikatoren er oppdatert med lønnsvekst 2015, samt pensjonssatser. | C8: terje
A9: 42111 | B9: Malen er oppdatert med nye TDI-satser som et glidende gjennomsnitt av regnskapstall for hhv 2012, 2013 og 2014. | C9: Terje
A10: 42143 | B10: Malen er oppdatert med nye lønnstabeller for 2015 og derfor null i lønnsvekst for 2015. | C10: terje
A11: 42164 | B11: Arkfanen "intern oversikt" er tilrettelagt slik at det "reelle nettobidraget" fremkommer - se budsjettarkfanen celle F67-69 | C11: terje
A12: 42410 | B12: Endret på tilknytning til lønnsmultiplikatoren slik at søknadsmalen er i overensstemmelse med Buddy - små utslag! | C12: terje
A13: 42531 | B13: Malen er oppdatert nye TDI-satser for 2016 som et vektet snitt av årene 2013-2015. | C13: terje
A14: 42543 | B14: Lagt inn lønnstabell gjeldende fra mai 2016. Pga 2 ulike tariffavtaler i årets oppgjør er det den som gjelder Lo-stat, Unio og YS- stat som er lagt inn. | C14: terje
A15: 42555 | B15: Lønnmultiplikatoren er oppdatert med ny lønnstabell (se punkt over), samt endret pensjonssats. | C15: terje
A16: 42618 | B16: Arkfanene er tilpasset slik at innholdet kommer på 1 utskriftsside. | C16: terje
... A24: 44868 | B24: Valutakurs oppdatert og ny metode for beregning av lønnskostnader er implementert slik at det blir mer likt BOAPRO | C24: Ole Magnus
